Workbook

Sheet LEGENDA
A1: CONCEITOS DA MATRIZ DE MONITORIA
A6: Planejamento das ações Devem ser inseridos os dados da Matriz de Planejameno do PAN, informando o objetivo específico, a ação, o produto, os resultados esperados, o período (data de início e data de término), o articulador, o custo estimado, os colaboradores, a localização (localidades e área de relevância) e as observações da ação.
A7: Ação | B7: Representa o que deve ser feito para alcançar o Objetivo Específico, buscando reverter as ameaças a ele associadas. As ações devem ser específicas, mensuráveis, relevantes, exequíveis e ter efeito dentro do tempo determinado para o ciclo de gestão do PAN, e estar situadas dentro da esfera de atribuições e competências dos participantes da Oficina de Planejamento.
A8: Produto | B8: Aquilo que é obtido pela realização da ação. Deve ser mensurável, tangível, comprovar a execução da ação e estar situado dentro da esfera de atribuições e competências dos participantes da Oficina de Planejamento.
A9: Resultados esperados | B9: Indica qual resultado pretende-se alcançar com a execução da ação. Diferente do produto, este item pode estar fora da esfera de atribuições e competências dos participantes da oficina e não é de preenchimento obrigatório.
A10: Período | B10: Datas de início e término da implementação da ação, sendo que o término deve estar dentro do tempo determinado para o ciclo de gestão do PAN.
A11: Articulador | B11: Pessoa responsável por articular a implementação da ação e apresentar o produto obtido. No entanto, ele não é o único responsável pela execução da ação.
A12: Colaboradores | B12: Pessoas ou instituições corresponsáveis pela execução da ação, que auxiliam nas diferentes etapas de sua implementação.
A13: Custo estimado (R$) | B13: É um campo numérico com a estimativa dos recursos financeiros necessários para a implementação da ação.
A14: Localização (Localidade) | B14: Localização geográfica onde será executada a ação durante o ciclo de gestão vigente. Geralmente, a localidade possui menor escala e está relacionada com a área de atuação do articulador e colaboradores da ação, sendo a unidade geográfica mínima o município ou a bacia/tributário onde a ação será realizada.
A15: Localização (Área de Relevância) | B15: Localização geográfica de todas as áreas importantes para a execução da ação, independente da área de atuação do articulador e colaboradores. Assim, a Área de Relevância é aquela onde a execução da ação é necessária, ainda que não seja viável no atual ciclo de gestão.
A16: Observações | B16: Informações relevantes para a execução da ação.
A17: Linha Temática | B17: É um campo para a classificação temática da ação, a partir de uma lista suspensa pré-definida. (Definição de cada linha temática abaixo)
A18: Situação atual das ações Sinaliza a situação da ação no período relativo à monitoria informando se a ação está em andamento, concluída no prazo previsto ou com problemas de realização. Descreve o andamento da ação, o produto obtido (parcial ou final), os problemas enfrentados e a(s) pessoa(s) responsável(is) pela informação sobre o andamento da ação.
A19: Ação cujo início planejado é posterior ao período monitorado | B19: São ações que estão planejadas para iniciar em uma data futura à da monitoria, e que portanto não precisam ser analisadas detalhadamente. Elas são indicadas para permitir a visualização da situação do PAN como um todo.
A20: Ação não iniciada ou não concluída | B20: Gerencialmente, significa um alerta para compreender a razão do atraso e estabelecer medidas que favoreçam a boa execução do PAN. Tanto a situação da ação cujo prazo de conclusão expirou sem que tenha sido finalizada, quanto à ação que não foi iniciada na data planejada, devem ser tratadas com atenção, indicando a necessidade de uma reformulação ou reprogramação.
A21: Ação em andamento com problemas de realização | B21: É a ação que foi iniciada e cujo prazo de conclusão ainda não expirou, mas que, de acordo com o andamento de sua execução, provavelmente não será possível concluir no prazo estipulado. Em termos de cronograma, o GAT deve compreender os problemas e propor uma reprogramação de período, maior engajamento do articulador e colaboradores, ou outras soluções que possam melhorar a execução da ação.
A22: Ação em andamento no período previsto | B22: Ação iniciada cujo prazo de conclusão ainda não expirou e, considerando o grau de execução, provavelmente será finalizada dentro do prazo estipulado. Este tipo de ação não necessita de reprogramação significativa.
A23: Ação concluída | B23: Ação finalizada, com os produtos entregues. Mostra o quanto do PAN já está concluído. Neste caso, não importará, no gráfico, se a ação atrasou ou não para ser concluída, lembrando que a memória da execução nos anos anteriores
A24: Ação excluída ou agrupada | B24: Ações que foram excluídas do PAN ou agrupadas em outras ações cujo escopo é semelhante ou mais abrangente. As ações que se enquadram nesta categoria devem indicar, na aba da matriz de monitoria, a situação que se encontravam no momento da monitoria com as cores anteriormente citadas, além de serem marcadas no campo de agrupada ou excluída. No campo de observação da reprogramação deve ser informado o motivo da exclusão/agrupamento e em qual ação ela foi agrupada (no caso de agrupamento).
A25: Ação iniciada e não concluída no período previsto | B25: Essa categoria foi criada para diferenciar, na última monitoria, as ações não iniciadas (vermelhas) das iniciadas mas não concluídas (roxas). É utilizada para ações que foram iniciadas e tiveram bom andamento durante o PAN, com a entrega de produtos intermediários, mas que não foram totalmente concluídas (o produto final não foi obtido).
A26: Novas ações | B26: Ação que foi inserida no plano de ação no momento da monitoria. Essa ação deve ser analisada e validada com o GAT e ter todas as informações previtas na matriz de planejamento (produto, resultado esperado, período, articulador, custo estimado, colaboradores, localização, área de abrangência, observações)
A27: Descrição do andamento da ação | B27: Colocar as informações de andamento da ação, como foi feito, destaques da implementação, informações relevantes do andamento da ação. Observação: lembre-se que esse campo é importante para a análise das ações e servirá como um histórico de andamento da ação
A28: Produto obtido | B28: Citar os produtos que foram obtidos durante a execução da ação. Se o produto não for o planejado, justificar a integração ou ajustar o produto no campo de reprogramação. Observação: aqui não é para descrever o produto, somente citá-lo. Os produtos devem ser inseridos no SEI.
A29: Problemas enfrentados que justificam a não execução, a execução parcial da ação, a exclusão ou o agrupamento | B29: Registrar quais foram os problemas enfrentados para execução da ação. Caso já tenha alguma sugestão para soluciona-lo, colocar no campo Recomendações ou Observações.
A30: Responsável pela informação sobre o andamento da ação | B30: Inserir quem registrou as informações de descrição, produto, problemas e recomendações.
A31: Recomendações ou Observações | B31: Informações ou sugestões relevantes para a execução da ação.
A32: Reprogramação das ações Indica as reprogramações das ações relativas à revisão de: texto da ação, produto, resultado esperado, período (data de início e data de término), articulador, estimativa de custo, colaboradores, localização (localidades e área de relevância) e recomendações gerais/observações.
A33: Revisão do texto da ação | B33: Ajuste das informações referente ao texto da ação
A34: Revisão do produto da ação | B34: Ajuste das informações referente ao produto da ação
A35: Revisão do resultado esperado | B35: Ajuste das informações referente ao resultado esperado
A36: Revisão da data de início | B36: Ajuste referente a data de início da ação
A37: Revisão da data de término | B37: Ajuste referente a data final da ação
A38: Revisão do articulador da ação | B38: Ajuste referente ao articulador da ação
A39: Revisão do custo estimado | B39: Ajuste referente ao custo estimado da ação
A40: Revisão dos colaboradores | B40: Ajustes referente aos colaboradores da ação
A41: Revisão das localidades | B41: Ajuste referente a localidade da ação
A42: Revisão Área de Relevância | B42: Ajuste referente a área de abrangência da ação
A43: Revisão das Observações | B43: Ajuste referente às observações da ação
A44: Revisão da Linha Temática | B44: Ajuste referente à classificação temática da ação
A45: LINHAS TEMÁTICAS
A46: Capacitação e EA | B46: Capacitação: Processo de aprendizagem, que visa contribuir para o desenvolvimento de competências. (Adaptado do PNDP, 2006); Educação ambiental: práticas voltadas à sensibilização da coletividade sobre as questões ambientais, formação de multiplicadores e engajamento em prol do meio ambiente (PNEA - Lei nº 9795/1999)
A47: Comunicação e Divulgação | B47: Ações voltadas para difundir, promover ou publicar assuntos relacionados ao PAN, tornando-os acessíveis para o público em geral.
A48: Espécies Exóticas Invasoras | B48: Atividades que envolvem prevenção, detecção, controle ou erradicação de espécie exótica cuja introdução ou dispersão ameaça a diversidade biológica. Como espécie exótica entende-se espécie, subespécie ou táxon de hierarquia inferior ocorrendo fora de sua área de distribuição natural, incluindo qualquer parte do indivíduo que possa sobreviver e reproduzir-se, como gametas, sementes, ovos ou propágulos (IN ICMBio Nº 6/2019).
A49: Financiamento | B49: Identificação de fontes de captação de recursos financeiros para execução das ações.
A50: Fiscalização | B50: Controle e vigilância destinados a impedir estabelecimento ou continuidade de atividades consideradas lesivas ao meio ambiente ou em desconformidade com que foi autorizado. (IAP – Instituto Ambiental do Paraná).
A51: Gestão da Informação | B51: Geração, organização, disponibilização e análise de dados sobre biodiversidade.
A52: Licenciamento | B52: Proposição de medidas facilitadoras, mitigadoras ou compensatórias relacionadas ao processo de licenciamento ambiental.
A53: Manejo de Habitat | B53: Atividades relacionadas à recuperação, manutenção, restauração ou conectividade de ambientes naturais.
A54: Manejo ex situ | B54: Intervenção sobre espécimes da fauna em ambiente controlado sob interferência e cuidado humano com a finalidade de manter e/ou reproduzir tais espécimes em cativeiro (IN ICMBio Nº 5/2021).
A55: Manejo in situ | B55: Intervenção sobre espécimes da fauna em seu habitat natural visando à manutenção e recuperação de populações viáveis (IN ICMBio Nº 5/2021).
A56: Normativas | B56: Proposição de elaboração, revisão ou alteração de diretrizes, regras ou normas e articulação com outros órgãos nas diferentes esferas para sua efetiva incorporação e implementação em seus instrumentos legais.
A57: Ordenamento e gestão territorial | B57: Estratégias que orientem a priorização das ações necessárias para uma gestão adequada do território (ordenamento territorial, áreas prioritárias, zoneamento urbano)
... A60: Uso Sustentável | B60: Utilização racional de componentes da biodiversidade, mantendo seu potencial para atender às necessidades das gerações presentes e futuras (Adaptado da CDB - Decreto Legislativo nº 2, de 1994) - Mitigação e melhoria em equipamentos e estrutura.

Sheet Monitoria Anual - 1
A1: PLANO DE AÇÃO NACIONAL DE CONSERVAÇÃO DE ESPÉCIES AMEAÇADAS DE EXTINÇÃO - PAN
A2: "Plano de Ação Nacional para a Conservação dos Peixes Rivulídeos Ameaçados de Extinção - PAN Rivulídeos"
A4: Objetivo geral do PAN | B4: Consolidar e ampliar estratégias de conservação dos peixes rivulídeos ameaçados de extinção e dos seus ambientes, em cinco anos
A6: Data da monitoria | B6: 26/09/2023 - 28/09/2023 (presencial) | AQ6: Agrupada
AQ7: Excluída
A8: PLANEJAMENTO DO PAN | O8: SITUAÇÃO ATUAL | Z8: REPROGRAMAÇÃO DO PAN
A9: OBJETIVOS ESPECÍFICOS | B9: Nº | C9: Ação | D9: Produto | E9: Resultados esperados | F9: Período | H9: Articulador | I9: Custo estimado (R$) | J9: Colaboradores | K9: Localização | M9: Observações | N9: Linha Temática | O9: Ação cujo início planejado é posterior ao período monitorado | P9: Ação não iniciada ou não concluída | Q9: Ação em andamento com problemas de realização | R9: Ação em andamento no período previsto | S9: Ação concluída | T9: Ação excluída ou agrupada | U9: Descrição do andamento da ação | V9: Produto obtido | W9: Problemas enfrentados que justificam a não execução, a execução parcial da ação, a exclusão ou o agrupamento | X9: Responsável pela informação sobre o andamento da ação | Y9: Recomendações ou Observações | Z9: Revisão do texto da ação | AA9: Revisão do produto da ação | AB9: Revisão do resultado esperado | AC9: Revisão da data de início | AD9: Revisão da data de término | AE9: Revisão do articulador da ação | AF9: Revisão do custo estimado | AG9: Revisão dos colaboradores | AH9: Revisão das localidades | AI9: Revisão Área de Relevância | AJ9: Revisão das observações | AK9: Revisão da Linha Temática
F10: Início | G10: Fim | K10: Localidades | L10: Área de Relevância
A11: 1- AMPLIAÇÃO E DIVULGAÇÃO DO CONHECIMENTO, DE FORMA TRANSVERSAL, SOBRE PEIXES RIVULÍDEOS E SEUS AMBIENTES PARA TODA A SOCIEDADE | B11: 1.1 | C11: Criar e manter um núcleo de comunicação social do PAN para divulgação dos peixes rivulídeos e seus ambientes. | D11: Núcleo criado com diretrizes definidas. Perfil institucional criado em redes sociais e outros veículos de comunicação. Plano de comunicação elaborado. | E11: Criação de um plano básico de comunicação social; compilação e distribuição de conteúdo gerado pelo PAN e seus parceiros; divulgação de ações, eventos e políticas públicas ligadas a conservação das espécies de rivulídeos; padronização e monitoramento do alcance das ações do PAN nas redes sociais; e promover a interatividade entre a pesquisa e comunidade. | F11: 44774 | G11: 46569 | H11: Gustavo Arruda (Rastro - Ecologia Criativa) | I11: R$ 240.000,00 | J11: Anna Carolina Lins (WWF-Brasil), Paulo Gama (SEMAC-RJ), Matheus Volcan (Instituto Pró-Pampa), João Marins (INEA-RJ) , Werther Ramalho (Instituto Boitatá), Francisco Severo Neto (UFMS), Larissa França (SEMA-AM), Gustavo Fonseca (Rastro - Ecologia Criativa), Alany Gonçalves (INPA), Marco Aurélio Azevedo (SEMA-RS), Fábio Origuela de Lira (Meandros), Humberto de Mello (FPMZB), Telton Ramos (UEPB), Luciano Montag (UFPA), Domingos Garrone Neto (UNESP), Simone Mannheimer (MPRJ), Márcio Joaquim da Silva (UFPA), Mozart Lauxen (IBAMA), Francisco de Assis Néo (ICMBIO/CEPTA), Mariana Gutiérrez de Menezes (WWF-Brasil) | K11: Nacional | M11: (1) As informações serão fornecidas pelos parceiros do PAN, sendo necessário definir o fluxo de informações. (2) Avaliar no Plano de Comunicação uma estratégia para a divulgação de conteúdos de forma que possam engajar redes e público alvo. (3) Devido a ampla gama de parceiros que proporcionarão conteúdo, sugere-se aproveitar o máximo possível os canais de comunicação correspondentes e avaliar a criação de um perfil no Instagram ao invés de usar todas as redes sociais. (4) Estimou-se um custo de R$ 2.000,00/mês por 10 anos. | N11: Comunicação e Divulgação | R11: x | U11: A ação está acontecendo de forma natural. Vídeos, cartilhas, material de divulgação, músicas foram produzidos. Falta organizar melhor todo o material. Existe um núcleo de comunicação informal, falta formalizar. Fazer Plano de Comunicação de forma mais simplificada (5 páginas no máximo). Convidar mais pessoas. Sara vai passar o Plano de Comunicação do PAT Chapada Diamantina-Serra da Jiboia e PAT Campanha Sul e Serra do Sudeste como exemplos (aprovado no Pró-Espécies), com identidade visual, logo, etc. | X11: Gustavo Arruda (Rastro Ecologia Criativa) | Y11: Criar tabela no Google Docs, para o pessoal ir preenchendo conforme as atividades forem sendo realizadas. Entregar Plano de Comunicação em março de 2024. | AA11: Núcleo criado com diretrizes definidas. Plano de comunicação elaborado. | AG11: Retirar Francisco de Assis Néo (ICMBIO/CEPTA); Incluir Carlos Luz (Universidade Cidade de São Paulo); Alterar Insituição Telton Ramos (UFPB/Instituto Peixes da Caatinga) e João Marins (NGI ICMBio Trombetas)
B12: 1.2 | C12: Divulgar o PAN nos órgãos públicos de meio ambiente, órgãos licenciadores, MPF, MP Estaduais e conselhos ambientais com o objetivo de criar parcerias e sensibilizar para a importância dos peixes rivulídeos ameaçados e seus ambientes. | D12: Documentos oficiais (Oficios, Atas de reuniões, Relatórios) | E12: Instituições públicas cientificadas do PAN RIvulídeos | F12: 44774 | G12: 46569 | H12: Izabel Boock (ICMBio/CEPTA) | I12: 105000 | J12: Paulo Gama (SMAC-RJ), Werther Ramalho (Instituto Boitatá), Anna Carolina Lins (WWF/Brasil), Claudia Leite (SEAS-RJ), Alany Gonçalves (INPA), Marco Aurélio Azevedo (SEMA-RS), João Marins (INEA-RJ), Francisco de Assis Neo (ICMBio/CEPTA), Rogério Garcia Machado (ICMBio/CEPTA), Simone Mannheimer (MPRJ) | K12: Nacional | M12: (1) Reunião com servidores públicos nas áreas de ocorrência dos peixes rivulídeos ameaçados. (2) Verificar como funcionam os órgãos de justiça e segurança pública. (3) Enviar o Sumário Executivo. (4) O custo estimado envolve viagens (passagem e diárias) e impressão do Sumário. | N12: Comunicação e Divulgação | R12: x | U12: A ação está em andamento. Rastro realizou palestra sobre o PAN Rivulídeos para representantes de prefeituras, e diferentes governos do estado do Brasil. Em 2021 - Palestra sobre o PAN para o CONSELHO MUNICIPAL DE PROTEÇÃO AMBIENTAL DE PELOTAS, durante Reunião Ordinária do Conselho, em 03/05/2021;Atlas com registros por municipio finalizado, feito pela analista Sheila Rancura. Em agosto de 2024, reunião com o IMA/AL e a equipe CEPTA e apresentação sobre o PAN Rivulídeos e PAN São Francisco; integração com PAT Campanha Sul e Serra do Sudeste. Houve contato do ICMBio com APA CIP (Cananeia/Iguape/Peruíbe). | V12: 2021 - Palestra sobre o PAN para o CONSELHO MUNICIPAL DE PROTEÇÃO AMBIENTAL DE PELOTAS, durante Reunião Ordinária do Conselho, em 03/05/2021; Atlas com registros por municipio finalizado;reunião com o Instituto de Meio Ambiente de Alagoas - IMA/AL e a equipe CEPTA e apresentação do PAN Rivulídeos e PAN São Francisco (registro da reunião no relatório técnico), Palestra realizada em 10/02/2023, pela Rastro e coordenadora do PAN sobre Educomunicação “Diálogos: Educação Ambiental e a Comunicação Social no contexto da gestão ambiental e da conservação da biodiversidade” | W12: Aguardando a finalização do protocolo com as diretrizes básicas para o licenciamento ambiental, e sumário executivo do PAN. | X12: Izabel Boock (ICMBio/CEPTA); GAT PAN Rivulídeos | AG12: Retirar Francisco de Assis Neo (ICMBio/CEPTA) | AJ12: (1) Reunião com servidores públicos nas áreas de ocorrência dos peixes rivulídeos ameaçados. (2) Verificar como funcionam os órgãos de justiça e segurança pública. (3) Enviar o Sumário Executivo. (4) O custo estimado envolve viagens (passagem e diárias) e impressão do Sumário. (5) Incluir ABEMA e ANAMA.
B13: 1.3 | C13: Promover estudos voltados para taxonomia, genética, biologia, ecologia e limites de distribuição geográfica para conservação dos peixes rivulídeos ameaçados de extinção. | D13: Artigos, teses, dissertações | E13: Ampliação do conhecimento sobre as espécies e proposta de medidas para sua conservação | F13: 44774 | G13: 46569 | H13: Matheus Volcan (Instituto Pró-Pampa) | I13: 500000 | J13: Luis Estaban Lanés (Instituto Pró-Pampa), Werther Ramalho (Instituto Boitatá), Gustavo Fonseca (Rastro - Ecologia Criativa), Francisco Severo Neto (UFMS), Alany Gonçalves (INPA), Domingos Garrone Neto (UNESP), Luciano Montag (UFPA), Márcio Joaquim da Silva (UFPA), Telton Ramos (UEPB), Gabriel Cotrim (UniFG), Luisa Maria Sarmento Soares (Nossos Riachos) | K13: Áreas de ocorrência de peixes rivulídeos ameaçados extinção | L13: Amazônia, Cerrado/Pantanal | M13: Muitas áreas subamostradas, problemas taxonômicos, necessidade de realizar um levantamento das informações existentes. | N13: Pesquisa | R13: x | U13: Ação em andamento. Em 2022 - Expedição em Itaúnas/ES (espécie-alvo Xenurolebias myersi) - Luisa Sarmento, Ronaldo Pinheiro, Rodrigo Damasio; 2022 - Contratação de empresa de consultoria para excução da ação no RS; 2023 - 5 expedições realizadas (norte MG, Ceará, Oeste de MG, Pernambuco/Bahia, Planície Bragantina e Xingu/PA e MA); 6 PIBIC no CEPTA: 2020 - Ecologia reprodutiva do peixe anual Hypsolebias auratus (Cyprinidontiformes:Rivulidae) - Davi Hinncands de Oliveira (orient. Carla Natacha Marcolino Polaz); Otimização do uso do SISBio para sistematização de informações sobre as espécies de peixes rivulídeos ameaçadas de extinção - Gabrielli Furlan (orient. Luciana Carvalho Crema); Uso de geotecnologias para análise do uso e ocupação do solo em áreas úmidas com ocorrência de peixes rivulídeos ameaçados de extinção no Cerrado - Monique Priscila Bezerra (orient. Wellington Adriano Moreira Peres); 2021 - Avaliação do Banco de Ovos do Peixe-Anual Hypsolebias Auratus (Cyprinodontiformes: Rivulidae), uma Espécie Criticamente Ameaçada de Extinção - Talita Andrade Regiani Carleti (orient. Carla Polaz e Izabel Boock; Comunidade zooplanctônica de poças temporárias típicas de peixes-anuais ameaçados de extinção da mata atlântica, litoral sul de São Paulo - Nathália Cristina Soares (orient. Wellington Adriano Moreira Peres e Luciana Hitomi Hayashi Martins); 2022 - Caracterização do hábitat e área de distribuição do peixe rivulídeo Melanorivulus leali Costa, 2013 (Cyprinodontiformes: Rivulidae), uma espécie DD - Júlia Isabela da Silva Kohler (Orient. Luciana Carvalho Crema e Izabel Boock); Telton realizou expedição "Nuvens do Sertão" em abril de 2023, na bacia do rio São Francisco, trechos submédio e baixo, tendo como espécie-alvo a Hypsolebias flavicaudatus. Márcio realizou expedição em 2022, com financiamento da FAPESPA, sobre revisão do status de conservação de peixes rivulídeos amazônicos. Há outras coletas prevista para 2024, na mesma área coletada em 2022 (Márcio). Domingos realizou 14 expedições entre 2019 e 2022, com financiamento da FAPESP (Iniciação Científica) e Fundação OBoticário (apoio financeiro), sobre revisão do status de conservação de peixes rivulídeos do Vale do Ribeira e Litoral Sul de São Paulo. Inclusão dos rivulídeos do PELD Paisagens Fragmentadas do Sudoeste Goiano (Werther), financiado pela FAPEG. Livro publicado "Expansão urbana no Rio de Janeiro e o peixe das nuvens" do Fabio Origuela (Egler, C.; Nielsen, D.; Lira, F. O.; Gusmão, P. 2019, 1a Ediçao, 104 p., Editora Andrea Jakobsson) - versão impressa. Rita Barreto (ICMBio/CEPTA) está a frente, como representante do CEPTA, de projeto envolvendo identificação genômica dos peixes-anuais (Acordo de Cooperação entre ICMBio e ITV- Instituto Tecnologico Vale). | V13: Relatórios Técnicos das expedições financiadas pelo GEF Pró-Espécies, banco de fotos e vídeos das localidades visitadas) | X13: GAT PAN Rivulídeos | AA13: Artigos, teses, dissertações, relatórios técnicos, resumos em anais de congressos. | AG13: Incluir Carlos Luz (Universidade Cidade de São Paulo); Silvana Rodrigues (IF Goiano campus Rio Verde); Alterar instituição Telton Ramos (UFPB/Instituto Peixes da Caatinga)
B14: 1.4 | C14: Construir e executar estratégia de comunicação para conservação dos peixes rivulídeos ameaçados de extinção voltado para produtores rurais. | D14: Material didático sobre metodologia de escavação para construção de açudes com manejo de peixes rivulídeos ameaçados de extinção, vídeos educativos, cartilhas para diferentes públicos (grandes e pequenos produtores). Projeto de financiamento coletivo. | E14: Coscientização do público diretamente relacionado | F14: 44774 | G14: 46569 | H14: Gustavo Fonseca (Rastro - Ecologia Criativa) | I14: 200000 | J14: Gabriel Cotrim (UNIFG), Tiago Aquino (SEMAD-GO), Luis Estaban Lanés (Instituto Pró-Pampa), Rogério Garcia (ICMBio/CEPTA), Luciano Montag (UFPA), Márcio Joaquim da Silva (UFPA), Werther Ramalho (Instituto Boitatá), Anna Carolina Lins (WWF-Brasil), João Marins (INEA-RJ), Shayene Marzarotto (MAPA), Francisco Severo Neto (UFMS), Luisa Maria Sarmento Soares (Nossos Riachos) | K14: Caatinga (Guanambi), Pampas, Cerrado (Goiás), Tocantins, Mata Atlântica (RJ, RS e SC), Pará | L14: Amazônia | N14: Capacitação e EA | R14: x | U14: Primeiro piloto desenvolvido entre Rastro e Pampiana, no âmbito do contrato com o ICMBio/CEPTA (vídeos, cards, cartazes infográficos) e ações do Programa de Educação Ambiental do DNIT com produtores, condicionante do IBAMA para mitigação ambiental da duplicação da BR 116/RS trecho Pelotas-Guaíba. Em todas as expedições têm sido realizados diálogos com os produtores, informalmente. Produtos entregues pela Pampiana da ação 1.7, já constam na página do PAN no site do ICMBio. | V14: 2 Infográficos com ameaças aos peixes rivulídeos; 1 infográfico com o ciclo de vida dos peixes-anuais; 7 cards com informações sobre espécies ameaçadas do pampa; 1 cartaz sobre os peixes-anuais do pampa; 1 música sobre os peixes-anuais | X14: Gustavo Arruda (Rastro Ecologia Criativa) | Y14: Reforçar essa ação no Plano de Comunicação | AA14: Material didático sobre boas práticas de manejo para evitar e mitigar os possíveis impactos sobre os habitats de peixes rivulídeos ameaçados de extinção; vídeos educativos; cartilhas para diferentes públicos (grandes e pequenos produtores). | AG14: Retirar Shayene Marzarotto (MAPA); Alterar instituição João Marins (NGI ICMBio Trombetas)
B15: 1.5 | C15: Capacitar multiplicadores através de EAD, cursos presenciais e desenvolver material didático com foco nos peixes rivulídeos ameaçados e seus ambientes. | D15: Cursos realizados, planos de aula e materiais didáticos desenvolvidos. Oficinas realizadas, informações fornecidas (oficios) periodicamente aos agentes ambientais licenciadores das OEMAS quanto a ocorrência dos rivulídeos. Plataforma on line atualizada periodicamente. Plano de Redução de Impactos aos rivulídeos apresentado | E15: Curso dentro da plataforma EAD; Ciência do maior número de instituiçoes públicas sobre a problemática dos rivulídeos, possibilitando assim uma maior proteção dos seus ambientes. | F15: 44774 | G15: 46569 | H15: Rogerio Garcia (ICMBio/CEPTA) | I15: 500000 | J15: Fábio Origuela (Meandros), Paulo Gama (SMAC-RJ), Gustavo Arruda (Rastro - Ecologia Criativa), Helder Espirito Santo (UFPA), Telton Ramos (UEPB), Luciano Montag (UFPA), Márcio Joaquim da Silva (UFPA), Rogério Garcia (ICMBIO/CEPTA), Adriana Castilho (CESTESB), Werther Ramalho (Instituto Boitatá), Leonardo Urruth (UFRJ), Edgar Pereira (IBAMA/Sede), Daniel Raices (ICMBIO/COESP), Luisa Maria Sarmento Soares (Nossos Riachos) | K15: RS, RJ, MG, BA, PA (prioritários). Outros: CE, BSB, GO, MT. RS, RJ, MG, BA (PRIORITÁRIOS). Outros: CE, PA, BSB, GO, MT | M15: (1) Capacitar agentes ambientais licenciadores das OEMAS quanto a ocorrência dos rivulídeos. (2) Considerar o Pará como prioritário em virtude da expansão mineral. (3) Curso EAD (sugestão: AVA ICMBio). (4) Considerar as informações do manual que vai ser elaborado no objetivo 3. (5) Apresentar um Plano de Redução de Impacto para órgãos licenciadores federais, estaduais e municipais (sugestão: O Plano deve apresentar as diversas tipologias de empreendimentos que afetem rivulídeos e formas de mitigar os impactos). | N15: Capacitação e EA | Q15: x | U15: Foi feita uma consulta a ACADEBIO se poderiam dar suporte técnico. Troca de chefia prejudicou o andamento da ação. Plataforma SALVE foi divulgada online, mas ainda não está totalmente finalizada. Produto a ser entregue: Divulgação da Plataforma SALVE para membros do GAT e secretarias de meio ambiente estaduais e municípios-alvo. | W15: Devido ao atraso na publicação do 2o Ciclo do PAN, por mudanças ocorridas na ACADEBIO na gestão anterior e pelo fato de que nem todas as fichas dos rivulídeos ameaçados foram disponibilizadas na Plataforma Salve para divulgação. | X15: Rogério Garcia (ICMBio/CEPTA) | Y15: Atualizar o formato da ação na reunião de monitoria. Propor curso para gestores saberem manejar o SALVE. Gravação de conteudo com aulas (ICMBio/CEPTA) e disponibilização para secretarias estaduais/ municípios-alvo. Utilizar e organizar conteúdo já elaborado pelo GAT sobre a temática. Protocolo/Guia sobre rivulídeos pode ser uma alternativa, associando com apresentação e entrega qualificada (Sara) às OEMAs. Cursos online são oferecidos de maneira esporádica, sendo uma limitação, opção é realizar curso de fluxo contínuo, sem tutoria (AVA ICMBio ou ENAP), para progressão de carreira. Organizar caravanas nos municípios-alvo, divulgando o Atlas, presencialmente, de maneira bianual, lançamento regional (Denise). Realizar eventos online para cada município, com gravação do conteudo no YouTube para ser acessível. Sugestão de data: Semana do Meio Ambiente (Domingos). Exemplo: curso PAT Chapada Diamantina-Serra da Jiboia, duas aulas por semana, durante 4 semanas. | Z15: Capacitar multiplicadores com foco nos peixes rivulídeos ameaçados e seus ambientes. | AA15: Cursos e oficinas realizados. Plataforma on-line atualizada periodicamente (AVA ICMBio, Youtube). | AG15: Alterar instituição Telton Ramos (UFPB/Instituto Peixes da Caatinga) | AJ15: Incluir o combate à captura ilegal e o tráfico de ovos de peixes rivulídeos.
B16: 1.6 | C16: Identificar e propor mecanismos de financiamento para ações do PAN. | D16: Projetos submetidos a agentes financiadores | E16: Ações do PAN financiadas | F16: 44774 | G16: 46569 | H16: Izabel Boock (ICMBio/CEPTA) | I16: 0 | J16: Anna Carolina Lins (WWF-Brasil), Gustavo Arruda (Rastro - Ecologia Criativa), Márcio Joaquim da Silva (UFPA), Werther Ramalho (Instituto Boitatá), Francisco Severo Neto (UFMS), Matheus Volcan (Instituto Pró-Pampa), Denise Rambaldi (SMMADS-RJ) , Gustavo Fonseca (Rastro - Ecologia Criativa) | M16: (1) O MMA elaborou uma cartilha “fontes de financiamento para educação ambiental”. (2) Buscar recursos para execução de ações do PAN: projeto/financiamento coletivo (consultar os resultados da consultoria para tratar da sustentabilidade financeira dos PANs - Pro-espécies). | N16: Financiamento | R16: x | U16: Os projetos desenvolvidos em 2021 a 2023 foram financiados pelo Pró-Espécie. Márcio aprovou projeto FAPESPA intitulado "Revisão do status de conservação de peixes da família Rivulidae da Amazônia Brasileira", onde são previstas as expedições de campo Ecorregiões EADC e Xingu; Domingos também aprovou projeto Conservação de duas espécies de peixes anuais criticamente ameaçadas de extinção no Vale do Ribeira, estado de São Paulo, financiado pela Fundação OBoticário; Pampiana submeteu projeto Peixes anuais na área do PAT Campanha Sul e Serra do Sudeste (Fundo de Reposição Florestal); Instituto Boitatá/IF Rio Verde adequou projeto na FAPEG para amostragem de rivulídeos no sudoeste do estado do Goiás. Denise aprovou projeto na Câmara de Compensação Ambiental do estado do Rio de Janeiro (R$1.200.000,00). | V16: 7 propostas submetidas ao GEF Pró-Espécies em 2022 (chamada interna COPAN) Projeto enviado e aprovado na FAPESPA (Márcio Silva) Projeto enviado e aprovado pela Fundação OBoticário (Domingos Garrone) Projeto submetido ao Fundo de Reposição Florestal do RS (Esteban Lanés) Projeto submetido e aprovado pela FAPEG (Instituto Boitatá) Projeto submetido e aprovado na Camara de Compensação Ambiental do estado do RJ (prefeitura de Casimiro de Abreu) | X16: GAT PAN Rivulídeos | Y16: Outra possível fonte: Recursos de Conversão de Multas do IBAMA (Sara). | AG16: Alterar instituição Denise Rambaldi (INEA/RJ)
B17: 1.7 | C17: Subsidiar o desenvolvimento de iniciativas de educação ambiental para a conservação dos peixes rivulídeos ameaçados de extinção e seus ambientes. | D17: (1) Lista de instituições de ensino e pesquisa situadas em municípios que possuem espécies de rivulídeos registradas; (2) Material informativo e educativo produzido pelo PAN distribuídos para as instituições mapeadas; (3) Palestras em municípios considerados importantes para conservação dos rivulídeos (10 ações); (4) Animação que elucide para crianças e adolescentes a importância da conservação das espécies de peixes rivulídeos | E17: Tema peixes rivulídeos ameaçados de extinção incluídos nas políticas de educação ambiental | F17: 44774 | G17: 46569 | H17: Gustavo Arruda (Rastro - Ecologia Criativa) | I17: 100000 | J17: Helder Espírito Santo (UFPA), José Leonardo Mattos (UFRJ), Paulo Gama (SEMAC-RJ), Fabio Origuela (Meandros), Luciano Montag (UFPA), Márcio Joaquim da Silva (UFPA), Rogério Garcia (ICMBIO/CEPTA), Gustavo Fonseca (Rastro - Ecologia Criativa), Werther Ramalho (Instituto Boitatá), Luis Esteban Lanés (Instituto Pró-Pampa), Francisco Severo Neto (UFMS), João Rafael Marins (INEA-RJ), Humberto Espírito Santo de Mello (FZB-BH), Oscar Barroso Junior (Instituto Natureza do Tocantins), Luisa Maria Sarmento Soares (Nossos Riachos) | L17: Mata Atlântica, Pampa | M17: (1) Através de dados secundários, identificar escolas, universidades e secretarias de educação municipais e estaduais situadas em municípios que possuem espécies de rivulídeos registradas; (2) Distribuir o material informativo e educativo que já está sendo produzido pelo PAN para as instituições de ensino mapeadas; (3) Promover uma vez ao ano, de forma itinerante, palestras em cidades consideradas importantes para conservação dos rivulídeos - totalizando 10 ações; (4) Produzir uma animação com 3min. de duração que elucide para crianças e adolescentes a importância da conservação das espécies de peixes rivulídeos; (5) Integrar o produto com a ação do guia (1.8). (6) Material para escolas e outros públicos. (7) O custo estimado inclui uma consultoria para identificar e mapear as instituições, além do financiamento das palestras educativas (R$ 5.000,00 por palestra educativa, portanto R$ 50.000 ao todo). Uma animação 2D custa em média de R$ 2.000,00 a R$3.000,00 reais o minuto. | N17: Capacitação e EA | R17: x | U17: Palestras realizadas em alguns municípios; materiais com foto/vídeo obtido durante as expedições serão utilizados em ações de EA (Pampa, Xingu, Caatinga, Cerrado, Mata Atlântica). Em 2022 houve contratação de empresa de consultoria para execução da ação no RS. Lista com instituições está sendo elaborada. | V17: 2021 - ciclo de palestras Peixes-Anuais: Políticas Públicas, Pesquisa eEducação Brasil afora, que teve como tema: Qual o papel do Plano de Ação Nacional e do ProjetoPró-Espécies na conservação da biodiversidade brasileira?, que aconteceu no dia 06 de maio de2021, às 16:00h na modalidade online; 2022 - Divulgação da espécie Xenurolebias myersi na rádio Dunas de Itaúnas (Luisa Sarmento e equipe) - nov./2022; 2022 - Apresentação sobre a espécie Xenurolebias myersi na sede do Parque Estadual de Itaúnas/ES - nov/2022; 2023 - Diálogos: Educação Ambiental e Comunicação Social no contexto da Gestão Ambiental e da Conservação da Biodiversidade (IBAMA, ICMBio, Rastro, STE e Cais - Educação e Ambiente) - fev./2023. Intervenções e outras ações de sensibilização e disseminação de conteúdo relacionado a C. dorsimaculatus em Iguape – SP pela equipe coordenada pelo Domingos garrone (UNESP): – Oficinas com professores (2 remotas e 2 presencias); – 3 Encontros com estudantes de três escolas situadas nos arredores da localidade-tipo de C. dorsimaculatus; – 1 Encontro com estudantes do projeto “Agente Ambiental Mirim”; – Distribuição de banners, pôsteres e livreto + palestra; – 346 pessoas diretamente alcançadas; Livro publicado "Expansão urbana no Rio de Janeiro e o peixe das nuvens" do Fabio Origuela (Egler, C.; Nielsen, D.; Lira, F. O.; Gusmão, P. 2019, 1a Ediçao, 104 p., Editora Andrea Jakobsson) - versão impressa.; 4 Oficinas com professores (duas remotas e duas presenciais), 3 encontros com estudantes de escolas públicas, 1 encontro com estudantes de projeto específico (Agente Ambiental Mirim), com 346 participantes em Iguape/SP (Domingos). | X17: Izabel Boock (ICMBio/CEPTA); Gustavo Arruda (Rastro Ecologia Criativa); Márcio Joaquim da Silva (UFPA); Domingos Garrone (Unesp Registro) | AA17: (1) Lista de instituições de ensino e pesquisa situadas em municípios que possuem espécies de rivulídeos registradas; (2) Material informativo e educativo produzido pelo PAN distribuídos para as instituições mapeadas; (3) Palestras em municípios considerados importantes para conservação dos rivulídeos (10 ações); (4) Animação que elucide para crianças e adolescentes a importância da conservação das espécies de peixes rivulídeos (dependente de captação de recursos financeiros) | AG17: Incluir Carlos Luz (Universidade Cidade de São Paulo); Alterar instituição João Rafael Marins (NGI ICMBio Trombetas)
B18: 1.8 | C18: Criar um guia temático para gestão ambiental que oriente a conservação dos peixes rivulídeos ameaçados de extinção e seus ambientes. | D18: Guia elaborado, manual de boas práticas que oriente a conservação dos peixes rivulídeos e seus ambientes, especialmente nos processos de licenciamento municipais e estaduais | E18: Populações de rivulídeos e seus ambientes contemplados na gestão ambiental, especialmente nos processos de licenciamento ambiental | F18: 44774 | G18: 45108 | H18: Gustavo Arruda (Rastro - Ecologia Criativa) | I18: 100000 | J18: Paulo Gama (SMAC-RJ), Anna Carolina Lins (WWF-Brasil), Matheus Volcan, Werther (Instituto Boitatá), Lailton (SEAMA), Leonardo, Gustavo Fonseca, Esteban, Gabriel Cotrim (UNIFG), Marco, Alany Gonçalves (INPA), Fábio Origuela, Inácia e Bruno (MAPA), Márcio, Luciano Montag (UFPA), Telton Ramos (UEPB), Domingos Garrone Neto (UNESP) | K18: Nos estados e municípios de ocorrência dos peixes rivulídeos ameaçados. | M18: (1) Incluir informações dos mecanismos de incentivos tributários existentes; (2) Definir as informações entre os colaboradores do PAN, regionalizar, possibilidades de disponibilizar links, expandir o tema; (3) Elaborar uma lista de especialistas, núcleos de instituições que trabalham com rivulídeos; (4) Utilizar as informações do protocolo mínimo como base; (5) O custo estimado inclui: design gráfico, diagramação e impressão de 5.000 a 10.000 cartilhas - pensando num material com 10 páginas - tendo conteúdo adicional via QR Code. | P18: x | T18: Excluída | U18: Capítulo de livro aceito sobre licenciamento ambiental intitulado "Biodiversidade e Conservação de Ecossistemas Aquáticos do Sul do Brasil" da Prefeitura Municipal de Pelotas e proposta de projeto de qualificação de licenciamento ambiental do Rio Grande do Sul (Esteban). Ação contemplada nas ações 1.6 e 4.3 (Protocolo mínimo de licenciamento ambiental) | W18: A ação foi considerada como não concluída devido ao prazo curto para sua finalização (julho/2023), apesar de a ação estar sendo executada. | X18: Luis Esteban Lanés (Instituto Pró-Pampa) | AG18: Alterar instituição Matheus Volcan (Instituto Pró-Pampa), Leonardo Urruth (SEMA/RS), Gustavo Fonseca (Rastro Ecologia Criativa), Luis Esteban Lanés (Insituto Pró-Pampa), Fábio Origuela (Meandros), Telton Ramos (UFPB/Instituto Peixes da Caatinga), Marco Aurélio Azevedo (SEMA-RS) | AJ18: Ação excluída por estar contemplada nas ações 1.6 e 4.3
B19: 1.9 | C19: Propor ao ICMBIO a realização de um seminário nacional dos Planos de Ação Nacional para a conservação de espécies ameaçadas – Lições aprendidas, experiências partilhadas. | D19: Proposta encaminhada | E19: Seminário realizado | F19: 44774 | G19: 45109 | H19: Izabel Boock (ICMBio/CEPTA) | I19: 0 | J19: Carla Polaz (ICMBIO/CEPTA), Luciana Crema, Claudio Fabi (ICMBIO/CEPTA), Sara Brito Alves (INEMA-BA), Márcio Joaquim da Silva (UFPA), Oscar Barroso Junior (Instituto Natureza do Tocantins), Adriana Castilho (CETESB), Luciano Montag (UFPA), Telton Ramos (UEPB), Rogério Garcia (ICMBIO/CEPTA), Gustavo Arruda (Rastro - Ecologia Criativa), Anna Carolina Lins (WWF-Brasil), Joana Mendes Ferraz (COPAN/ICMBio), Marcelo Raseira (ICMBio/CEPAM) | K19: Brasília/DF | N19: Capacitação e EA | S19: x | U19: O GAT entendeu que a ação foi concluída. Apesar de não ter sido enviada uma proposta formal para COPAN, duas iniciativas foram realizadas: 1) Em 2021 a COPAN realizou diversas reuniões com os órgãos estaduais de meio ambiente com objetivo de nivelamento conceitual sobre PANs, aproximação e integração com o seguinte cronograma: PANs da região Sudeste: até 27/08/2021; PANs da região Centro-Oeste: 03/09/2021; PANs da região Nordeste: 10/09/2021; PANs da região Norte: 17/09/2021; PANS da região Sul: 24/09/2021. Além disso, em maio de 2022 foi realizado um evento sobre a Integração Centros de Pesquisa (ICMBIO) e Subgrupo Conservação (ABEMA). 2) Em 10 e 11 de outubro de 2022 foi realizado um evento sobre boas práticas para a Gestão de PANs o evento foi organizado pelo CEPTA e COPAN e contou com a participação de todos os CNPC do ICMBio que coordenam PANs. Além disso, as discussões contribuíram para o trabalho de conclusão do curso de Formação em Gestão para Resultados da servidora Luciana Carvalho Crema “Gestão de Stakeholders como chave para melhoria do alcance dos objetivos dos Planos de Ação Nacional para Espécies Ameaçadas de Extinção - PANs”. | V19: TAF Luciana Crema (ICMBio) | X19: Izabel Boock (ICMBio/CEPTA) | Y19: Inicialmente, as reuniões e encontros ocorreriam internamente (ICMBio). COPAN poderia ajudar na divulgação do PAN Rivulídeos para MPF, MP estaduais. | AG19: Alterar instituição Telton Ramos (UFPB/Instituto Peixes da Caatinga)
A20: 2- COMPATIBILIZAÇÃO DAS PRÁTICAS AGROPECUÁRIAS COM A CONSERVAÇÃO DOS PEIXES RIVULÍDEOS AMEAÇADOS DE EXTINÇÃO E SEUS AMBIENTES | B20: 2.1 | C20: Prospectar populações de peixes rivulídeos, principalmente em unidades de produção que estão em processo de certificação orgânica ou que tenham práticas agroecológicas. | D20: Lista das unidades de produção, mapas das populações de peixes rivulídeos, relatório de avaliação sobre a presença de rivulídeos e uso da área, mapa de densidade das espécies de rivulídeos | E20: Identificar possíveis produtores parceiros em áreas privadas para proteção dos rivulídeos | F20: 44774 | G20: 46569 | H20: Luis Esteban Lanés (Instituto Pró-Pampa) | I20: 500000 | J20: André Luiz de Oliveira (IRGA), Tiago Henrique de Aquino (SEMA-GO), João Rafael Marins (INEA-RJ), Sara Brito Alves (INEMA-BA), Oscar Barroso Junior (Instituto Natureza do Tocantins), Luciano Montag (UFPA), Márcio Joaquim da Silva (UFPA), Werther Ramalho (Instituto Boitatá), Claudia Leite (SEAS-RJ), Matheus Volcan (Instituto Pró-Pampa), Abílio Vinícius (WWF-Brasil), Kolbe Santos (WWF-Brasil) | K20: Pampa, Goiás, DF, Minas, Rio de Janeiro, Bahia, Tocantins, Pará | M20: (1) Entrar em contato com os estados com ocorrência de rivulídeos para expansão da ação. (2) Elaborar um protocolo de metodologia para prospecção e monitoramento dessas áreas.(3) Apesar do RJ ter sido listado como área prioritária, deve-se levar em conta que a maior parte das áreas de ocorrência são urbanas. | N20: Uso Sustentável | R20: x | U20: O articulador perdeu o contato com a empresa de certificação IRGA, problemas internos na empresa de certificação Ecovida. Projeto da Pampiana submetido para fundo RFO, no território PAT Campanha Sul - Serra do Sudeste (mapeamento e listagem das propriedades). | X20: Luis Esteban Lanés (Instituto Pró-Pampa) | Y20: Rio Grande do Sul será projeto piloto, para ser utilizado em outros estados de ocorrência dos rivulídeos. Verificar quais selos de certificação já existentes se enquadram nesta ação. | Z20: Prospectar possíveis parceiros em propriedades rurais que adotem boas práticas agropecuárias. | AG20: Alterar instituição João Rafael Marins (NGI ICMBio Trombetas)
B21: 2.2 | C21: Realizar levantamento de populações de rivulídeos em unidades de produção no entorno do Parque Estadual do Camaquã visando a identificação de áreas potenciais para criação de reserva legal e/ou a criação de RPPN. | D21: Mapa e relatório técnico do registro de ocorrência das espécies, com identificação de áreas para constituição de reserva legal | E21: Aumento de RL no entorno do Parque, RL como ambientes remanescentes de vegetação original | F21: 44774 | G21: 45108 | H21: Leonardo Urruth (SEMA-RS) | I21: 30000 | J21: Luis Esteban Lanés (Instituto Pró-Pampa), André Luiz de Oliveira (IRGA), Marco Aurélio Azevedo (SEMA-RS) | K21: Entorno do Parque Estadual do Camaquã/RS | M21: (1) A ação pretende dar subsídios para localização de áreas de reserva legal como instrumento de conservação de rivulídeos nas unidades de produção, cumprindo o papel de zona de amortecimento em torno do Parque. (2) Esta ação pode ser replicada para os Estados do Rio de Janeiro e Bahia (Guanambi) e em outros objetivos específicos. (3) Levantar as ameaças potenciais que justifique a ampliação da UC. (4) Vincular este mapeamento às ações de capacitação e selo (ação 2.3). | N21: Pesquisa | P21: x | U21: Ação não foi cocluída dentro do prazo. No entanto, Essta ação pode ser considerada como iniciada, pois a gestão do Parque Estadual do Camaquã (PEC) está em contato frequente com Luis Esteban Lanés (Instituto Pró-Pampa) e Marco Aurélio Azevedo (SEMA-RS), para agendamento de uma primeira visita técnica ao PEC prevista para o início da primavera de 2023. Tal visita técnica subsidiará o planejamento da execução da ação, incluindo a avaliação do custo logístico e financeiro para sua plena execução (Leonardo). Provavelmente esse prazo inicialmente estipulado para a visita técnica terá que ser adiado, porque eventos climáticos extremos, como ciclones, afetaram o PEC (Esteban). | W21: A ação foi considerada como não concluída devido ao prazo curto para sua finalização (julho/2023), apesar de a ação estar sendo executada. O prazo foi reprogramado para a próxima monitoria. | X21: Leonardo Urruth (SEMA-RS)/ Luís Esteban Lanés (Instituto Pró-Pampa) | Y21: Temos a expectativa de alocar recursos de medidas compensatórias da SEMA, regionalmente conhecida como Reposição Florestal Obrigatória, que é fonte de recursos que potencialmente pode incluir ações de conservação para peixes rivulídeos em Reservas Legais de unidades produtivas de propriedades rurais no entorno do PEC (Leonardo). | AD21: 45992
B22: 2.3 | C22: Construir uma identificação visual para produtores rurais “amigos” dos peixes rivulídeos chancelados pelo PAN. | D22: (1) Cadastro dos produtores rurais com práticas de conservação dos peixes rivulídeos; (2) projeto/financiamento coletivo para produção de conteúdo didático: Manual de Boas Práticas (3) criação do selo "amigo do rivulídeos” (4) encontros de diálogo com os produtores sobre importância da conservação dos peixes rivulídeos, divulgação do selo e do manual de boas práticas | E22: criação de rede de comunicação (uma associação) entre os produtores amigos dos peixes rivulídeos | F22: 44774 | G22: 46569 | H22: Gustavo Fonseca (Rastro - Ecologia Criativa) | I22: 100000 | J22: Luis Esteban Lanés (Instituto Pró-Pampa), Alany Gonçalves (INPA), Gabriel Cotrim (UNIFG), Telton Ramos (UEPB) | K22: Locais identificados na ação 2.1 | L22: Mata Atlântica | M22: Além da identificação sugere-se também promover encontros para lançamento do manual de boas práticas e do selo (sugestão de evento com divulgação de experiências práticas) | N22: Financiamento | R22: x | U22: Projeto da Pampiana submetido para fundo RFO, no território PAT Campanha Sul - Serra do Sudeste (mapeamento e listagem das propriedades). Metodologia está sendo desenvolvida pela Rastro Ecologia Criativa e pesquisadora Greice Maia (NUFRS/UFPEL). | X22: Luis Esteban Lanés (Instituto Pró-Pampa/ Gustavo Arruda (Rastro Ecologia Criativa) | AG22: Alterar instituição Telton Ramos (UFPB/Instituto Peixes da Caatinga)
B23: 2.4 | C23: Propor, aos órgãos estaduais de meio ambiente, a ocorrência de peixes rivulídeos ameaçados de extinção como critério para seleção de áreas de Reserva Legal no âmbito do CAR. | D23: (1) Documento com recomendação enviada a todos os órgãos estaduais e municipais de meio ambiente; (2) convite enviado a ABEMA para apoio a articulação com os Estados; (3) reuniões técnicas com OEMAS | E23: Áreas de rivulídeos em propriedades rurais demarcadas como reserva legal. | F23: 44774 | G23: 45474 | H23: Izabel Boock (ICMBio/CEPTA) | I23: 50000 | J23: Luciana Crema (ICMBIO/CEPTA), Francisco Neo (ICMBIO/CEPTA), Telton Ramos (UEPB), Márcio Joaquim da Silva (UFPA) | K23: Nacionalmente | M23: ICMBio e seus Centros – COPAN reunir com a ABEMA e ANAMA para inclusão das espécies ameaçadas no âmbito do CAR (a conversa já está sendo iniciada pelo projeto Pró-espécies). Documento de sensibilização e biologia dos rivulídeos (serão gerados em outras ações). | N23: Ordenamento e gestão territorial | P23: x | U23: Não iniciada. | W23: Falta de articulação. | X23: Izabel Boock (ICMBio/CEPTA); Denise Rambaldi (INEA/RJ); Sara Alves (INEMA/BA) | Y23: PAN poderia propor para que estados adotassem uma resolução CONAMA ou estaduais (conselhos de meio ambiente), reconhecendo como APP aquelas áreas de ocorrência comprovada de espécies de rivulídeos ameaçados de extinção. Priorizar a validação do CAR, incorporando como APP essas áreas de ocorrência. Sugestão: falar com Leonardo Urruth (SEMA/RS). Atualmente, está em vigor o segundo módulo do CAR (validação). O INEA/RJ está utilizando o sistema do INCRA. Áreas que tem ocorrência de rivulídeos confirmada, verificar se propriedade tem CAR, contatar município e solicitar a validação. Incluir área do ponto de ocorrência como RL, APP (locais de ocorrência de espécies ameaçadas) ou área de uso restrito (Denise). Conversa inicial com estados para cadastrar áreas de ocorrência de rivulídeos como áreas prioritárias para validação do CAR (Sara). Atrelar esta ação à ação de certificação (Edgar). Verificar se existe outros selos de certificação (Gustavo). | Z23: Propor, aos órgãos estaduais de meio ambiente, a ocorrência de peixes rivulídeos ameaçados de extinção como critério para seleção de áreas de Reserva Legal (RL) e Áreas de Proteção Permanente (APP) no âmbito do CAR. | AB23: Áreas de ocorrência de rivulídeos ameaçados de extinção demarcadas como Áreas de Proteção Permanente (APP) e Reservas Legais (RL) | AD23: 45839 | AG23: Retirar Luciana Crema (ICMBIO/CEPTA), Francisco Neo (ICMBIO/CEPTA); Incluir Denise Rambaldi (INEA/RJ), Sara Alves (INEMA/BA), Leonardo Urruth (SEMA/RS); Alterar insituição Telton Ramos (UFPB/Instituto Peixes da Caatinga)
B24: 2.5 | C24: Propor a inclusão de áreas de ocorrência de espécies de peixes rivulídeos ameaçados de extinção como importantes para serem contempladas em instrumentos de compensação ambiental (conversão de multas, supressão de habitats, Termo de Ajustamento de Conduta, transação penal, entre outros). | D24: Diagnostico do status legal dos instrumentos de compensação e uma proposta básica de inclusão dos peixes no processo de compensação | E24: (1) inserção efetiva do proprietário na conservação; (2) recursos de compensação ambiental alocados para conservação de biótopos marginais de rodovias | F24: 44774 | G24: 46569 | H24: Leonardo Urruth (SEMA-RS) | I24: 0 | J24: Marco Aurélio Azevedo (SEMA-RS), Denise Rambaldi (SMMADS-RJ), ABEMA e ANAMA, Mozart Lauxen (IBAMA), Adriana Castilho (CETESB), Simone Mannheimer (MPRJ) | K24: Mata Atlântica, Pampa (está começando no RS) | L24: Pampa | M24: Esta ação pode acompanhar a execução da ação 1.4. Existe uma IN SEMA 01/2018 no RS que deu a oportunidade de a compensação ser direcionada a compra e manutenção de área e não só a compra de mudas e está direcionada a Mata Atlântica e Pampa. | N24: Financiamento | R24: x | U24: A ação está em pleno andamento, visto que em articulação entre a Coordenação do PAT Campanha Sul e Serra do Sudeste (PAT CASSS) pela SEMA-RS, e os pesquisadores Luis Esteban Lanés e Mateus Volcan (Instituto Pró-Pampa), e Gustavo Arruda, e Gustavo Matos da Fonseca da empresa Rastro Selvagem Ltda, foi elaborado, submetido e aprovado pela SEMA-RS o projeto "CONSERVAÇÃO DE PEIXES-ANUAIS NO ÂMBITO DO PAT CAMPANHA SUL E SERRA DO SUDESTE". Tal projeto passou a estar apto para ser adotado por devedores de Reposição Florestal Obrigatória, nos termos da IN SEMA n. 01/2018, e está em etapa de firmatura de contrato entre a proponente e uma empresa de trasmissão de energia. Tal projeto objetiva resumidamente "prospectar novas áreas de ocorrência de peixes-anuais e mapear as populações das espécies-alvo do PAT CASSS; Identificar vetores de pressão e áreas relevantes para a conservação; Promover mobilização de proprietários rurais para sensibilização sobre conservação dos habitat de peixes-anuais em campos nativos do Pampa; Promover reuniões técnicas de nivelamento com profissionais responsáveis pelo licenciamento ambiental acerca dos peixes rivulídeos ameaçados, e alertar sobre a necessidade de incluir o grupo em análises do licenciamento ambiental; Produzir materiais expositivos e documentário para divulgação, sensibilização e popularização da temática dos peixes-anuais junto às comunidades dos municípios abrangidos pelo PAT". Com a efetivação dessa experiência se atingirá, ainda que de forma regional, os objetivos (2) recursos de compensação ambiental alocados para conservação de biótopos marginais de rodovias e (1) inserção efetiva do proprietário na conservação. As próximas etapas para cumprir a presente ação envolverão a realização do "Diagnóstico do status legal dos instrumentos de compensação", por meio da consulta a órgãos ambientais Estaduais do Brasil, sobre a existência de instrumentos de compensação ambiental análogos. E, posteriormente, se objetiva elaborar um documento de sensibilização para tais órgãos descrevendo a experiência da SEMA-RS com opera tal modalidade de compensação ambiental, as bases legais, e lógica adotadas, bem como relatar a experiência real com o citado projeto com peixes rivulídeos no Pampa. | X24: Leonardo Urruth (SEMA-RS) | AG24: Alterar instituição Denise Rambaldi (INEA/RJ)
B25: 2.6 | C25: Propor a inclusão da ocorrência de peixes rivulideos ameaçados de extinção como critério para inserção no programa “Produtor de Água”, da Agência Nacional de Águas (ANA), que contempla pagamento por serviços ambientais (PSA). | D25: Proposta de inclusão do critério (ocorrência de peixes rivulídeos ameaçados) enviado para a ANA | E25: inserção efetiva do produtor no programa de conservação | F25: 44774 | G25: 46569 | H25: Shayene Marzarotto (MAPA) | I25: 5000 | J25: Flavio da Costa Santos (MPGO), Edgar Pereira (IBAMA), Werther Ramalho (Instituto Boitatá) | K25: Brasília, Goiânia | L25: Cerrado/Pantanal | M25: Para se atingir esse produto, será necessário sensibilizar os Comitês de Bacia. Incluir esta ação no GEF Pró-Espécies. É necessário articular e sensibilizar os atores envolvidos ANTES do envio da proposta | N25: Financiamento | P25: x | U25: Sem andamento. Articuladora saiu do Ministério. Encaminhou e-mail à Diretora de Aquicultura Juliana Lopes Silva para indicação de outra pessoa. Entrar em contato com ANA para indicação de outra pessoa (Márcio Araujo/ ANA). | W25: Articuladora saiu da instituição. | X25: Shayenne Marzarotto (FAB) | Y25: Contatar Márcio Araújo ANA, para possibilidade de atuar como articulador da ação. | AE25: Izabel Boock (ICMBio/CEPTA)
B26: 2.7 | C26: Propor a ocorrência de peixes rivulídeos ameaçados de extinção como critério para desconto no Imposto Territorial Rural (ITR). | D26: Proposta enviada à Secretaria da Receita Federal do Brasil (RFB) | E26: inserção efetiva do proprietário na conservação | F26: 44774 | G26: 46569 | H26: Shayene Marzarotto (MAPA) | I26: 5000 | J26: Flavio da Costa Santos (MPGO) | K26: Brasília | M26: É necessário articular e sensibilizar os atores envolvidos antes do envio da proposta. | P26: x | T26: Excluída | U26: Sem andamento. Articuladora saiu do Ministério. Encaminhou e-mail à Diretora de Aquicultura Juliana Lopes Silva para indicação de outra pessoa. A ação não é prioritária, as outras ações já propostas são mais factíveis. O valor do ITR é muito baixo. | W26: Articuladora saiu da instituição. | X26: Shayenne Marzarotto (FAB) | AJ26: A ação foi excluída por não ser prioritária, e já ter outras ações na mesma linha que são mais factíveis.
B27: 2.8 | C27: Propor a ocorrência de peixes rivulídeos ameaçados de extinção como critério para obtenção de Imposto sobre Circulação de Mercadorias e Serviços - ICMS Ecológico. | D27: Proposta enviada aos órgãos competentes (Secretarias de Fazenda Estaduais e OEMAS) | E27: inserção efetiva do proprietário na conservação | F27: 44774 | G27: 46569 | H27: Tiago Aquino (SEMAD-GO) | I27: 5000 | J27: Flavio da Costa Santos (MPGO), Edgar Pereira (IBAMA) | K27: Estados e municípios com ocorrência de peixes rivulídeos ameaçados de extinção | M27: COPAN e MMA estão articulando a inclusão dos critérios dos PAN (espécies ameaçadas). É necessário articular e sensibilizar os atores envolvidos antes do envio da proposta. | N27: Financiamento | P27: x | U27: A Ação não teve andamento. | W27: Articulador foi apenas representar um colega da SEMAD-GO na oficina de Elaboração do PAN Rivulídeos em dezembro 2019, que não pôde ir. Articulador solicitou sua substituição e indicou possíveis contatos. | X27: Tiago Aquino (SEMAD-GO) | Y27: Contatos das pessoas sugeridas pelo Tiago está no e-mail que ele encaminhou ao NPAN (Caio, Flávio, pesquisadores da UEG). Tentar procurar estados para analisar a viabilidade do ICMS Ecológico. Denise fará uma consulta no estado do Rio de Janeiro. Cada estado define como será o repasse do ICMS para a qualidade ambiental (score dos municípios), o ICMS Ecológico varia ano a ano. Cobertura florestal no RS, RJ não abarcaria os rivulídeos. Tentar entender quais são os critérios dos estados. | AE27: Izabel Boock (ICMBio/CEPTA) | AG27: Incluir Denise Rambaldi (INEA/RJ).
B28: 2.9 | C28: Promover e estimular a criação de Reservas Particulares do Patrimônio Natural (RPPNs) em áreas de ocorrência confirmada de rivulídeos ameaçados de extinção. | D28: (1) Documento explicativo, voltado para o produtor rural, sobre os benefícios, oportunidades e ônus gerados pela criação de RPPN; (2) Rede de colaboradores criada para apoiar a criação de RPPNs (parceiros para gerar os mapas que os produtores rurais precisam, por exemplo) | E28: RPPNs criadas | F28: 45139 | G28: 46569 | H28: João Marins (INEA-RJ) | I28: 50000 | J28: Marco Aurélio Azevedo (SEMA-RS) | K28: Estados e municípios com ocorrência de peixes rivulídeos ameaçados de extinção | M28: Criação de parcerias. O INEA está realizando atividades para criação de RPPNs, como congressos. Esclarecer os produtores, pensar em estratégias para diminuir custos. Integrar com o núcleo de RPPNs do ICMBio. | N28: Unidade de Conservação | R28: x | U28: Segundo as informações do chefe do núcleo de RPPNs do INEA, ainda não foram atualizadas as áreas definidas como prioritárias para a criação de RPPNs estaduais do RJ, informação produzida em 2019, devido à demora na aprovação de Projeto para Fortalecimento do Serviço de Criação de RPPN. Essa atualização prevê a utilização de dados espacializados de ocorrência de espécies ameaçadas. Porém há expectativas de criação de duas RPPN em área com ocorrência comprovada de Rivulídeos, nos municípios de Maricá e Magé. Foi criado um grupo de Whatsapp, após a reunião do PAN, onde especialistas de Rivulídeos (ex.: Fábio Origuela) e pessoas com conhecimento sobre as espécies confeccionaram um mapa com a ocorrência das espécies do RJ, para servir como base para a sugestão de criação de áreas protegidas (particulares ou não). O mesmo mapa será encaminhado para a Diretoria de Licenciamento Ambiental do INEA. Produto a ser entregue: Mapeamento atualizado de áreas prioritárias para a criação de RPPNs, consideradas as áreas indicadas com a ocorrência dos rivulídeos ameaçados de extinção. | X28: João Rafael Marins (NGI ICMBio Trombetas) | Y28: No dia 12/09/23 foi aprovado o de Projeto para Fortalecimento do Serviço de Criação de RPPN, que entrará em licitação e posterior contratação da empresa selecionada e definição da equipe de terceirizados que irão atuar, no projeto. Fazer levantamento do que existe nos demais estados. | AA28: Rede de colaboradores criada para apoiar a criação de RPPNs (parceiros para gerar os mapas que os produtores rurais precisam, por exemplo) | AE28: Alterar instituição do articulador (ICMBio/NGI Trombetas)
A29: 3- INSERÇÃO DO TEMA PEIXES RIVULÍDEOS E SEUS AMBIENTES EM POLÍTICAS PÚBLICAS DE PLANEJAMENTO TERRITORIAL E CONTROLE AMBIENTAL EM ZONAS URBANAS | B29: 3.1 | C29: Oficiar periodicamente os órgãos públicos estaduais e municipais sobre a necessidade de inserção dos peixes rivulídeos ameaçados e seus ambientes no planejamento urbano e gestão ambiental das cidades. | D29: Ofícios encaminhados | E29: Populações de rivulídeos e seus ambientes sejam contemplados nos licenciamentos ambientais municipais | F29: 45139 | G29: 46569 | H29: Izabel Boock (ICMBio/CEPTA) | I29: 0 | J29: Paulo Gama (SMAC-RJ), Denise Rambaldi (SMMADS-RJ), Matheus Volcan (Instituto Pró-Pampa), João Rafael Marins (INEA-RJ), Leonardo Urruth (SEMA-RS), Gabriel Cotrim (UNIFG), Alany Gonçalves (INPA), Flavio da Costa Santos (MPGO), Simone Mannheimer (MPRJ) | K29: Estados e municípios com ocorrência de peixes rivulídeos ameaçados de extinção | L29: Amazônia, Cerrado/Pantanal | M29: O ofício deve ir minimamente para prefeituras e secretárias municipais e estaduais (meio ambiente, planejamento e urbanismo) e conselhos de meio ambiente. O guia elaborado no objetivo 5 será enviado juntamente com o ofício. Se possível, entrega física do produto por representantes regionais do PAN. Importante pautar diferentes temas anualmente como mecanismo de diálogo. Enviar juntamente ao ofício uma consulta de quais atividades o estado e município estão fazendo para a conservação dos rivulídeos ameçados | N29: Licenciamento | P29: x | U29: Não iniciada, aguardando a elaboração de guias/protocolos. Modelo do ofício já está pronto (do ciclo passado). | W29: A ação não foi iniciada, pois a articuladora está aguardando a elaboração de guias/protocolos para subsidiar o desenvolvimento desta ação. | X29: Izabel Boock (ICMBio/CEPTA) | Y29: Encaminhar sumário executivo do novo ciclo. | AG29: Alterar insituição Denise Rambaldi (INEA/RJ), João Rafael Marins (NGI ICMBio Trombetas)
B30: 3.2 | C30: Propor uma normativa, construída conjuntamente com todos os PANs, que oriente os estados e municípios, contemplando os peixes rivulídeos ameaçados e seus ambientes, no zoneamento e gestão ambiental em áreas urbanas e de expansão urbana. | D30: Proposta de normativa entregue ao MMA | E30: Normativa publicada | F30: 44774 | G30: 45108 | H30: Izabel Boock (ICMBio/CEPTA) | I30: 5000 | J30: Luis Esteban Lanés (Instituto Pró-Pampa), Paulo Gama (SEMAC-RJ), Márcio Joaquim da Silva (UFPA), Francisco de Assis Néo (ICMBIO/CEPTA) | K30: Nacional | N30: Ordenamento e gestão territorial | P30: x | U30: Não iniciada. Pensar em como encaixar essa temática no Plano Diretor de municípios, Ministério das Cidades. | W30: Falta de articulação para a execução desta ação. | X30: Izabel Boock (ICMBio/CEPTA) | Y30: INEMA/BA encaminhou sumário executivo e outras informações via ofício para Ministério das Cidades, sobre os PATs do estado. Informar ANAMA (155 municípios alvo do PAN). Propor curso de capacitação para técnicos das prefeituras dos municípios-alvo na ACADEBIO, verificar fonte de recurso financeiro. | Z30: Sensibilizar, principalmente os estados e municípios, para que contemplem os peixes rivulídeos ameaçados e seus ambientes no Plano Diretor, zoneamento, licenciamento e gestão ambiental em áreas urbanas e de expansão urbana. | AA30: Oficio encaminhado e entrega qualificada aos estados e municípios-alvo do PAN | AB30: Estados e municípios sensibilizados; Planos Diretores contemplando a ocorrência e proteção de rivulídeos ameaçados de extinção. | AD30: 46569 | AG30: Retirar Francisco de Assis Néo (ICMBIO/CEPTA)
B31: 3.3 | C31: Identificar oportunidades e propor incentivos tributários para conservação dos peixes rivulídeos ameaçados de extinção em zonas urbanas. | D31: Relatório analítico com propostas de incentivos | E31: Incentivar a conservação das áreas urbanas que abrigam os biótopos de peixes rivulídeos ameaçados de extinção | F31: 45139 | G31: 46569 | H31: Paulo Gama (SMAC-RJ) | I31: 0 | J31: Denise Rambaldi (SMMADS-RJ), João Rafael Marins (INEA-RJ), Izabel Boock (ICMBio/CEPTA) | K31: Estados e municípios com ocorrência de peixes rivulídeos ameaçados de extinção | M31: Exemplo de incentivo tributário – isenção de IPTU na área com registro de ocorrência de rivulídeo | N31: Ordenamento e gestão territorial | P31: x | U31: A Ação não teve andamento pois se ela inicia no mês corrente. O único incentivo tributário seria isenção de IPTU. | V31: Sem produto obtido pelo início recente | W31: A ação ainda não foi iniciada pelo articulador devido ao seu início recente. | X31: Paulo Gama (SMAC-RJ) | Z31: Identificar oportunidades e construir coletivamente com os municípios-alvo mecanismos de conservação dos peixes rivulídeos ameaçados de extinção em zonas urbanas. | AA31: Relatório com propostas de incentivos | AG31: Alterar instituição Denise Rambaldi (INEA/RJ), João Rafael Marins (NGI ICMBio Trombetas)
B32: 3.4 | C32: Propor a criação de comissões tripartites estaduais ao MMA para discutir a gestão compartilhada de estratégias de conservação dos peixes rivulídeos ameaçados de extinção e seus ambientes ou inserir o tema nas comissões já existentes. | D32: Proposta de criação das comissões tripartites encaminhadas ao MMA e Ata das reuniões | E32: Portaria MMA publicada | F32: 45139 | G32: 46569 | H32: Claudia Leite (SEAS-RJ) | I32: 10000 | J32: Paulo Gama (SMAC-RJ), Leonardo Urruth (SEMA-RS), Marco Aurélio Azevedo (SEMA-RS), Marcelo Raseira (ICMBIO/CEPAM), Fabio Origuela (Meandros), Rubens Aquino (IDEFLOR-BIO/PA) | K32: Estados e municípios com ocorrência de peixes rivulídeos ameaçados de extinção | M32: Identificar as comissões e pautar o tema nas reuniões. Caso essas comissões não existam procurar os conselhos estaduais e municipais, ABEMA e ANAMA. Consultar o Art. 4º da Lei Complementar 140/2011 | N32: Normativas | Q32: x | U32: Minha pesquisa na SEAS sobre a existência de comissão tripartite, onde a Secretaria já fosse participante resultou nos documentos, enviados em anexo. Uma das Comissões existentes já era com o próprio MMA, o que facilitaria o processo, podendo incluir o tema dos rivulídeos, se esta estivesse ativa ou renová-la incluindo o referido tema. A ideia também era de que tais documentos pudessem ser usados como modelo para uma nova minuta, caso necessário. Ocorre que as mudanças de gestão na SEAS frearam quaisquer possibilidades de levar a proposta adiante. Muitas propostas foram recusadas. Considero o momento bastante favorável para que esta ação volte a caminhar no âmbito da SEAS. | V32: Portaria MMA Nº 289, DE 19 DE NOVEMBRO DE 2004 ( Comissões Técnicas Tripartites Estaduais); Decreto Estadual Rio de Janeiro Nº 40793, DE 05 DE JUNHO DE 2007 | W32: Mudanças de gestão na SEAS frearam quaisquer possibilidades de levar a proposta adiante. Muitas propostas foram recusadas. Considero o momento bastante favorável para que esta ação volte a caminhar no âmbito da SEAS. | X32: Claudia Leite (SEAS-RJ) | Y32: Claudia Leite irá se aposentar. Alterar articuladora para Renata Lopes (SEAS/RJ) | AE32: Alterar articuladora Renata Lopes (SEAS/RJ)
B33: 3.5 | C33: Propor criação e ou ampliação de unidades de conservação e outras áreas protegidas, especialmente estaduais e municipais, nas áreas de ocorrência dos peixes rivulídeos ameaçados de extinção. | D33: Proposta de criação de unidades de conservação enviadas aos órgãos competentes | E33: UCs criadas ou ampliadas | F33: 44774 | G33: 46569 | H33: Denise Rambaldi (SMMADS-RJ) | I33: 10000 | J33: João Rafael Marins (INEA-RJ), Claudia Leite (SEAS-RJ), Anna Carolina Lins (WWF-Brasil), Paulo Gama (SMAC-RJ), Rubens Aquino (IDEFLOR-Bio/PA), Simone Mannheimer (MPRJ) | K33: Casimiro de Abreu (RJ), Rio de Janeiro (RJ) e demais áreas de ocorrência dos rivulídeos ameaçados de extinção | L33: Mata Atlântica, Pampa | M33: Propostas federais, estaduais ou municipais. Incentivar a criação de unidades de conservação de proteção integral. Atentar para os aspectos socioeconômicos da compensação ambiental. Outras áreas protegidas: APP, áreas verdes, reserva arborização | N33: Unidade de Conservação | R33: x | U33: Projeto executivo/financeiro para criação de UC no distrito de Barra de São João, Casimiro de Abreu enviado e aprovado pela Camara de Compensação Ambiental/FMA, que há um ano solicitou atualização do orçamento do projeto. Orçamento atualizado pela PMCA/SEMMADS e recebido pela CCA na ultima semana de agosto 2023. projeto com orçamento atualizado em análise pela CCA com vistas à contratação pelo gestor do FMA. Revis Alto do Camboatá foi revogada, suspensão de região da UC dentro de área militar, sendo desafetada (município do Rio de Janeiro). Denise irá verificar a situação. | V33: Orçamento atualizado | X33: Denise Rambaldi (INEA/RJ) | Y33: Fala.br (denúncias); entrar em contato com Rebio Tinguá e APA Cananeia/Iguape/Peruíbe para expandir limites e incluir pontos de ocorrência de rivulídeos amostrados nas áreas recentemente. | AA33: Proposta de criação e revisão de limites de unidades de conservação enviadas aos órgãos competentes | AG33: Alterar instituição João Rafael Marins (NGI ICMBio Trombetas)
A34: 4- INCLUSÃO DO TEMA PEIXES RIVULÍDEOS E SEUS AMBIENTES NOS PROCESSOS DE PLANEJAMENTO, LICENCIAMENTO E FINANCIAMENTO DE PROJETOS DE INFRAESTRUTURA | B34: 4.1 | C34: Disponibilizar mapas de ocorrência (manchas de distribuição) dos peixes rivulídeos ameaçados de extinção para acesso público | D34: Shapefile com manchas de distribuição disponibilizado. | E34: Ampliação do conhecimento do público em geral sobre a distribuição dos peixes rivulídeos no Brasil | F34: 44774 | G34: 44927 | H34: Marcio Joaquim da Silva (UFPA) | I34: 0 | J34: CEPTA, Telton Ramos (UEPB), Luciano Montag (UFPA), Francisco Severo Neto (UFMS), Werther Ramalho (Instituto Boitatá), Matheus Volcan (Instituto Pró-Pampa), Luis Esteban Lanés (Instituto Pró-Pampa), Alany Gonçalves (INPA), Helder Espírito Santo (UFPA), Fabio Origuela (Meandros), Domingos Garrone Neto (UNESP) | K34: Nacional | L34: Cerrado/Pantanal | M34: Disponibilizar na página do PAN. Usar o mesmo recorte geográfico que as Áreas Prioritárias (Utilizar as Ottobacias como desenho da área). Incluir o produto dessa ação no objetivo 2 (ação 2.3 – manual de boas práticas). Sobrepor os registros com limites dos municípios e Ucs | N34: Comunicação e Divulgação | P34: x | U34: Ação está sendo executada, mas não foi finalizada no prazo previsto.Mapas para a região de Altamira já foram elaborados. Fazer por manchas de distribuição (trechos de drenagens para regiões menores). SALVE possui mapas de distribuição para download. Solicitar uso de imagens IDEFLOR-Bio, gestora do PAT Xingu Nívia Pereira. Fazer buffer de 10km nos pontos de ocorrência das espécies (Márcio). 130 espécies. Fazer o levantamento das espécies no SALVE para elaborar mapa (do próprio SALVE). Localizar fotos das espécies. | W34: A ação foi considerada como não concluída devido ao prazo curto para sua finalização (janeiro/2023), apesar de a ação estar sendo executada. O prazo foi reprogramado para a próxima monitoria. | X34: Márcio Silva (UFPA) | AA34: Shapefile com manchas de distribuição disponibilizado na página do PAN e na INDE | AD34: 45292 | AG34: Alterar instituição Telton Ramos (UFPB/Instituto Peixes da Caatinga)
B35: 4.2 | C35: Atualizar e disponibilizar mapas de ocorrência (ponto) das espécies para órgãos licenciadores, MPF e MP estaduais | D35: Shapefile com o ponto de ocorrência das espécies encaminhado | E35: Divulgação e utilização das informações de registros de ocorrência de peixes rivulídeos em processos de licenciamento ambiental | F35: 44774 | G35: 46569 | H35: Izabel Boock (ICMBio/CEPTA) | I35: 0 | J35: Márcio Joaquim da Silva (UFPA), Luciano Montag (UFPA), Telton Ramos (UEPB), Oscar Barroso Junior (Instituto Natureza do Tocantins), Luis Esteban Lanés (Instituto Pró-Pampa), Alany Gonçalves (INPA), Gabriel Cotrim (UNIFG), Flavio da Costa Santos (MPGO), Leonardo Urruth (SEMA-RS), Domingos Garrone Neto (UNESP), Francisco Severo Neto (UFMS), Simone Mannheimer (MPRJ) | K35: Estados e municípios com ocorrência de peixes rivulídeos ameaçados de extinção | L35: Mata Atlântica | M35: Levar em consideração informações estaduais. Esse mapa deve ter acesso restrito. Sobrepor os registros com limites dos municípios e Ucs | N35: Licenciamento | R35: x | U35: Mapas enviados aos municípios de Guanambi/BA e Rio de Janeiro/RJ. Atlas está pronto, aguardando elaboração do guia para ser enviado em conjunto | X35: Izabel Boock (ICMBio/CEPTA) | AA35: Shapefile com o ponto de ocorrência das espécies encaminhado aos órgãos licenciadores, MPF e estaduais | AG35: Alterar instituição Telton Ramos (UFPB/(UFPB/Instituto Peixes da Caatinga))
B36: 4.3 | C36: Elaborar e disponibilizar um protocolo mínimo para subsidiar os Termos de Referência e Planos Básico Ambiental (PBAs) de empreendimentos passíveis de atos autorizativos. | D36: Protocolo elaborado e divulgado | E36: Inclusão de peixes rivulídeos nos processos de licenciamento ambiental, desde as primeiras etapas processuais | F36: 44774 | G36: 46569 | H36: Marcio Joaquim da Silva (UFPA) | I36: 0 | J36: Telton Ramos (UEPB), Mozart Lauxen (IBAMA), Mariana Espécie (EPE), Francisco de Assis Néo (ICMBIO/CEPTA), Adriana Castilho (CETESB), Werther Ramalho (Instituto Boitatá), Matheus Volcan (Instituto Pró-Pampa), Leonardo Urruth (SEMA-RS), Luis Esteban Lanés (Instituto Pró-Pampa), Alany Gonçalves (INPA), Fabio Origuela (Meandros) | K36: Pará, Rio de Janeiro, Bahia, Minas Gerais, bem como todos os demais estados com ocorrência. | M36: Elaboração do protocolo deve ser feita no 1º ano. Considerar informações básicas das espécies, medidas de mitigação, métodos de coleta. Levar em consideração as informações do 1º ciclo. Considerar as especificidades das regiões e das tipologias de empreendimentos. Ressaltar a importância de depositar em coleções científicas de instituição de referência. Colocar essa ação antes da de capacitação. Lembrar de incluir uma planilha (LAF-SISBIO) com informações mínimas. Inserir no protocolo a consulta aos PRIMs existentes. Atenção: existem obras que impactam rivulídeos e que não incluem nos termos de referência informação sobre a ictiofauna. Promotor de meio ambiente de Goiás, Nelson, disponível para abrigar capacitação sobre rivulídeos. | N36: Licenciamento | R36: x | U36: Arquivo está sendo revisado pelos membros do GAT. | X36: GAT PAN Rivulídeos | Z36: Elaborar e disponibilizar um protocolo mínimo para subsidiar os Termos de Referência e Planos Básico Ambiental (PBAs) de empreendimentos passíveis de atos autorizativos, incluindo empreendimentos já licenciados com ocorrência comprovada de rivulídeos ameaçados. | AA36: Protocolo elaborado e divulgado; Atas de reuniões, ofícios de solicitação de informações enviados, página do PAN e orgãos do SISNAMA | AG36: Retirar Francisco de Assis Néo (ICMBIO/CEPTA); Alterar instituição Telton Ramos (UFPB/Instituto Peixes da Caatinga))
B37: 4.4 | C37: Articular com os órgãos licenciadores que os dados de rivulídeos oriundos dos licenciamentos sejam incorporados, de forma sistemática, à base de dados do ICMBio/CEPTA. | D37: Relatórios com os dados, planilhas recebidas | E37: Ampliar a base de dados de ocorrência de rivulídeos | F37: 44774 | G37: 46569 | H37: Francisco de Assis Néo (ICMBIO/CEPTA) | I37: 0 | J37: Mozart Lauxen (IBAMA), Telton Ramos (UEPB), Márcio Joaquim da Silva (UFPA), Oscar Barroso Junior (Instituto Natureza do Tocantins), Domingos Garrone Neto (UNESP), Simone Mannheimer (MPRJ) | K37: Nacional | M37: A forma de disponibilização deverá constar no protocolo mínimo. Sugestão de utilizar a planilha LAF-SISBIO como modelo | N37: Gestão da Informação | Q37: x | U37: Dados de licenciamento são gerenciados nos órgãos estaduais, e muitas vezes não estão sistematizados, aumentando a dificuldade para acessar as informações. SISBIO não autoriza coleta para licenciamento. Informações dos rivulídeos do RS foram enviadas à coordenadora Izabel, via IBAMA. | W37: Falta de sistematização de dados pelos órgãos estaduais, dificultando o encontro das informações. | X37: Izabel Boock (ICMBio/CEPTA) | AE37: Izabel Boock (ICMBio/CEPTA) | AG37: Incluir Edgar Santos Pereira (IBAMA); Alterar instituição Telton Ramos (UFPB/Instituto Peixes da Caatinga)
B38: 4.5 | C38: Estimular estudos em áreas de empreendimentos licenciados e quando houver identificação de peixes rivulídeos ameaçados de extinção, indicar um programa de monitoramento da espécie, caso identificado relação de causa e efeito do impacto. | D38: Atas de reuniões, ofícios de solicitação de informações enviados | E38: Estudos e/ou monitoramentos inseridos no processo de licenciamento ambiental (etapa de renovação de LO, por exemplo) | F38: 44774 | G38: 46569 | H38: Alany Gonçalves (INPA) | I38: 10000 | J38: Luis Esteban Lanés (Instituto Pró-Pampa), Simone Mannheimer (MPRJ), Izabel Boock (ICMBio/CEPTA) | K38: Xingu (Amazônia), RS, RJ, MG, CE | L38: Amazônia, Pampa | M38: FEPAM, IBAMA, INEA potenciais para contactar. Atualmente existe o SiSG-laf que contém informações do licenciamento. É preciso conseguir a lista de empreendimentos com locais de ocorrência dos rivulídeos nas secretarias estaduais. Fazer gestão para inserir estudos ou monitoramentos de peixes rivulídeos ameaçados de extinção detectados em etapas posteriores à implantação de empreendimentos, no processo de licenciamento ambiental (por exemplo, PBA). | P38: x | T38: Agrupada | U38: Sem retorno da articuladora. Edgar entrará em contato com Mozart (IBAMA). Licenciamento corretivo. Incluir esse tópico no guia de licenciamento, para empreendimentos já licenciados com ocorrência comprovada de rivulídeos, incluir programa de monitoramento. Agrupada com ação 4.3 | W38: Não há informações sobre o andamento da ação porque a articuladora não retornou as mensagens de e-mail do NPAN/ICMBio/CEPTA. | X38: GAT PAN Rivulídeos | AJ38: Não houve articulação. Ação foi agrupada com a ação 4.3, incluída como tópico no guia de licenciamento, para empreendimentos já licenciados com ocorrência comprovada de rivulídeos.
A39: 5- ESTABELECIMENTO DE ESTRATÉGIAS PARA CONSERVAÇÃO EX-SITU E COMBATE À EXPLOTAÇÃO ILEGAL DE PEIXES RIVULÍDEOS E SEUS OVOS | B39: 5.1 | C39: Implementar uma rede de criadores científicos com finalidade de pesquisa ou conservação e zoológicos/aquários. | D39: Criadores cadastrados no SISFAUNA | E39: Participar da gestão dos plantéis de peixes rivulídeos ameaçados de extinção | F39: 44774 | G39: 46569 | H39: Edgar Pereira (IBAMA/Sede) | I39: 5000 | J39: Daniel Carvalho (IBAMA), Shayene Marzarotto (MAPA), Sara Brito Alves (INEMA-BA), Adriana Castilho (CETESB), Telton Ramos (UEPB), Márcio Joaquim da Silva (UFPA), José Leonardo Mattos (UFRJ), Humberto Espírito Santo de Mello (FZB-BH) | K39: Estados onde estão os criadores (SISBIO) | M39: Utilizar SISBIO como fonte de informação inicial e edital público para cadastro | N39: Manejo ex situ | R39: x | U39: Ação em estágio inicial. Andamento da etapa prévia de análise ex ante da proposta de regulamentação, via normativa Ibama, relativa à instauração de rede de criadores científicos para pesquisa ou conservação, visando subsidiar decisão de gestão. Utilização da publicação “Avaliação de políticas públicas : guia prático de análise ex ante, volume 1” da Casa Civil da Presidência da República, Instituto de Pesquisa Econômica Aplicada (2018). | W39: Justifica-se a execução parcial do presente objetivo ao fato da agenda de prioridades do tema fauna, durante os últimos 4 anos, ter sido orientada pela priorização de temas como fauna exótica e seu controle, gestão e aprimoramento de sistemas legado e análises das bases de dados preexistentes. Compreende-se que há maior abertura na gestão atual para apreciação do tema, incorporando-o no escopo de medidas evolutivas de sistemas, a depender tanto de construção normativa quanto adaptação de sistema competente para a gestão das informações (Sisfauna). | X39: Edgar Pereira (IBAMA) | Y39: até o fechamento deste documento restava pendente consulta feita pelo articulador ao gestor do Sisfauna para levantamento atual dos eventuais criadouros para pesquisa/conservação para espécies de rivulídeos. | AA39: Proposta de normativa visando disciplinar atividade de criação científica com finalidade de pesquisa e/ ou conservação de espécies rivulídeas nativas encaminhada ao IBAMA. | AG39: Retirar Shayenne Marzarotto (MAPA); Alterar instituição Telton Ramos (UFPB/Instituto Peixes da Caatinga)
B40: 5.2 | C40: Desenvolver protocolo de rastreabilidade para rivulídeos. | D40: Método de rastreamento desenvolvido | E40: Desenvolvimento de pacote tecnológico que permita a marcação individual de rivulídeos | F40: 44774 | G40: 46569 | H40: Domingos Garrone Neto (UNESP) | I40: 1000000 | J40: Fabio Origuela (Meandros), Helder Espírito Santo (UFPA) | K40: Nacional | M40: O resultado final esperado desta ação é a utilização deste tipo de marcador para iniciar uma possível criação comercial | P40: x | T40: Excluída | U40: Não realizada. A ideia era criar um banco de germoplasma, a fim de permitir a identificação através de genética molecular de algumas das espécies que têm sido alvo de tráfico. Ação excluída pois não é factível. | W40: Não foi possível estabelecer a parceria com o laboratório de genética, pois durante a pandemia de COVID-19 as instalações da Universidade de Mogi das Cruzes ficaram fechadas. | X40: Domingos Garrone Neto (UNESP) | Y40: Talvez tentar implementar essa atividade utilizando a infraestrutura e pessoal capacitado do CEPTA/ICMBio, em conjunto com colaboradores externos. Se existir indicativo para a factibilidade da ação, incluir uma nova ação. | AJ40: Ação excluída pois não é factível no momento. Talvez tentar implementar essa atividade utilizando a infraestrutura e pessoal capacitado do CEPTA/ICMBio, em conjunto com colaboradores externos. Se existir indicativo para a factibilidade da ação, incluir uma nova ação.
B41: 5.3 | C41: Identificar as espécies prioritárias para manutenção ex situ (científico para pesquisa, conservação e comercial) com base em uma matriz de critérios. | D41: (1) Matriz elaborada por categoria de criadouro; (2) Lista de espécies prioritárias por categoria de criadouro; (3) Elaborar e disponibilizar nota técnica para subsidiar decisão dos órgãos licenciadores (IBAMA e MAPA) | E41: Protocolos estabelecidos para manutenção ex situ; Verificar viabilidade de criação comercial de rivulídeos com rastreabilidade e normas de segurança; Manutenção ex situ de espécies extintas na natureza com finalidade de conservação | F41: 44774 | G41: 45108 | H41: Daniel Carvalho (IBAMA) | I41: 10000 | J41: José Leonardo Mattos (UFRJ), Inácia (MAPA), Izabel Boock (ICMBIO/CEPTA), Fabio Origuela (Meandros) | K41: Nacional | M41: A lista elaborada será um piloto para os criadouros, com a indicação, a princípio, de 1 espécie para criadouro comercial. A espécie indicada para criação comercial deve ser uma espécie não ameaçada de extinção. A proposta de manutenção ex situ com finalidade científica deve contemplar a indicação de espécies “extintas na natureza” | N41: Manejo ex situ | P41: x | U41: Izabel fez reunião com AZAB, eles recomendaram entrar em contato com a IUCN CSS (sede Parque das Aves/ Foz do Iguaçu - Fabiana Rocha). Acordo com AZAB foi finalizado em 2023. Elaborar lista com espécies prioritárias. | W41: Acordo com AZAB foi finalizado em 2023. Há indicativos de renovação. | X41: Izabel Boock (ICMBio/CEPTA) | AD41: 45809
B42: 5.4 | C42: Promover ações de capacitação dos agentes ambientais municipais, estaduais e federais para combater a captura ilegal e o tráfico de ovos de peixes rivulídeos. | D42: Módulo EAD de capacitação implementado | E42: Agentes capacitados | F42: 44774 | G42: 46569 | H42: Shayene Marzarotto (MAPA) | I42: 100000 | J42: Fabio Origuela (Meandros), Matheus Volcan (Instituto Pró-Pampa), Luis Esteban Lanés (Instituto Pró-Pampa), Izabel Boock (ICMBIO/CEPTA), Márcio Joaquim da Silva (UFPA), Daniel Carvalho (IBAMA), Werther Ramalho (Instituto Boitatá) | K42: Estados e municípios com ocorrência de peixes rivulídeos ameaçados de extinção | M42: Verificar possibilidade de incluir este módulo dentro do Projeto multiplicadores aquícolas (MAPA), Atlas informativo para auxiliar nas identificações e plataforma AVA do MMA. Regionalizar informações para os agentes, incluindo os períodos do ano propícios para ações fiscalizatórias. Formar uma rede para denúncias entre os agentes capacitados. Elaborar conteúdo para os módulos do curso | P42: x | T42: Agrupada | U42: Sem andamento. Articuladora saiu do Ministério. Encaminhou e-mail à Diretora de Aquicultura Juliana Lopes Silva para indicação de outra pessoa. Ação semelhante e agrupada com ação 1.5. | W42: Articuladora saiu da instituição. | X42: Shayenne Marzarotto (FAB) | AJ42: Articuladora saiu da instituição. Ação semelhante e agrupada com ação 1.5.
B43: 5.5 | C43: Diagnosticar a explotação ilegal dos rivulídeos com base nas apreensões e ações fiscalizatórias realizadas por órgãos de controle e comércio eletrônico. | D43: Relatórios anuais e sugestão de inclusão dos rivulídeos na CITES | E43: Inclusão na CITES | F43: 44774 | G43: 46569 | H43: Daniel Carvalho (IBAMA) | I43: 0 | J43: Alany Gonçalves (INPA), Izabel Boock (ICMBIO/CEPTA), Telton Ramos (UEPB), Simone Mannheimer (MPRJ), Domingos Garrone Neto (UNESP), Márcio Joaquim da Silva (UFPA), Sara Brito Alves (INEMA-BA), Roberta Holmes (MMA/DESP) | K43: Nacional | M43: Solicitar apoio da Organização Traffic, ABIN, ICCWC/ONU, Freeland Brasil. Consultar Associações de killifish no exterior. Verificar quais foram as espécies consultadas para criação comercial no MAPA. Próxima reunião CITES será realizada em outubro/21 | N43: Fiscalização | R43: x | U43: Em 2022, houve a oportunidade de incluir espécies do CEPTA na CITES. Estruturar os formulários das espécies para uma próxima oportunidade que houver. CGCON está disposta a articular. | X43: Izabel Boock (ICMBio/CEPTA) | Y43: Izabel vai encaminhar os formulários das espécies ao GAT. | AA43: Sugestão de inclusão dos rivulídeos na CITES | AE43: Izabel Boock (ICMBio/CEPTA) | AG43: Incluir Daniel Carvalho (IBAMA); Alterar instituição Telton Ramos (UFPB/Instituto Peixes da Caatinga)
B44: 5.6 | C44: Fortalecer e ampliar a cooperação técnica entre ICMBio e AZAB para peixes rivulídeos ameaçados de extinção, em conformidade com o PAN. | D44: Acordos de Cooperação Técnica, protocolos de manutenção ex situ | E44: Mais espécies de rivulídeos sendo mantidas em programas de conservação ex situ | F44: 44774 | G44: 46569 | H44: Izabel Boock (ICMBio/CEPTA) | I44: 50000 | J44: Humberto Espírito Santo de Mello (FZB-BH), Daniel Carvalho (IBAMA) | K44: Instituições legalizadas para manutenção ex situ | N44: Manejo ex situ | P44: x | U44: Acordo com AZAB se encerrou em 2023, porém está em análise sua continuidade, com possibilidade de inclusão de novas espécies de rivulídeos. | W44: Acordo com AZAB se encerrou em 2023, porém está em análise sua continuidade. | X44: Izabel Boock (ICMBio/CEPTA) | Y44: Acionar CGCON/DIBIO sobre a possibilidade de renovação, indicando a relevância para o PAN.
B45: 5.7 | C45: Identificar e capacitar atores sociais locais que possam atuar como guardiões de ambientes de peixes rivulídeos. | D45: (1) Lista de comunidades próximas aos biótopos conhecidos; (2) Eventos de capacitação realizados | E45: Programa de Fiscalização Comunitária implementado | F45: 44774 | G45: 46569 | H45: Edgar Pereira (IBAMA/Sede) | I45: 200000 | J45: Daniel Carvalho (IBAMA), Gustavo Arruda (Rastro - Ecologia Criativa), Gabriel Cotrim (UNIFG), Izabel Boock (ICMBIO/CEPTA), Denise Rambaldi (SMMADS-RJ), Lailton Câmara Fernandes (SEMA-BA), Paulo Gama (SMAC-RJ) | K45: Piloto - Casimiro de Abreu, Rio das Ostras e Cabo Frio. Locais de ocorrência de peixes rivulídeos ameaçados de extinção | M45: Como referência, consultar o aplicativo InvasorasRS. Produção de material impresso, bonés, kits para a comunidade. Piloto em Casimiro de Abreu, Rio das Ostras e Cabo Frio (biótopos das espécies Ophthalmolebias constanciae, Nematolebias whitei e Notholebias cruzi) | N45: Capacitação e EA | P45: x | U45: Não executada. Produto a ser entregue: Lista de atores sociais por municípios de ocorrência de espécies rivulídeos na perspectiva de público beneficiário de iniciativas de educação ambiental inseridos no contexto social e com potencial de multiplicação dos conhecimentos na perspectiva da proteção e conservação das espécies alvo (Edgar). No Xingu, ação é muito possível de ser realizada (Marcio). Refazer o texto da ação. Construir rede com a comunidade local (mateiros, contratação de ajudantes locais etc), por grupos de whatsapp ou outras formas de comunicação. | W45: Foram relatadas dificuldades na execução da ação com relação a periculosidade que membros das comunidades estão expostos por agirem como "guardiões" dos ambientes. Função da fiscalização de OEMAs e órgãos federais. | X45: Edgar Pereira (IBAMA) | Y45: No âmbito do Plano Nacional de Gestão da Educação Ambiental do Ibama – PANGEA – há inter-relação da ação 5.7 com iniciativas de sensibilização sociais, conforme consta do referido plano, que abrange o biênio 2022-2023, em seu Objetivo 4 – “Desenvolver ações educativas relativas ao Manejo de Fauna e Recursos pesqueiros”, e que descreve como meta “Produzir material de suporte pedagógico para utilização em atividades de mobilização e sensibilização ambiental com enfoque em espécie ameaçada de extinção”, à cargo da Unidade do Ibama em Goiás, com perspectiva de trabalhar espécies em risco da região. Iniciativa com potencial de disseminação no ciclo 2024- 2025 de estratégia similar para mais estados onde ocorram espécies de relevante interesse. | AA45: (1) Lista de comunidades próximas aos biótopos conhecidos (contatos e localidades); (2) Atividades locais informais para sensibilização da comunidade | AB45: Rede de informação comunitária sobre os ambientes de ocorrência de rivulídeos ameaçados de extinção. | AG45: Alterar instituição Denise Rambaldi (INEA/RJ)
A49: PLANEJAMENTO DE NOVAS AÇÕES
A51: NOVAS AÇÕES:
A53: OBJETIVO ESPECÍFICO | B53: Nº | C53: Ação | D53: Produto | E53: Resultados esperados | F53: Período | H53: Articulador | I53: Custo estimado (R$) | J53: Colaboradores | K53: Localização | M53: Observações | N53: Linha Temática
F54: Início | G54: Fim | K54: Localidades | L54: Área de relevância
A55: INSERIR O NOME DO OBJETIVO ESPECÍFICO | C55: Inserir nova ação
A65: OBJETIVO ESPECÍFICO | B65: Nº | C65: Ação | D65: Produto | E65: Resultados esperados | F65: Período | H65: Articulador | I65: Custo estimado (R$) | J65: Colaboradores | K65: Localização | M65: Observações | N65: Linha Temática
F66: Início | G66: Fim | K66: Localidades | L66: Área de relevância
A67: INSERIR O NOME DO OBJETIVO ESPECÍFICO | C67: Inserir nova ação
A77: OBJETIVO ESPECÍFICO | B77: Nº | C77: Ação | D77: Produto | E77: Resultados esperados | F77: Período | H77: Articulador | I77: Custo estimado (R$) | J77: Colaboradores | K77: Localização | M77: Observações | N77: Linha Temática
F78: Início | G78: Fim | K78: Localidades | L78: Área de relevância
C79: Inserir nova ação
A89: OBJETIVO | B89: Nº | C89: Ação | D89: Produto | E89: Resultados esperados | F89: Período | H89: Articulador | I89: Custo estimado (R$) | J89: Colaboradores | K89: Localização | M89: Observações | N89: Linha Temática
F90: Início | G90: Fim | K90: Localidades | L90: Área de relevância

Sheet Painel de Gestão - 1
B1: PLANO DE AÇÃO NACIONAL DE CONSERVAÇÃO DE ESPÉCIES AMEAÇADAS DE EXTINÇÃO - PAN
B3: ='Monitoria Anual - 1'!A2 -> "Plano de Ação Nacional para a Conservação dos Peixes Rivulídeos Ameaçados de Extinção - PAN Rivulídeos"
B5: Objetivo Geral do PAN | D5: ='Monitoria Anual - 1'!B4 -> Consolidar e ampliar estratégias de conservação dos peixes rivulídeos ameaçados de extinção e dos seus ambientes, em cinco anos
B7: Data da monitoria | D7: ='Monitoria Anual - 1'!B6 -> 26/09/2023 - 28/09/2023 (presencial)
B9: PAINEL DE GESTÃO DO PAN
B11: RESUMO DA SITUAÇÃO DAS AÇÕES DO PAN
C13: SITUAÇÃO ATUAL DAS AÇÕES - 1ª MONITORIA (2023)
C14: SITUAÇÃO DAS AÇÕES | D14: MONITORIA | E14: % | F14: PÓS MONITORIA | G14: %
C15: Excluída ou Agrupada - Pós-monitoria | F15: =COUNTA('Monitoria Anual - 1'!T11:T885) -> 5 | G15: =F15/$F$22 -> 0.14285714
C16: Início planejado é posterior ao período monitorado | D16: =COUNTA('Monitoria Anual - 1'!O11:O885) -> 0 | E16: =D16/$D$22 -> 0 | F16: =D16-AB16 -> 0 | G16: =F16/$F$22 -> 0
C17: Não iniciada ou não concluída | D17: =COUNTA('Monitoria Anual - 1'!P11:P885) -> 16 | E17: =D17/$D$22 -> 0.45714286 | F17: =D17-AB17 -> 16 | G17: =F17/$F$22 -> 0.45714286
C18: Em andamento com problemas de realização | D18: =COUNTA('Monitoria Anual - 1'!Q11:Q885) -> 3 | E18: =D18/$D$22 -> 0.085714286 | F18: =D18-AB18 -> 3 | G18: =F18/$F$22 -> 0.085714286
C19: Em andamento no período previsto | D19: =COUNTA('Monitoria Anual - 1'!R11:R885) -> 15 | E19: =D19/$D$22 -> 0.42857143 | F19: =D19-AB19 -> 15 | G19: =F19/$F$22 -> 0.42857143
C20: Concluída | D20: =COUNTA('Monitoria Anual - 1'!S11:S885) -> 1 | E20: =D20/$D$22 -> 0.028571429 | F20: =D20-AB20 -> 1 | G20: =F20/$F$22 -> 0.028571429
C21: Ações Novas - Pós-monitoria | F21: ='Monitoria Anual - 1'!C51 -> 0 | G21: =F21/$F$22 -> 0
C22: TOTAL DE AÇÕES DO PAN | D22: =SUM(D16:D20) -> 35 | E22: =SUM(E15:E21) -> 1 | F22: =SUM(F16:F21) -> 35 | G22: =SUM(G16:G21) -> 1
C23: Ações Agrupadas na Monitoria | D23: =COUNTIF('Monitoria Anual - 1'!T11:T885,"Agrupada") -> 2
C24: Ações Excluídas na Monitoria | D24: =COUNTIF('Monitoria Anual - 1'!T11:T46,"Excluída") -> 3
B27: PAINEL DE OBJETIVOS ESPECÍFICOS DO PAN
C29: Número de Objetivos Específicos | D29: =COUNTA('Monitoria Anual - 1'!A11:A45) -> 5
C31: Objetivos Específicos | D31: Ações
C32: OBJETIVO 1 | D32: =SUM(F32:J32) -> 15 | E32: =COUNTA('Monitoria Anual - 1'!T11:T25) -> 1 | F32: =COUNTA('Monitoria Anual - 1'!O11:O25) -> 0 | G32: =COUNTA('Monitoria Anual - 1'!P11:P25) -> 4 | H32: =COUNTA('Monitoria Anual - 1'!Q11:Q25) -> 1 | I32: =COUNTA('Monitoria Anual - 1'!R11:R25) -> 9 | J32: =COUNTA('Monitoria Anual - 1'!S11:S25) -> 1
C33: OBJETIVO 2 | D33: =SUM(F33:J33) -> 15 | E33: =COUNTA('Monitoria Anual - 1'!T26:T40) -> 3 | F33: =COUNTA('Monitoria Anual - 1'!O26:O40) -> 0 | G33: =COUNTA('Monitoria Anual - 1'!P26:P40) -> 8 | H33: =COUNTA('Monitoria Anual - 1'!Q26:Q40) -> 2 | I33: =COUNTA('Monitoria Anual - 1'!R26:R40) -> 5 | J33: =COUNTA('Monitoria Anual - 1'!S26:S40) -> 0
C34: OBJETIVO 3 | D34: =SUM(F34:J34) -> 5 | E34: =COUNTA('Monitoria Anual - 1'!T41:T45) -> 1 | F34: =COUNTA('Monitoria Anual - 1'!O41:O45) -> 0 | G34: =COUNTA('Monitoria Anual - 1'!P41:P45) -> 4 | H34: =COUNTA('Monitoria Anual - 1'!Q41:Q45) -> 0 | I34: =COUNTA('Monitoria Anual - 1'!R41:R45) -> 1 | J34: =COUNTA('Monitoria Anual - 1'!S41:S45) -> 0
C35: OBJETIVO 4 | D35: =SUM(F35:J35) -> 5 | E35: =COUNTA('Monitoria Anual - 1'!#REF!) -> 1 | F35: =COUNTA('Monitoria Anual - 1'!#REF!) -> 1 | G35: =COUNTA('Monitoria Anual - 1'!#REF!) -> 1 | H35: =COUNTA('Monitoria Anual - 1'!#REF!) -> 1 | I35: =COUNTA('Monitoria Anual - 1'!#REF!) -> 1 | J35: =COUNTA('Monitoria Anual - 1'!#REF!) -> 1
C36: OBJETIVO 5 | D36: =SUM(F36:J36) -> 5 | E36: =COUNTA('Monitoria Anual - 1'!#REF!) -> 1 | F36: =COUNTA('Monitoria Anual - 1'!#REF!) -> 1 | G36: =COUNTA('Monitoria Anual - 1'!#REF!) -> 1 | H36: =COUNTA('Monitoria Anual - 1'!#REF!) -> 1 | I36: =COUNTA('Monitoria Anual - 1'!#REF!) -> 1 | J36: =COUNTA('Monitoria Anual - 1'!#REF!) -> 1

Sheet Monitoria Anual - 2
A1: PLANO DE AÇÃO NACIONAL DE CONSERVAÇÃO DE ESPÉCIES AMEAÇADAS DE EXTINÇÃO - PAN
A2: ='Monitoria Anual - 1'!A2 -> "Plano de Ação Nacional para a Conservação dos Peixes Rivulídeos Ameaçados de Extinção - PAN Rivulídeos"
A4: Objetivo geral do PAN | B4: ='Monitoria Anual - 1'!B4 -> Consolidar e ampliar estratégias de conservação dos peixes rivulídeos ameaçados de extinção e dos seus ambientes, em cinco anos
A6: Data da monitoria | B6: 05/11/2024 - 07/11/2024 (virtual) | AQ6: Agrupada
AQ7: Excluída
A8: PLANEJAMENTO DO PAN | O8: SITUAÇÃO ATUAL | Z8: REPROGRAMAÇÃO DO PAN
A9: OBJETIVOS ESPECÍFICOS | B9: Nº | C9: Ação | D9: Produto | E9: Resultados esperados | F9: Período | H9: Articulador | I9: Custo estimado (R$) | J9: Colaboradores | K9: Localização | M9: Observações | N9: Linha Temática | O9: Ação cujo início planejado é posterior ao período monitorado | P9: Ação não iniciada ou não concluída | Q9: Ação em andamento com problemas de realização | R9: Ação em andamento no período previsto | S9: Ação concluída | T9: Ação excluída ou agrupada | U9: Descrição do andamento da ação | V9: Produto obtido | W9: Problemas enfrentados que justificam a não execução, a execução parcial da ação, a exclusão ou o agrupamento | X9: Responsável pela informação sobre o andamento da ação | Y9: Recomendações ou Observações | Z9: Revisão do texto da ação | AA9: Revisão do produto da ação | AB9: Revisão do resultado esperado | AC9: Revisão da data de início | AD9: Revisão da data de término | AE9: Revisão do articulador da ação | AF9: Revisão do custo estimado | AG9: Revisão dos colaboradores | AH9: Revisão das localidades | AI9: Revisão Área de Relevância | AJ9: Revisão das observações | AK9: Revisão da Linha Temática
F10: Início | G10: Fim | K10: Localidades | L10: Área de Relevância
A11: 1- AMPLIAÇÃO E DIVULGAÇÃO DO CONHECIMENTO, DE FORMA TRANSVERSAL, SOBRE PEIXES RIVULÍDEOS E SEUS AMBIENTES PARA TODA A SOCIEDADE | B11: 1.1 | C11: Criar e manter um núcleo de comunicação social do PAN para divulgação dos peixes rivulídeos e seus ambientes. | D11: Núcleo criado com diretrizes definidas. Plano de comunicação elaborado. | E11: Criação de um plano básico de comunicação social; compilação e distribuição de conteúdo gerado pelo PAN e seus parceiros; divulgação de ações, eventos e políticas públicas ligadas a conservação das espécies de rivulídeos; padronização e monitoramento do alcance das ações do PAN nas redes sociais; e promover a interatividade entre a pesquisa e comunidade. | F11: 44774 | G11: 46569 | H11: Gustavo Arruda (Rastro - Ecologia Criativa) | I11: R$ 240.000,00 | J11: Anna Carolina Lins (WWF-Brasil), Paulo Gama (SEMAC-RJ), Matheus Volcan (Instituto Pró-Pampa), João Marins (NGI ICMBio Trombetas) , Werther Ramalho (Instituto Boitatá), Francisco Severo Neto (UFMS), Larissa França (SEMA-AM), Gustavo Fonseca (Rastro - Ecologia Criativa), Alany Gonçalves (INPA), Marco Aurélio Azevedo (SEMA-RS), Fábio Origuela de Lira (Meandros), Humberto de Mello (FPMZB), Telton Ramos (UFPB/Instituto Peixes da Caatinga), Luciano Montag (UFPA), Domingos Garrone Neto (UNESP), Simone Mannheimer (MPRJ), Márcio Joaquim da Silva (UFPA), Mozart Lauxen (IBAMA), Mariana Gutiérrez de Menezes (WWF-Brasil), Carlos Luz (Universidade Cidade de São Paulo) | K11: Nacional | M11: (1) As informações serão fornecidas pelos parceiros do PAN, sendo necessário definir o fluxo de informações. (2) Avaliar no Plano de Comunicação uma estratégia para a divulgação de conteúdos de forma que possam engajar redes e público alvo. (3) Devido a ampla gama de parceiros que proporcionarão conteúdo, sugere-se aproveitar o máximo possível os canais de comunicação correspondentes e avaliar a criação de um perfil no Instagram ao invés de usar todas as redes sociais. (4) Estimou-se um custo de R$ 2.000,00/mês por 10 anos. | N11: Comunicação e Divulgação | Q11: x | U11: Plano de comunicação do PAN ainda não está elaborado, dos PATs estão mais definidos. Tomar os Planos de Comunicação dos PATs como base e fazer de uma maneira simplificada para o PAN, por sua abrangência nacional. Diagnóstico participativo da comunidade foi iniciado no RS. Projetos e Núcleos de pessoas: Peixes da Caatinga (Telton) - redes sociais, Marcio, Domingos (comunicação e divulgação científica). Sugestão: fazer reuniões para definir melhor o Plano de Comunicação. Protocolo de Licenciamento ambiental: sugestões para educação ambiental sobre peixes rivulídeos. Iniciativas e ações já existem, falta compilar e organizar o documento. Izabel: programa de voluntariado do ICMBio para comunicação (poderia abrir chamadas para voluntários fazerem postagens nas redes sociais do CEPTA sobre regiões do PAN Rivulídeos - 1 voluntário por região?). Gustavo: fazer ações de divulgação com os órgãos licenciadores e produtores rurais (comunidade local) para conservação das espécies. Artigo sobre metodologia de educação ambiental (enviado pelo Gustavo Arruda). Sugestão: fazer curso sobre processos de comunicação e educação ambiental (para cada território). Rogério: encaminhar material de rivulídeos para divulgação em outros centros de comunicação do ICMBio (página do ICMBio). Falta de recursos do Projeto Pró-Espécies pode afetar a elaboração de novos projetos. Gustavo: documento piloto sobre como captar recursos financeiros para comunicação e educação ambiental (vai compartilhar quando estiver finalizado). Mozart: condicionante para obrigatoriedade do empreendedor para realizar ações de educação ambiental nos locais dos empreendimentos. Plano de Comunicação precisa prever essas diretrizes para realização de educação ambiental. Izabel sugeriu realizar seleção de voluntários do ICMBio para este propósito. | W11: Falta de tempo pessoal qualificado/agenda para organizar o documento, ainda mais sem recursos financeiros. Deslocamento para realização de ações de educação ambiental na Amazônia é difícil (Márcio). | X11: Gustavo Arruda (Rastro - Ecologia Criativa), Márcio Silva (UFPA), Rogério Garcia (ICMBio/CEPTA), Mozart Laurent (IBAMA), Izabel Boock (ICMBio/CEPTA) | Y11: Sugestão: fazer curso sobre processos de comunicação e educação ambiental (para cada território do PAN), para encaminhar/iniciar o Plano de Comunicação do PAN. Fazer reuniões com o GAT para definir melhor o Plano de Comunicação.
B12: 1.2 | C12: Divulgar o PAN nos órgãos públicos de meio ambiente, órgãos licenciadores, MPF, MP Estaduais e conselhos ambientais com o objetivo de criar parcerias e sensibilizar para a importância dos peixes rivulídeos ameaçados e seus ambientes. | D12: Documentos oficiais (Oficios, Atas de reuniões, Relatórios) | E12: Instituições públicas cientificadas do PAN RIvulídeos | F12: 44774 | G12: 46569 | H12: Izabel Boock (ICMBio/CEPTA) | I12: 105000 | J12: Paulo Gama (SMAC-RJ), Werther Ramalho (Instituto Boitatá), Anna Carolina Lins (WWF/Brasil), Claudia Leite (SEAS-RJ), Alany Gonçalves (INPA), Marco Aurélio Azevedo (SEMA-RS), João Marins (INEA-RJ), Rogério Garcia Machado (ICMBio/CEPTA), Simone Mannheimer (MPRJ) | K12: Nacional | M12: (1) Reunião com servidores públicos nas áreas de ocorrência dos peixes rivulídeos ameaçados. (2) Verificar como funcionam os órgãos de justiça e segurança pública. (3) Enviar o Sumário Executivo. (4) O custo estimado envolve viagens (passagem e diárias) e impressão do Sumário. (5) Incluir ABEMA e ANAMA. | N12: Comunicação e Divulgação | R12: x | U12: Ação em andamento. Entre 2023 e 2024 foram realizadas reuniões com MPF Guanambi, INEA/RJ, IMA/AL (equipe CEPTA apresentou o PAN Rivulídeos e PAN São Francisco, em agosto 2024). Integração com PAT Campanha Sul e Serra do Sudeste. Atualização da base de dados do CEPTA e revisão do Atlas com registros por municipio e estados finalizado (Área Temática de Geoprocessoamento do CEPTA), ofícios prontos para envio. Matheus: entraram em contato com prefeituras (pegar depois), Bacia do Rio Camaquã, (prefeituras de Pedro Osório e Jaguarão), SEMA/RS, entrega de documento para licenciamento no âmbito dos PATs (Campanha Sul e Serra do Sudeste), licenciamento municipal (criação de núcleos regionais). Publicação de livro (capítulo sobre licenciamento ambiental). Ideia é realizar algo semelhante com os outros municípios de ocorrência dos rivulídeos. Silvana: PAT Veredas, questionamento da SEMA/GO sobre licenciamento ambiental de áreas de ocorrência de rivulídeos. De acordo com ela foi proposto que houvesse a criação de um documento que se assemelha ao que foi criado no Rio Grande do Sul para subsidiar o licenciamento em áreas com rivulídeos. | V12: Produtos intermediários: reuniões, produtos finais: ofícios às OEMAs, ABEMA, ANAMA; (IPPampa) capítulo 15 do livro “Ecologia e Conservação de Ecossistemas Aquáticos do Sul do Brasil" (Diretrizes básicas para o licenciamento ambiental em Pelotas) | W12: Necessário finalizar o Sumario Executivo e Documento com diretrizes para o licenciamento | X12: Izabel Boock (ICMBio/CEPTA)
B13: 1.3 | C13: Promover estudos voltados para taxonomia, genética, biologia, ecologia e limites de distribuição geográfica para conservação dos peixes rivulídeos ameaçados de extinção. | D13: Artigos, teses, dissertações, relatórios técnicos, resumos em anais de congressos. | E13: Ampliação do conhecimento sobre as espécies e proposta de medidas para sua conservação | F13: 44774 | G13: 46569 | H13: Matheus Volcan (Instituto Pró-Pampa) | I13: 500000 | J13: Luis Estaban Lanés (Instituto Pró-Pampa), Werther Ramalho (Instituto Boitatá), Gustavo Fonseca (Rastro - Ecologia Criativa), Francisco Severo Neto (UFMS), Alany Gonçalves (INPA), Domingos Garrone Neto (UNESP), Luciano Montag (UFPA), Márcio Joaquim da Silva (UFPA), Telton Ramos (UFPB/Instituto Peixes da Caatinga), Gabriel Cotrim (UniFG), Luisa Maria Sarmento Soares (Nossos Riachos), Carlos Luz (Universidade Cidade de São Paulo); Silvana Rodrigues (IF Goiano campus Rio Verde) | K13: Áreas de ocorrência de peixes rivulídeos ameaçados extinção | L13: Amazônia, Cerrado/Pantanal | M13: Muitas áreas subamostradas, problemas taxonômicos, necessidade de realizar um levantamento das informações existentes. | N13: Pesquisa | R13: x | U13: Existem diversos trabalhos e estudos que foram realizados, mas não promovidos pelo PAN. Financiamento de expedições com o Projeto GEF Pró-Espécies no âmbito do PAN Rivulídeos (Sertão Mineiro, Amazônia). Carta-convite para Pampiana com espécies CR lacuna. Proposição de um simpósio no próximo EBI (Márcio). Werther Ramalho (Instituto Boitatá) falou dos Projetos com rivulídeos com financiamento GEF Pró-espécies do PAT, PELD e de Compensação de multas que o Instituto Boitatá possui. Rita Barreto (ICMBio/CEPTA) está a frente, como representante do CEPTA, de projeto envolvendo identificação genômica dos peixes-anuais. Para 2025 Márcio SIlva (UFPA) encaminhou proposta de simpósio para o próximo EBI, além de resumos. | V13: Materiais de comunicação, postagens, relatórios de viagens, CBZ: publicado registros novos no Xingu (para avaliação de espécies) e espécie nova coletada e está em fase de descrição; redescoberta do Melanorivulus paracatuensis, e outras espécies que não eram coletadas há muito tempo, além de espécies novas. Duas dissertações de mestrado (Davi Oliveira e André Malheiro), e algumas monografias de alunos associados ao CEPTA. | X13: Matheus Volcan (Instituto Pró-Pampa), Esteban Lanés (Instituto Pró-Pampa), Márcio Silva (UFPA), Izabel Boock (ICMBio/CEPTA), Silvana Barbosa (Instituto Boitatá) e Werther Ramalho (Instituto Boitatá)
B14: 1.4 | C14: Construir e executar estratégia de comunicação para conservação dos peixes rivulídeos ameaçados de extinção voltado para produtores rurais. | D14: Material didático sobre boas práticas de manejo para evitar e mitigar os possíveis impactos sobre os habitats de peixes rivulídeos ameaçados de extinção; vídeos educativos; cartilhas para diferentes públicos (grandes e pequenos produtores). | E14: Coscientização do público diretamente relacionado | F14: 44774 | G14: 46569 | H14: Gustavo Fonseca (Rastro - Ecologia Criativa) | I14: 200000 | J14: Gabriel Cotrim (UNIFG), Tiago Aquino (SEMAD-GO), Luis Estaban Lanés (Instituto Pró-Pampa), Rogério Garcia (ICMBio/CEPTA), Luciano Montag (UFPA), Márcio Joaquim da Silva (UFPA), Werther Ramalho (Instituto Boitatá), Anna Carolina Lins (WWF-Brasil), João Marins (NGI ICMBio Trombetas), Francisco Severo Neto (UFMS), Luisa Maria Sarmento Soares (Nossos Riachos) | K14: Caatinga (Guanambi), Pampas, Cerrado (Goiás), Tocantins, Mata Atlântica (RJ, RS e SC), Pará | L14: Amazônia | N14: Capacitação e EA | R14: x | U14: 1 solicitação do Ibama para trabalhar com comunidade local, na duplicação da BR 116 (via Emater), Pampiana e Rastro estão fazendo diagnóstico participativo com produtores rurais. Projeto Piloto (por 3 anos) e projeto do licenciamento Ibama (comunicação qualificada). Matheus: também foi realizado contato com as prefeituras. Gustavo irá compartilhar o relatório com GAT. Márcio: Telton está com contato com pessoal do interior do Nordeste, monitoramento de poças e enviando informações ao Telton (ciência cidadã). Para Amazônia a questão é complicada por causa da logística. Márcio conseguiu contato com pessoal das áreas monitoradas da Amazônia, por enquanto nenhuma informação extra dos locais. Tentar conseguir parcerias, junto com pessoal do ICMBio usando embarcações, para levar material de comunicação para as comunidades. | X14: Gustavo Arruda (Rastro Ecologia Criativa), Matheus Volcan (Instituto Pró-Pampa) e Márcio Silva (UFPA) | AE14: Alterar para Gustavo Arruda (Rastro Ecologia Criativa)
B15: 1.5 | C15: Capacitar multiplicadores com foco nos peixes rivulídeos ameaçados e seus ambientes. | D15: Cursos e oficinas realizados. Plataforma on-line atualizada periodicamente (AVA ICMBio, Youtube). | E15: Curso dentro da plataforma EAD; Ciência do maior número de instituiçoes públicas sobre a problemática dos rivulídeos, possibilitando assim uma maior proteção dos seus ambientes. | F15: 44774 | G15: 46569 | H15: Rogerio Garcia (ICMBio/CEPTA) | I15: 500000 | J15: Fábio Origuela (Meandros), Paulo Gama (SMAC-RJ), Gustavo Arruda (Rastro - Ecologia Criativa), Helder Espirito Santo (UFPA), Telton Ramos (UFPB/Instituto Peixes da Caatinga), Luciano Montag (UFPA), Márcio Joaquim da Silva (UFPA), Rogério Garcia (ICMBIO/CEPTA), Adriana Castilho (CESTESB), Werther Ramalho (Instituto Boitatá), Leonardo Urruth (UFRJ), Edgar Pereira (IBAMA/Sede), Daniel Raices (ICMBIO/COESP), Luisa Maria Sarmento Soares (Nossos Riachos) | K15: RS, RJ, MG, BA, PA (prioritários). Outros: CE, BSB, GO, MT. RS, RJ, MG, BA (PRIORITÁRIOS). Outros: CE, PA, BSB, GO, MT | M15: (1) Capacitar agentes ambientais licenciadores das OEMAS quanto a ocorrência dos rivulídeos. (2) Considerar o Pará como prioritário em virtude da expansão mineral. (3) Curso EAD (sugestão: AVA ICMBio). (4) Considerar as informações do manual que vai ser elaborado no objetivo 3. (5) Apresentar um Plano de Redução de Impacto para órgãos licenciadores federais, estaduais e municipais (sugestão: O Plano deve apresentar as diversas tipologias de empreendimentos que afetem rivulídeos e formas de mitigar os impactos). (6) Incluir o combate à captura ilegal e o tráfico de ovos de peixes rivulídeos. | N15: Capacitação e EA | Q15: x | U15: A ação encontra-se parada. A ACADEBIO tem pouco pessoal e muita demanda. Foi feita nova tentativa para iniciar a ação. Aguardando o retorno da ACADEBIO. Semana que vem Rogério fará uma reunião com pessoal da ACADEBIO (Plataforma AVA do ICMBio) | W15: A ACADEBIO tem pouco pessoal e muita demanda. | X15: Rogerio Machado (ICMBio/CEPTA) | Y15: Fazer novas tentativas para conseguir a implementação da ação junto a ACADEBIO
B16: 1.6 | C16: Identificar e propor mecanismos de financiamento para ações do PAN. | D16: Projetos submetidos a agentes financiadores | E16: Ações do PAN financiadas | F16: 44774 | G16: 46569 | H16: Izabel Boock (ICMBio/CEPTA) | I16: 0 | J16: Anna Carolina Lins (WWF-Brasil), Gustavo Arruda (Rastro - Ecologia Criativa), Márcio Joaquim da Silva (UFPA), Werther Ramalho (Instituto Boitatá), Francisco Severo Neto (UFMS), Matheus Volcan (Instituto Pró-Pampa), Denise Rambaldi (INEA/RJ) , Gustavo Fonseca (Rastro - Ecologia Criativa) | M16: (1) O MMA elaborou uma cartilha “fontes de financiamento para educação ambiental”. (2) Buscar recursos para execução de ações do PAN: projeto/financiamento coletivo (consultar os resultados da consultoria para tratar da sustentabilidade financeira dos PANs - Pro-espécies). | N16: Financiamento | Q16: x | U16: Não houve busca ativa por novos financiamentos, porém o PAN conseguiu executar ações com recursos do GEF Pró-Espécies (término em dez. 2024) e mais recentemente um projeto de pesquisa para avaliar os impactos das enchentes no RS sobre a fauna, incluindo rivulideos (2025-2026). Proposição de projeto ao INCT (Márcio), submissão até início de dezembro/2024, tentar alinhar com Prof. Leonardo Maltchik FURGS. Chamada DIBIO para ações do PAN (2025), Fundo de Conversão de Multas ICMBio. Fonte de financiamento do Rio de Janeiro (Fundo da Mata Atlântica - INEA/SEAS), câmara de compensação ambiental, FECAN?, TACs, doações, etc fontes de recursos para estados. PELD (Goiás) - Werther, submissão de proposta para continuação do PELD por 5 anos. Projeto Araguaia Vivo (Werther), recursos disponibilizados. Pegar dados com Werther e Silvana | V16: Vários projetos em execução | W16: Organização do grupo do PAN para busca de recursos externos | X16: Izabel Boock, Esteban, Márcio, Paulo, Deise, Werther | Y16: Sugestão: Elaborar listagem dos fundos com parceiros do PAN durante a oficina e compartilhar com GAT (colocar contatos). Projetos de pesquisa envolvendo peixes rivulídeos.
B17: 1.7 | C17: Subsidiar o desenvolvimento de iniciativas de educação ambiental para a conservação dos peixes rivulídeos ameaçados de extinção e seus ambientes. | D17: (1) Lista de instituições de ensino e pesquisa situadas em municípios que possuem espécies de rivulídeos registradas; (2) Material informativo e educativo produzido pelo PAN distribuídos para as instituições mapeadas; (3) Palestras em municípios considerados importantes para conservação dos rivulídeos (10 ações); (4) Animação que elucide para crianças e adolescentes a importância da conservação das espécies de peixes rivulídeos (dependente de captação de recursos financeiros) | E17: Tema peixes rivulídeos ameaçados de extinção incluídos nas políticas de educação ambiental | F17: 44774 | G17: 46569 | H17: Gustavo Arruda (Rastro - Ecologia Criativa) | I17: 100000 | J17: Helder Espírito Santo (UFPA), José Leonardo Mattos (UFRJ), Paulo Gama (SEMAC-RJ), Fabio Origuela (Meandros), Luciano Montag (UFPA), Márcio Joaquim da Silva (UFPA), Rogério Garcia (ICMBIO/CEPTA), Gustavo Fonseca (Rastro - Ecologia Criativa), Werther Ramalho (Instituto Boitatá), Luis Esteban Lanés (Instituto Pró-Pampa), Francisco Severo Neto (UFMS), João Rafael Marins (NGI ICMBio Trombetas), Humberto Espírito Santo de Mello (FZB-BH), Oscar Barroso Junior (Instituto Natureza do Tocantins), Luisa Maria Sarmento Soares (Nossos Riachos), Carlos Luz (Universidade Cidade de São Paulo) | L17: Mata Atlântica, Pampa | M17: (1) Através de dados secundários, identificar escolas, universidades e secretarias de educação municipais e estaduais situadas em municípios que possuem espécies de rivulídeos registradas; (2) Distribuir o material informativo e educativo que já está sendo produzido pelo PAN para as instituições de ensino mapeadas; (3) Promover uma vez ao ano, de forma itinerante, palestras em cidades consideradas importantes para conservação dos rivulídeos - totalizando 10 ações; (4) Produzir uma animação com 3min. de duração que elucide para crianças e adolescentes a importância da conservação das espécies de peixes rivulídeos; (5) Integrar o produto com a ação do guia (1.8). (6) Material para escolas e outros públicos. (7) O custo estimado inclui uma consultoria para identificar e mapear as instituições, além do financiamento das palestras educativas (R$ 5.000,00 por palestra educativa, portanto R$ 50.000 ao todo). Uma animação 2D custa em média de R$ 2.000,00 a R$3.000,00 reais o minuto. | N17: Capacitação e EA | R17: x | U17: Ações estão sendo desenvolvidas por vários parceiros do PAN (diagnóstico participativo, criação de ações e aplicação). Luisa Sarmento (Itaúnas/ES) - trabalho com ciência cidadã na comunidade local junto com a ONG, dentro do Parque (Xenurolebias myersi). Silvana: conversar com Gustavo sobre sensibilização com produtores rurais, estão realizando divulgação científica nas escolas (distribuição de panfletos dos Rivu), PELD, Sudoeste Goiano (Rio Verde) | X17: Gustavo Arruda (Rastro Ecologia Criativa) e Izabel Boock (ICMBio/CEPTA)
B18: 1.8 | C18: Ação excluída na Monitoria Anual 1.
B19: 1.9 | C19: Propor ao ICMBIO a realização de um seminário nacional dos Planos de Ação Nacional para a conservação de espécies ameaçadas – Lições aprendidas, experiências partilhadas. (AÇÃO CONCLUÍDA NA 1 MONITORIA). | D19: Proposta encaminhada | E19: Seminário realizado | F19: 44774 | G19: 45109 | H19: Izabel Boock (ICMBio/CEPTA) | I19: 0 | J19: Carla Polaz (ICMBIO/CEPTA), Luciana Crema, Claudio Fabi (ICMBIO/CEPTA), Sara Brito Alves (INEMA-BA), Márcio Joaquim da Silva (UFPA), Oscar Barroso Junior (Instituto Natureza do Tocantins), Adriana Castilho (CETESB), Luciano Montag (UFPA), Telton Ramos (UFPB/Instituto Peixes da Caatinga), Rogério Garcia (ICMBIO/CEPTA), Gustavo Arruda (Rastro - Ecologia Criativa), Anna Carolina Lins (WWF-Brasil), Joana Mendes Ferraz (COPAN/ICMBio), Marcelo Raseira (ICMBio/CEPAM) | K19: Brasília/DF | N19: Capacitação e EA | S19: x
A20: 2- COMPATIBILIZAÇÃO DAS PRÁTICAS AGROPECUÁRIAS COM A CONSERVAÇÃO DOS PEIXES RIVULÍDEOS AMEAÇADOS DE EXTINÇÃO E SEUS AMBIENTES | B20: 2.1 | C20: Prospectar possíveis parceiros em propriedades rurais que adotem boas práticas agropecuárias. | D20: Lista das unidades de produção, mapas das populações de peixes rivulídeos, relatório de avaliação sobre a presença de rivulídeos e uso da área, mapa de densidade das espécies de rivulídeos | E20: Identificar possíveis produtores parceiros em áreas privadas para proteção dos rivulídeos | F20: 44774 | G20: 46569 | H20: Luis Esteban Lanés (Instituto Pró-Pampa) | I20: 500000 | J20: André Luiz de Oliveira (IRGA), Tiago Henrique de Aquino (SEMA-GO), João Rafael Marins (NGI ICMBio Trombetas), Sara Brito Alves (INEMA-BA), Oscar Barroso Junior (Instituto Natureza do Tocantins), Luciano Montag (UFPA), Márcio Joaquim da Silva (UFPA), Werther Ramalho (Instituto Boitatá), Claudia Leite (SEAS-RJ), Matheus Volcan (Instituto Pró-Pampa), Abílio Vinícius (WWF-Brasil), Kolbe Santos (WWF-Brasil) | K20: Pampa, Goiás, DF, Minas, Rio de Janeiro, Bahia, Tocantins, Pará | M20: (1) Entrar em contato com os estados com ocorrência de rivulídeos para expansão da ação. (2) Elaborar um protocolo de metodologia para prospecção e monitoramento dessas áreas.(3) Apesar do RJ ter sido listado como área prioritária, deve-se levar em conta que a maior parte das áreas de ocorrência são urbanas. | N20: Uso Sustentável | R20: x | U20: Em andamento. Foram realizados alguns avanços a partir de contatos com produtores por meio do desenvolvimento de dois projetos da Pampiana Consultoria Ambiental realizados no bioma Pampa (carta-convite Pró-Espécies e RFO/Sema-RS) pelo Dr. Luis Esteban Krause Lanés e Dr. Matheus Volcan, na Caatinga por projetos de Peixes da Caatinga (Dr. Telton Ramos) e Amazônia (prof. Dr. Márcio J. Silva). Os contatos estão sendo planilhados com informações para identificação básica como o nome do proprietário/parceiro, espécie beneficiada, município/Estado, coordenadas geográficas e número de telefone/whattsapp (ver tabela excel anexa). Particularmente no Pampa, os produtores listados possuem charcos com ocorrência confirmada em suas propriedades e se mostraram de certa forma sensibilizados com a temática dos peixes-anuais. Após encontro com os proprietários durante atividades de amostragem foi realizada uma contextualização sobre os rivulídeos, suas peculiaridades e principais ameaças e foi distribuído o sumário executivo do PATCSSS. Foi obtido o contato telefônico e whattsapp destes produtores e foram enviados materiais online, vídeos e imagens das espécies. | V20: Produto intermediário: Listagem das espécies contempladas e informações geográfica e coordenadas sobre localização, nome e contato telefônico/e-mail do proprietário/parceiro. Estes dados permitirão o mapeamento das unidades de produção parceiras e subsidiarão ações e projetos futuros. | W20: Falta de uma articulação mais constante e de um projeto específico para atingir esta ação que demanda esforço e demanda a colaboração e interação de distintos e diversos atores. | X20: Luis Esteban Lanés (Instituto Pró-Pampa) | Y20: De maneira geral percebe-se que os proprietários que se sensibilizam pela temática dos peixes rivulídeos possuem pequenas propriedades e praticam agricultura/agropecuária familiar. Um dos maiores desafios para garantir a conservação dos biótopos nas propriedades maiores, mais relacionadas à produção e cultivo de commodities é o temor de que a ocorrência das espécies inviabilize ou resulte na perda de áreas de cultivo. Além disso a simples presença de quaisquer agentes relacionados ao meio ambiente (órgãos licenciadores, fiscalizadores, pesquisadores) geralmente lhes causa temor e repulsa. De maneira geral, a falta de informações básicas sobre a importância e serviços ecossistêmicos e oportunidades representadas pela temática dos peixes-anuais, bem como a ausência de um sistema de estímulo/recompensa/pagamento por serviços ambientais são mencionados como fatores que dificultam a proteção dos biótopos. Preencher com informações de GO (Werther), Bahia e Minas Gerais (Maria Rita), compartilhar planilha com grupo. Listar localidades-tipo das espécies e verificar se estão inseridas dentro de UCs ou não, verificar localidades de banco de dados
B21: 2.2 | C21: Realizar levantamento de populações de rivulídeos em unidades de produção no entorno do Parque Estadual do Camaquã visando a identificação de áreas potenciais para criação de reserva legal e/ou a criação de RPPN. | D21: Mapa e relatório técnico do registro de ocorrência das espécies, com identificação de áreas para constituição de reserva legal | E21: Aumento de RL no entorno do Parque, RL como ambientes remanescentes de vegetação original | F21: 44774 | G21: 45992 | H21: Leonardo Urruth (SEMA-RS) | I21: 30000 | J21: Luis Esteban Lanés (Instituto Pró-Pampa), André Luiz de Oliveira (IRGA), Marco Aurélio Azevedo (SEMA-RS) | K21: Entorno do Parque Estadual do Camaquã/RS | M21: (1) A ação pretende dar subsídios para localização de áreas de reserva legal como instrumento de conservação de rivulídeos nas unidades de produção, cumprindo o papel de zona de amortecimento em torno do Parque. (2) Esta ação pode ser replicada para os Estados do Rio de Janeiro e Bahia (Guanambi) e em outros objetivos específicos. (3) Levantar as ameaças potenciais que justifique a ampliação da UC. (4) Vincular este mapeamento às ações de capacitação e selo (ação 2.3). | N21: Pesquisa | Q21: x | U21: Esteban entrou em contato com Leonardo Urruth (SEMA RS). Enchentes do RS afetaram o Parque, sem acesso a estrada. Leonardo conseguiu viatura para acessar o local, embarcação. Expectativa de que ano que vem a ação será realizada. | W21: Enchentes do RS afetaram o local | X21: Luis Esteban Lanés (Instituto Pró-Pampa) | Z21: Realizar levantamento de populações de rivulídeos em unidades de produção no entorno do Parque Estadual do Camaquã e em seu interior, visando a identificação de áreas potenciais para criação de reserva legal e/ou a criação de RPPN.
B22: 2.3 | C22: Construir uma identificação visual para produtores rurais “amigos” dos peixes rivulídeos chancelados pelo PAN. | D22: (1) Cadastro dos produtores rurais com práticas de conservação dos peixes rivulídeos; (2) projeto/financiamento coletivo para produção de conteúdo didático: Manual de Boas Práticas (3) criação do selo "amigo do rivulídeos” (4) encontros de diálogo com os produtores sobre importância da conservação dos peixes rivulídeos, divulgação do selo e do manual de boas práticas | E22: criação de rede de comunicação (uma associação) entre os produtores amigos dos peixes rivulídeos | F22: 44774 | G22: 46569 | H22: Gustavo Fonseca (Rastro - Ecologia Criativa) | I22: 100000 | J22: Luis Esteban Lanés (Instituto Pró-Pampa), Alany Gonçalves (INPA), Gabriel Cotrim (UNIFG), Telton Ramos (UFPB/Instituto Peixes da Caatinga) | K22: Locais identificados na ação 2.1 | L22: Mata Atlântica | M22: Além da identificação sugere-se também promover encontros para lançamento do manual de boas práticas e do selo (sugestão de evento com divulgação de experiências práticas) | N22: Financiamento | P22: x | U22: Pampiana e SEMA/RS criaram projeto com produtores rurais. A questão não é criar selos, e sim elaborar os critérios para isso e monitorá-los. Estados já possuem diversos selos. Esteban: Identificação de produtores para isenção de tributação para conservação das áreas, principalmente em áreas de agronegócio. A identidade visual do selo por si só não traz vantagens, sugestão de exclusão de ação. Denise: pensar em algo relacionado com preservação dos habitats dos animais, e a possibilidade de ter uma placa indicando a ocorrência dos peixes no local (semelhante aos micos). Pagamento por serviços ambientais (Izabel)?, tentar reestruturar o texto da ação. Gustavo: CEPTA entrar em contato com SEMA/RS e IMA. Deise: Pagamentos por serviços ambientais (PSA). Paulo: facilidade em conceder empréstimos ao produtor rural. | W22: Criação de selos requer monitoramento e critérios para isso. | X22: Gustavo Arruda (Rastro Ecologia Criativa), Esteban Lanés (Instituto Pró-Pampa), Denise Rambaldi (INEA/RJ), Malu Araújo (ICMBio/CEPTA), Paulo Gama (Prefeitura do Rio de Janeiro) e Deise Delfino (SEAS/RJ) | Y22: Alterar o texto da ação para desenvolvimento de seleção de critérios (PSA). | Z22: Desenvolver diretrizes/critérios para pagamento por serviços ambientais aos produtores rurais que adotem práticas de conservação dos peixes rivulídeos | AA22: Documento com diretrizes/critérios para pagamento por serviços ambientais aos produtores rurais que adotem práticas de conservação dos peixes rivulídeos | AB22: Certificados firmados com produtores rurais | AE22: Alterar para Matheus Volcan (Instituto Pró-Pampa) | AG22: Incluir Deise Delfino (SEAS/RJ) | AI22: Nacional | AJ22: Pensar em zonas de amortecimento de locais de ocorrência dos rivulídeos
B23: 2.4 | C23: Propor, aos órgãos estaduais de meio ambiente, a ocorrência de peixes rivulídeos ameaçados de extinção como critério para seleção de áreas de Reserva Legal (RL) e Áreas de Proteção Permanente (APP) no âmbito do CAR. | D23: (1) Documento com recomendação enviada a todos os órgãos estaduais e municipais de meio ambiente; (2) convite enviado a ABEMA para apoio a articulação com os Estados; (3) reuniões técnicas com OEMAS | E23: Áreas de ocorrência de rivulídeos ameaçados de extinção demarcadas como Áreas de Proteção Permanente (APP) e Reservas Legais (RL) | F23: 44774 | G23: 45839 | H23: Izabel Boock (ICMBio/CEPTA) | I23: 50000 | J23: Telton Ramos (UFPB/Instituto Peixes da Caatinga), Márcio Joaquim da Silva (UFPA), Denise Rambaldi (INEA/RJ), Sara Alves (INEMA/BA), Leonardo Urruth (SEMA/RS) | K23: Nacionalmente | M23: ICMBio e seus Centros – COPAN reunir com a ABEMA e ANAMA para inclusão das espécies ameaçadas no âmbito do CAR (a conversa já está sendo iniciada pelo projeto Pró-espécies). Documento de sensibilização e biologia dos rivulídeos (serão gerados em outras ações). | N23: Ordenamento e gestão territorial | Q23: x | U23: A articulação entre a COPAN e ABEMA está aparentemente parada, no entanto foi elaborado um ofício para a ABEMA e ANAMA as recomendações para proteção aos rivulídeos e Atlas. INEA/RJ e CEPTA estão organizando um evento para divulgação das espécies e ações para o licenciamento (seminário previsto para ocorrer até o primeiro trimestre de 2025) | W23: Retomar articulação com a ANAMA para potencializar o alcance dos objetivos do PAN | X23: Izabel Boock (ICMBio/CEPTA) | Y23: pegar contatos do RJ com Deise (INEA) | AD23: 46174
B24: 2.5 | C24: Propor a inclusão de áreas de ocorrência de espécies de peixes rivulídeos ameaçados de extinção como importantes para serem contempladas em instrumentos de compensação ambiental (conversão de multas, supressão de habitats, Termo de Ajustamento de Conduta, transação penal, entre outros). | D24: Diagnostico do status legal dos instrumentos de compensação e uma proposta básica de inclusão dos peixes no processo de compensação | E24: (1) inserção efetiva do proprietário na conservação; (2) recursos de compensação ambiental alocados para conservação de biótopos marginais de rodovias | F24: 44774 | G24: 46569 | H24: Leonardo Urruth (SEMA-RS) | I24: 0 | J24: Marco Aurélio Azevedo (SEMA-RS), Denise Rambaldi (INEA/RJ), ABEMA e ANAMA, Mozart Lauxen (IBAMA), Adriana Castilho (CETESB), Simone Mannheimer (MPRJ) | K24: Mata Atlântica, Pampa (está começando no RS) | L24: Pampa | M24: Esta ação pode acompanhar a execução da ação 1.4. Existe uma IN SEMA 01/2018 no RS que deu a oportunidade de a compensação ser direcionada a compra e manutenção de área e não só a compra de mudas e está direcionada a Mata Atlântica e Pampa. | N24: Financiamento | R24: x | U24: Temos o exemplo prático no RS, da possibilidade de utilização de recursos de compensação ambiental, no caso de Reposição Florestal Obrigatória, como viável e exequível. Então, é importante identificar em outros Estados mecanismos semelhantes. Nessa semana, estamos recebendo novos estagiários na minha divisão na SEMA, e proponho a realização do levantamento desses instrumentos nos Estados que sejam mais relevantes para Rivulideos. | X24: Leonardo Urruth (SEMA/RS)
B25: 2.6 | C25: Propor a inclusão da ocorrência de peixes rivulideos ameaçados de extinção como critério para inserção no programa “Produtor de Água”, da Agência Nacional de Águas (ANA), que contempla pagamento por serviços ambientais (PSA). | D25: Proposta de inclusão do critério (ocorrência de peixes rivulídeos ameaçados) enviado para a ANA | E25: inserção efetiva do produtor no programa de conservação | F25: 44774 | G25: 46569 | H25: Izabel Boock (ICMBio/CEPTA) | I25: 5000 | J25: Flavio da Costa Santos (MPGO), Edgar Pereira (IBAMA), Werther Ramalho (Instituto Boitatá) | K25: Brasília, Goiânia | L25: Cerrado/Pantanal | M25: Para se atingir esse produto, será necessário sensibilizar os Comitês de Bacia. Incluir esta ação no GEF Pró-Espécies. É necessário articular e sensibilizar os atores envolvidos ANTES do envio da proposta | N25: Financiamento | P25: x | U25: Ação não iniciada. Não houve contato com a Agência Nacional de Águas e Saneamento Básico (ANA) sobre o programa “Produtor de Água” por parte da articuladora e outros colaboradores. Os Comitês de Bacia Hidrográficas, importantes para o produto da ação, ainda serão delimitados para que ela seja iniciada, conforme identificação das áreas mais críticas. Esse levantamento dos Comitês pode ser feito atrelado ao encaminhamento do Atlas, que está em andamento na Área Temática de Planejamento para Conservação do ICMBio/CEPTA. | W25: É necessária maior articulação entre o grupo para obter informações sobre o programa e como podemos nos inserir | X25: Izabel Boock (ICMBio/CEPTA) | Y25: Listar CBHs importantes para o PAN
B26: 2.7 | C26: Ação excluída na Monitoria Anual 1.
B27: 2.8 | C27: Propor a ocorrência de peixes rivulídeos ameaçados de extinção como critério para obtenção de Imposto sobre Circulação de Mercadorias e Serviços - ICMS Ecológico. | D27: Proposta enviada aos órgãos competentes (Secretarias de Fazenda Estaduais e OEMAS) | E27: inserção efetiva do proprietário na conservação | F27: 44774 | G27: 46569 | H27: Izabel Boock (ICMBio/CEPTA) | I27: 5000 | J27: Flavio da Costa Santos (MPGO), Edgar Pereira (IBAMA), Denise Rambaldi (INEA/RJ) | K27: Estados e municípios com ocorrência de peixes rivulídeos ameaçados de extinção | M27: COPAN e MMA estão articulando a inclusão dos critérios dos PAN (espécies ameaçadas). É necessário articular e sensibilizar os atores envolvidos antes do envio da proposta. | N27: Financiamento | P27: x | U27: Ação não iniciada. Pensar em formas de como estabelecer os critérios para os peixes rivulídeos. Essa ação necessita de articulação com a COPAN sobre uma proposta conjunta de todos os PANs do ICMBio. Articulação do ICMBio e ABEMA está parada. Devem ser pensados formas de estabelecimento de critérios para o Imposto sobre Circulação de Mercadorias e Serviços (ICMS Ecológico); necessário também fazer consulta sobre a reformulação dos tributos para avaliação se esta ação deve permanecer, ser alterada ou excluída na próxima monitoria. | W27: Necessário articular com a COPAN sobre o envio de proposta conjunta para os PANs do ICMBio. Articulação do ICMBio com ABEMA está parada. | X27: Izabel Boock (ICMBio/CEPTA) | Y27: Fazer consulta a respeito da reformulação do ICMS Ecológico. Contatar COPAN para retomar contato com ABEMA.
B28: 2.9 | C28: Promover e estimular a criação de Reservas Particulares do Patrimônio Natural (RPPNs) em áreas de ocorrência confirmada de rivulídeos ameaçados de extinção. | D28: Rede de colaboradores criada para apoiar a criação de RPPNs (parceiros para gerar os mapas que os produtores rurais precisam, por exemplo) | E28: RPPNs criadas | F28: 45139 | G28: 46569 | H28: João Marins (ICMBio/NGI Trombetas) | I28: 50000 | J28: Marco Aurélio Azevedo (SEMA-RS) | K28: Estados e municípios com ocorrência de peixes rivulídeos ameaçados de extinção | M28: Criação de parcerias. O INEA está realizando atividades para criação de RPPNs, como congressos. Esclarecer os produtores, pensar em estratégias para diminuir custos. Integrar com o núcleo de RPPNs do ICMBio. | N28: Unidade de Conservação | R28: x | U28: Sem resposta do articulador. No RJ existe um setor específico que promove a criação de RPPN no INEA (Deise). Bel participa de grupo do Mosaico Central Fluminense (RPPN com ocorrência de rivulídeos). Silvana relatou sobre a possibilidade de criação de RPPN na região do Sudoeste Goiano (próximo a Rio Verde). Região de agronegócio, o que está preservado é RL ou APP. Articulador passou recentemente no concurso. REVIS criada no município do RJ, para proteção de áreas úmidas. | W28: Articulador passou recentemente em concurso. Consultá-lo sobre a possibilidade de continuar como articulador da ação. | X28: Mariana, Deise, Izabel, Silvana | Y28: Possibilidade de incluir como sítios RAMSAR (Paulo vai encaminhar o ato normativo), para pequenas áreas que não justifiquem a criação de UC. Ou criação de APP (e abrir mão da RL para continuar a produção da propriedade) - verificar a possilidade no CAR
A29: 3- INSERÇÃO DO TEMA PEIXES RIVULÍDEOS E SEUS AMBIENTES EM POLÍTICAS PÚBLICAS DE PLANEJAMENTO TERRITORIAL E CONTROLE AMBIENTAL EM ZONAS URBANAS | B29: 3.1 | C29: Oficiar periodicamente os órgãos públicos estaduais e municipais sobre a necessidade de inserção dos peixes rivulídeos ameaçados e seus ambientes no planejamento urbano e gestão ambiental das cidades. | D29: Ofícios encaminhados | E29: Populações de rivulídeos e seus ambientes sejam contemplados nos licenciamentos ambientais municipais | F29: 45139 | G29: 46569 | H29: Izabel Boock (ICMBio/CEPTA) | I29: 0 | J29: Paulo Gama (SMAC-RJ), Matheus Volcan (Instituto Pró-Pampa), Leonardo Urruth (SEMA-RS), Gabriel Cotrim (UNIFG), Alany Gonçalves (INPA), Flavio da Costa Santos (MPGO), Simone Mannheimer (MPRJ), Denise Rambaldi (INEA/RJ), João Rafael Marins (NGI ICMBio Trombetas) | K29: Estados e municípios com ocorrência de peixes rivulídeos ameaçados de extinção | L29: Amazônia, Cerrado/Pantanal | M29: O ofício deve ir minimamente para prefeituras e secretárias municipais e estaduais (meio ambiente, planejamento e urbanismo) e conselhos de meio ambiente. O guia elaborado no objetivo 5 será enviado juntamente com o ofício. Se possível, entrega física do produto por representantes regionais do PAN. Importante pautar diferentes temas anualmente como mecanismo de diálogo. Enviar juntamente ao ofício uma consulta de quais atividades o estado e município estão fazendo para a conservação dos rivulídeos ameçados. Encaminhar sumário executivo do novo ciclo. | N29: Licenciamento | R29: x | U29: Em andamento: ofícios elaborados para envio juntamente com o atlas. Previsão de envio em março de 2025 | W29: Estavamos aguardando para envio de vários produtos em um único ofício, porém decidimos enviar somente o Atlas, por ter sido atualizado recentemente. Alta demanda de trabalho impossibilitou a finalização de outros produtos (Sumario e Doc. licenciamento) | X29: Izabel Boock (ICMBio/CEPTA)
B30: 3.2 | C30: Sensibilizar, principalmente os estados e municípios, para que contemplem os peixes rivulídeos ameaçados e seus ambientes no Plano Diretor, zoneamento, licenciamento e gestão ambiental em áreas urbanas e de expansão urbana. | D30: Oficio encaminhado e entrega qualificada aos estados e municípios-alvo do PAN | E30: Estados e municípios sensibilizados; Planos Diretores contemplando a ocorrência e proteção de rivulídeos ameaçados de extinção. | F30: 44774 | G30: 46569 | H30: Izabel Boock (ICMBio/CEPTA) | I30: 5000 | J30: Luis Esteban Lanés (Instituto Pró-Pampa), Paulo Gama (SEMAC-RJ), Márcio Joaquim da Silva (UFPA) | K30: Nacional | N30: Ordenamento e gestão territorial | R30: x | U30: Ofícios elaborados para envio juntamente com o atlas. Previsão de envio em março de 2025. Para o município de Pelotas já existe um documento (junto com SEMA/RS) de diretrizes de licenciamento. | W30: Há necessidade de maior articulação entre os membros do PAN para possibilitar a entrega qualificada dos produtos:ex. agendar reuniões com as instituições, eventos de divulgação, etc | X30: Izabel Boock (ICMBio/CEPTA) | Y30: Encaminhar via CEPTA ofício para prefeitura de Pelotas, juntamente com documento sobre licenciamento ambiental e atlas
B31: 3.3 | C31: Identificar oportunidades e construir coletivamente com os municípios-alvo mecanismos de conservação dos peixes rivulídeos ameaçados de extinção em zonas urbanas. | D31: Relatório com propostas de incentivos | E31: Incentivar a conservação das áreas urbanas que abrigam os biótopos de peixes rivulídeos ameaçados de extinção | F31: 45139 | G31: 46569 | H31: Paulo Gama (SMAC-RJ) | I31: 0 | J31: Denise Rambaldi (INEA/RJ), João Rafael Marins (ICMBio NGI Trombetas), Izabel Boock (ICMBio/CEPTA) | K31: Estados e municípios com ocorrência de peixes rivulídeos ameaçados de extinção | M31: Exemplo de incentivo tributário – isenção de IPTU na área com registro de ocorrência de rivulídeo | N31: Ordenamento e gestão territorial | R31: x | U31: O articulador Paulo comunicou sua aposentadoria em breve (18 meses) e que não sabe se irá permanecer na articulação desta ação. O articulador comentou sobre a mudança no texto e escopo da ação: "Não tenho dúvidas que a desapropriação da área do imóvel onde ocorre a espécie ameaçada em área particular e protegê-la através de uma UC ou até de uma APP, o que é possível criar via Código Florestal, seria o caminho mais seguro, em tese. Porém, nos meus 34 anos de experiência no serviço público (INEA/RJ, IBAMA/ICMBio e SMAC/RJ), não tenho esperança que os governos irão desembolsar recursos para tal fim, assim como gestão e recursos humanos para pequenos sítios a serem protegidos, pelo menos em sua grande maioria. Soma-se que os recursos de outras entidades internacionais assim como de ONGs normalmente não prevêem desapropriação de terras. Visto isso, na oficina que participei, chegamos a conclusão que nos casos da impossibilidade da desapropriação ou criação de UCs, a isenção tributária como compensação ou estímulo assim como o pagamento por serviços ecossistêmicos seria um caminho a ser perseguido e que tem funcionado em muitos lugares pelo Brasil. No caso do Município do RJ, vc pode através atos normativos tornar algumas áreas de grande importância ecológica como "non aedificandi" sem desapropriá-las. Para compensar esta "perda" de uso pelo proprietário, ele fica isento do IPTU, o que seria justo pelo seu não uso. Isso já acontece no Rio de Janeiro com áreas de APP, propriedades em UC, áreas de reflorestamento da prefeitura, e áreas com floresta nativa em cotas altas (>100) e extensão de área acima de 1 ha. O objetivo desta ação seria emitir relatório com algumas propostas para que todos os municípios alvos, dentro de suas viabilidades, implementem os atos normativos espelhados nos exemplos aqui do Rio de Janeiro e de outros que possam ter. Entendo que construir esta proposta com todos os municípios alvo realmente acho não factível." Dessa forma, após diálogo durante a oficina, sugeriu permanecer no PAN como articulador, e manter a ação, que está em andamento, pelo menos até a próxima Monitoria, em 2025 antes de sua aposentadoria. | W31: Articulador não foi comunicado sobre a alteração no texto da ação e irá se aposentar em breve. | X31: Paulo Gama (Prefeitura do Rio de Janeiro) | Y31: Criar condicionantes robustas, ou criar APP (isenção de impostos de IPTU, áreas de reflorestamento) ou tornar uma área não edificante (área urbana), por meio de decreto municipal. Cardápio com opções para incentivar os municípios a conservação dos ambientes e peixes rivulídeos | Z31: Identificar oportunidades e mecanismos de conservação dos peixes rivulídeos ameaçados de extinção em zonas urbanas. | AA31: Relatório com oportunidades e mecanismos de conservação identificados
B32: 3.4 | C32: Propor a criação de comissões tripartites estaduais ao MMA para discutir a gestão compartilhada de estratégias de conservação dos peixes rivulídeos ameaçados de extinção e seus ambientes ou inserir o tema nas comissões já existentes. | D32: Proposta de criação das comissões tripartites encaminhadas ao MMA e Ata das reuniões | E32: Portaria MMA publicada | F32: 45139 | G32: 46569 | H32: Renata Lopes (SEAS/RJ) | I32: 10000 | J32: Paulo Gama (SMAC-RJ), Leonardo Urruth (SEMA-RS), Marco Aurélio Azevedo (SEMA-RS), Marcelo Raseira (ICMBIO/CEPAM), Fabio Origuela (Meandros), Rubens Aquino (IDEFLOR-BIO/PA) | K32: Estados e municípios com ocorrência de peixes rivulídeos ameaçados de extinção | M32: Identificar as comissões e pautar o tema nas reuniões. Caso essas comissões não existam procurar os conselhos estaduais e municipais, ABEMA e ANAMA. Consultar o Art. 4º da Lei Complementar 140/2011 | N32: Normativas | P32: x | U32: Articulação com MMA não foi feita, mas que há possibilidade de incluir o tema dos rivulídeos junto à ABEMA na Câmara Estadual de Biodiversidade. Sugeriu alterar o texto da ação para inserir o tema da conservação dos peixes rivulídeos e seus ambientes nas Comissões tripartites já existentes (estaduais). | W32: Dificuldade na interlocução junto ao MMA | X32: Deise Delfino (SEAS/RJ) | Y32: Articulação junto à ABEMA na Câmara Estadual de Biodiversidade | Z32: Inserir o tema de estratégias de conservação dos peixes rivulídeos ameaçados de extinção e seus ambientes nas comissões tripartites estaduais já existentes para discutir a gestão compartilhada. | AA32: Proposta de inserção do tema nas comissões tripartites estaduais existentes encaminhadas à ABEMA e Ata das reuniões | AB32: Portarias estaduais publicadas
B33: 3.5 | C33: Propor criação e ou ampliação de unidades de conservação e outras áreas protegidas, especialmente estaduais e municipais, nas áreas de ocorrência dos peixes rivulídeos ameaçados de extinção. | D33: Proposta de criação e revisão de limites de unidades de conservação enviadas aos órgãos competentes | E33: UCs criadas ou ampliadas | F33: 44774 | G33: 46569 | H33: Denise Rambaldi (INEA/RJ) | I33: 10000 | J33: João Rafael Marins (INEA-RJ), Claudia Leite (SEAS-RJ), Anna Carolina Lins (WWF-Brasil), Paulo Gama (SMAC-RJ), Rubens Aquino (IDEFLOR-Bio/PA), Simone Mannheimer (MPRJ) | K33: Casimiro de Abreu (RJ), Rio de Janeiro (RJ) e demais áreas de ocorrência dos rivulídeos ameaçados de extinção | L33: Mata Atlântica, Pampa | M33: Propostas federais, estaduais ou municipais. Incentivar a criação de unidades de conservação de proteção integral. Atentar para os aspectos socioeconômicos da compensação ambiental. Outras áreas protegidas: APP, áreas verdes, reserva arborização | N33: Unidade de Conservação | R33: x | U33: Criação de UC (REVIS dos Campos de Sernambetiba) no município do Rio de Janeiro, existem estudos no INEA para a criação de novas UCs no estado do RJ. Processo de recategorização da APA das Brisas para Parque/REVIS (Proteção Integral). Projeto em Casimiro de Abreu está aguardando liberação de recursos da SEAS (revisão de categoria da UC proposta se forem encontradas outras populações de rivulídeos). Denise irá verificar onde está a proposta. Oficina de priorização de UCs do ICMBio foi realizada em 2024, reforçaram sobre o encaminhamento de novas propostas para o setor do ICMBio. | V33: Criação da REVIS dos Campos de Sernambetiba (2022); Processo de recategorização da APA das Brisas para Parque/REVIS (Proteção Integral) | X33: Deise Delfino (SEAS/RJ), Paulo Gama (Prefeitura do Rio de Janeiro) e Denise Rambaldi (INEA/RJ)
A34: 4- INCLUSÃO DO TEMA PEIXES RIVULÍDEOS E SEUS AMBIENTES NOS PROCESSOS DE PLANEJAMENTO, LICENCIAMENTO E FINANCIAMENTO DE PROJETOS DE INFRAESTRUTURA | B34: 4.1 | C34: Disponibilizar mapas de ocorrência (manchas de distribuição) dos peixes rivulídeos ameaçados de extinção para acesso público | D34: Shapefile com manchas de distribuição disponibilizado na página do PAN e na INDE | E34: Ampliação do conhecimento do público em geral sobre a distribuição dos peixes rivulídeos no Brasil | F34: 44774 | G34: 45292 | H34: Marcio Joaquim da Silva (UFPA) | I34: 0 | J34: CEPTA, Telton Ramos (UFPB/Instituto Peixes da Caatinga), Luciano Montag (UFPA), Francisco Severo Neto (UFMS), Werther Ramalho (Instituto Boitatá), Matheus Volcan (Instituto Pró-Pampa), Luis Esteban Lanés (Instituto Pró-Pampa), Alany Gonçalves (INPA), Helder Espírito Santo (UFPA), Fabio Origuela (Meandros), Domingos Garrone Neto (UNESP) | K34: Nacional | L34: Cerrado/Pantanal | M34: Disponibilizar na página do PAN. Usar o mesmo recorte geográfico que as Áreas Prioritárias (Utilizar as Ottobacias como desenho da área). Incluir o produto dessa ação no objetivo 2 (ação 2.3 – manual de boas práticas). Sobrepor os registros com limites dos municípios e Ucs | N34: Comunicação e Divulgação | P34: x | U34: Ação não iniciada. A ação não é dificil de ser executada. Preciso apenas que os dados mais atuais de registros de espécies sejam disponibilizados para que eu monte os mapas. Com os dados em mãos consigo fazer isso em um ou dois dias. O problema é o acesso as bases de dados atualizadas. | W34: O problema é o acesso às bases de dados atualizadas. | X34: Márcio Silva (UFPA) | Y34: Encaminhar shapefile da base de dados de registros de ocorrência do CEPTA ao Márcio. | AD34: 46569 | AJ34: Ação contínua. Versões poderão ser feitas a partir da atualização de banco de dados de ocorrência das espécies
B35: 4.2 | C35: Atualizar e disponibilizar mapas de ocorrência (ponto) das espécies para órgãos licenciadores, MPF e MP estaduais | D35: Shapefile com o ponto de ocorrência das espécies encaminhado aos órgãos licenciadores, MPF e estaduais | E35: Divulgação e utilização das informações de registros de ocorrência de peixes rivulídeos em processos de licenciamento ambiental | F35: 44774 | G35: 46569 | H35: Izabel Boock (ICMBio/CEPTA) | I35: 0 | J35: Márcio Joaquim da Silva (UFPA), Luciano Montag (UFPA), Telton Ramos (UFPB/Instituto Peixes da Caatinga), Oscar Barroso Junior (Instituto Natureza do Tocantins), Luis Esteban Lanés (Instituto Pró-Pampa), Alany Gonçalves (INPA), Gabriel Cotrim (UNIFG), Flavio da Costa Santos (MPGO), Leonardo Urruth (SEMA-RS), Domingos Garrone Neto (UNESP), Francisco Severo Neto (UFMS), Simone Mannheimer (MPRJ) | K35: Estados e municípios com ocorrência de peixes rivulídeos ameaçados de extinção | L35: Mata Atlântica | M35: Levar em consideração informações estaduais. Esse mapa deve ter acesso restrito. Sobrepor os registros com limites dos municípios e Ucs | N35: Licenciamento | R35: x | U35: Ação iniciada. Os mapas foram gerados, bem como os arquivos em formato kml e shapfile. Ofício em fase final de elaboração para envio até março de 2025. | X35: Izabel Boock (ICMBio/CEPTA) | Y35: Reenviar os dados sempre que houver atualização da base do CEPTA
B36: 4.3 | C36: Elaborar e disponibilizar um protocolo mínimo para subsidiar os Termos de Referência e Planos Básico Ambiental (PBAs) de empreendimentos passíveis de atos autorizativos, incluindo empreendimentos já licenciados com ocorrência comprovada de rivulídeos ameaçados. | D36: Protocolo elaborado e divulgado; Atas de reuniões, ofícios de solicitação de informações enviados, página do PAN e orgãos do SISNAMA | E36: Inclusão de peixes rivulídeos nos processos de licenciamento ambiental, desde as primeiras etapas processuais | F36: 44774 | G36: 46569 | H36: Marcio Joaquim da Silva (UFPA) | I36: 0 | J36: Telton Ramos (UFPB/Instituto Peixes da Caatinga), Mozart Lauxen (IBAMA), Mariana Espécie (EPE), Adriana Castilho (CETESB), Werther Ramalho (Instituto Boitatá), Matheus Volcan (Instituto Pró-Pampa), Leonardo Urruth (SEMA-RS), Luis Esteban Lanés (Instituto Pró-Pampa), Alany Gonçalves (INPA), Fabio Origuela (Meandros) | K36: Pará, Rio de Janeiro, Bahia, Minas Gerais, bem como todos os demais estados com ocorrência. | M36: Elaboração do protocolo deve ser feita no 1º ano. Considerar informações básicas das espécies, medidas de mitigação, métodos de coleta. Levar em consideração as informações do 1º ciclo. Considerar as especificidades das regiões e das tipologias de empreendimentos. Ressaltar a importância de depositar em coleções científicas de instituição de referência. Colocar essa ação antes da de capacitação. Lembrar de incluir uma planilha (LAF-SISBIO) com informações mínimas. Inserir no protocolo a consulta aos PRIMs existentes. Atenção: existem obras que impactam rivulídeos e que não incluem nos termos de referência informação sobre a ictiofauna. Promotor de meio ambiente de Goiás, Nelson, disponível para abrigar capacitação sobre rivulídeos. | N36: Licenciamento | R36: x | V36: Mapa encaminhado à coordenadora Izabel e protocolo mínimo elaborado em sua primeira versão | X36: Marcio Silva (UFPA) | Y36: Sugestão: refazer mapa com buffer/manchas de distribuição ou polígono feito com os pontos de ocorrência de rivulídeos para cada estado.
B37: 4.4 | C37: Articular com os órgãos licenciadores que os dados de rivulídeos oriundos dos licenciamentos sejam incorporados, de forma sistemática, à base de dados do ICMBio/CEPTA. | D37: Relatórios com os dados, planilhas recebidas | E37: Ampliar a base de dados de ocorrência de rivulídeos | F37: 44774 | G37: 46569 | H37: Izabel Boock (ICMBIO/CEPTA) | I37: 0 | J37: Mozart Lauxen (IBAMA), Telton Ramos (UFPB/Instituto Peixes da Caatinga), Márcio Joaquim da Silva (UFPA), Oscar Barroso Junior (Instituto Natureza do Tocantins), Domingos Garrone Neto (UNESP), Simone Mannheimer (MPRJ) | K37: Nacional | M37: A forma de disponibilização deverá constar no protocolo mínimo. Sugestão de utilizar a planilha LAF-SISBIO como modelo | N37: Gestão da Informação | R37: x | U37: A base vem sendo atualizada com dados de trabalhos acadêmicos e eventualmente com informações recebidas de processos de licenciamento, quando há soliticação de parecer do CEPTA. Segundo Mozart, no que se refere ao Ibama, em 2025 deverá entrar em pleno funcionamento o Sisbia, que foi desenvolvido em parceria com o ICMBio para receber todos os dados de fauna e flora produzidos nos processos de licenciamento ambiental federal, um banco de dados similar ao Sisbio. Há possibilidade dele ser disponibilizado aos estados e municípios, mas depende de adequações técnicas e não deve ocorrer tão cedo. Em outubro/2024 começamos uma fase piloto, em que cerca de dez grandes empresas estão inserindo dados legados de forma assistida, com o auxílio de analistas do Ibama. Uma das empresas que indiquei foi a Eletrobras, com o processo do Parque Minuano, no Chuí, onde existem importantes registros de populações de Austrolebias charrua, A. luteoflammulatus e A. prognathus, a maior parte coletada pelo Esteban e Mateus. Com isso, na esfera federal deve ficar resolvida esta ação, pois o Sisbia será de acesso público e o CEPTA terá acesso aos dados. Em relação aos estados e municípios, a planilha LAF-Sisbio não está mais disponível no site do ICMBio, mas sugiro anexarmos uma planilha com dados básicos no protocolo de licenciamento (se é que já não está lá), minimamente data da coleta, espécie, quantidade, lat/long e coletor. | V37: Base de dados atualizada | W37: Necessidade de maior articulação com orgãos licenciadores, para obtenção dos dados (solicitar apoio da COPAN, pois é atividade de interesse para todos as espécies ameaçadas) | X37: Izabel Boock (ICMBio/CEPTA) e Mozart Laurent (IBAMA) | Y37: Sugestão: anexarmos uma planilha com dados básicos no protocolo de licenciamento (se é que já não está lá), minimamente data da coleta, espécie, quantidade, lat/long e coletor, nº tombo, responsável técnico pela área da ictiologia da consultoria ambiental, nome do empreendimento (verificar modelos spplink, GBIF, modelo SALVE/ICMBio)
B38: 4.5 | C38: Ação agrupada com ação 4.3 na Monitoria Anual 1.
A39: 5- ESTABELECIMENTO DE ESTRATÉGIAS PARA CONSERVAÇÃO EX-SITU E COMBATE À EXPLOTAÇÃO ILEGAL DE PEIXES RIVULÍDEOS E SEUS OVOS | B39: 5.1 | C39: Implementar uma rede de criadores científicos com finalidade de pesquisa ou conservação e zoológicos/aquários. | D39: Proposta de normativa visando disciplinar atividade de criação científica com finalidade de pesquisa e/ ou conservação de espécies rivulídeos nativas encaminhada ao IBAMA. | E39: Participar da gestão dos plantéis de peixes rivulídeos ameaçados de extinção | F39: 44774 | G39: 46569 | H39: Edgar Pereira (IBAMA/Sede) | I39: 5000 | J39: Daniel Carvalho (IBAMA), Sara Brito Alves (INEMA-BA), Adriana Castilho (CETESB), Telton Ramos (UFPB/Instituto Peixes da Caatinga), Márcio Joaquim da Silva (UFPA), José Leonardo Mattos (UFRJ), Humberto Espírito Santo de Mello (FZB-BH) | K39: Estados onde estão os criadores (SISBIO) | M39: Utilizar SISBIO como fonte de informação inicial e edital público para cadastro | N39: Manejo ex situ | Q39: x | U39: Sem informações do articulador. Entrar em contato novamente com Edgar/Mozart (rodada virtual) | W39: Articulador não retornou o contato. | X39: Mariana Bissoli (ICMBio/CEPTA) | Y39: Perguntar ao Paulo Gama sobre Notholebias mimimus como parte da condicionante ambiental de condomínio no RJ (manutenção da espécie no Projeto Piabanha). Entrar em contato com representante da AZAB, e Aquário de Belo Horizonte (Thiago Carvalho) | Z39: Implementar uma rede de criadores científicos com finalidade de pesquisa ou conservação e zoológicos/aquários/instituições do terceiro setor.
B40: 5.2 | C40: Ação excluída na Monitoria Anual 1.
B41: 5.3 | C41: Identificar as espécies prioritárias para manutenção ex situ (científico para pesquisa, conservação e comercial) com base em uma matriz de critérios. | D41: (1) Matriz elaborada por categoria de criadouro; (2) Lista de espécies prioritárias por categoria de criadouro; (3) Elaborar e disponibilizar nota técnica para subsidiar decisão dos órgãos licenciadores (IBAMA e MAPA) | E41: Protocolos estabelecidos para manutenção ex situ; Verificar viabilidade de criação comercial de rivulídeos com rastreabilidade e normas de segurança; Manutenção ex situ de espécies extintas na natureza com finalidade de conservação | F41: 44774 | G41: 45839 | H41: Daniel Carvalho (IBAMA) | I41: 10000 | J41: José Leonardo Mattos (UFRJ), Inácia (MAPA), Izabel Boock (ICMBIO/CEPTA), Fabio Origuela (Meandros) | K41: Nacional | M41: A lista elaborada será um piloto para os criadouros, com a indicação, a princípio, de 1 espécie para criadouro comercial. A espécie indicada para criação comercial deve ser uma espécie não ameaçada de extinção. A proposta de manutenção ex situ com finalidade científica deve contemplar a indicação de espécies “extintas na natureza” | N41: Manejo ex situ | P41: x | U41: Sem informações do articulador. Tentar entrar em contato novamente. Em 2023, foi finalizado o acordo de cooperação do ICMBio com AZAB (rivulídeo - Ophtalmolebias constanciae). CSE IUCN tem sede em Foz do Iguaçu e pode avaliar as espécie para ver se é necessário algum programa de cativeiro. | W41: Articulador não retornou o contato. | X41: Izabel Boock (ICMBio/CEPTA) | Y41: CSE IUCN tem sede em Foz do Iguaçu e pode avaliar as espécie para ver se é necessário algum programa de cativeiro. Avaliar a possibilidade de incluir rivulídeo. | AD41: 46569
B42: 5.4 | C42: Ação agrupada com ação 1.5 na Monitoria Anual 1.
B43: 5.5 | C43: Diagnosticar a explotação ilegal dos rivulídeos com base nas apreensões e ações fiscalizatórias realizadas por órgãos de controle e comércio eletrônico. | D43: Sugestão de inclusão dos rivulídeos na CITES | E43: Inclusão na CITES | F43: 44774 | G43: 46569 | H43: Izabel Boock (ICMBio/CEPTA) | I43: 0 | J43: Alany Gonçalves (INPA), Izabel Boock (ICMBIO/CEPTA), Telton Ramos (UFPB/Instituto Peixes da Caatinga), Simone Mannheimer (MPRJ), Domingos Garrone Neto (UNESP), Márcio Joaquim da Silva (UFPA), Sara Brito Alves (INEMA-BA), Roberta Holmes (MMA/DESP), Daniel Carvalho (IBAMA) | K43: Nacional | M43: Solicitar apoio da Organização Traffic, ABIN, ICCWC/ONU, Freeland Brasil. Consultar Associações de killifish no exterior. Verificar quais foram as espécies consultadas para criação comercial no MAPA. Próxima reunião CITES será realizada em outubro/21 | N43: Fiscalização | R43: x | U43: Proposta CITES em elaboração. Grupo já se reuniu para definir diretrizes da proposta (se incluir toda a família Rivulidae ou selecionar apenas alguns gêneros) e deve encaminhar uma proposta até o início de 2025 para que possa ser avaliada na proxima Conferencia das Partes (COP 30 no 2º semestre de 2025) | X43: Izabel Boock (ICMBio/CEPTA) | Y43: Detalhar questões biológicas do grupo na proposta
B44: 5.6 | C44: Fortalecer e ampliar a cooperação técnica entre ICMBio e AZAB para peixes rivulídeos ameaçados de extinção, em conformidade com o PAN. | D44: Acordos de Cooperação Técnica, protocolos de manutenção ex situ | E44: Mais espécies de rivulídeos sendo mantidas em programas de conservação ex situ | F44: 44774 | G44: 46569 | H44: Izabel Boock (ICMBio/CEPTA) | I44: 50000 | J44: Humberto Espírito Santo de Mello (FZB-BH), Daniel Carvalho (IBAMA) | K44: Instituições legalizadas para manutenção ex situ | N44: Manejo ex situ | R44: x | U44: O acordo firmado entre ICMBio e AZAB será prorrogado, com possibilidade de inclusão de novas atividades e espécies (minuta no novo ACT está sendo elaborada). Ophtalmolebias constanciae deve ser mantida (2 locais com manutanção da espécie). Mestrado Davi Oliveira CEPTA: protocolo de manutenção de Hypsolebias janaubensis, e protocolo iniciado para Campellolebias?. | V44: Protocolo elaborado para o gênero Hypsolebias (mestrado Davi Oliveira CEPTA) | X44: Izabel Boock (ICMBio/CEPTA)
B45: 5.7 | C45: Identificar e capacitar atores sociais locais que possam atuar como guardiões de ambientes de peixes rivulídeos. | D45: (1) Lista de comunidades próximas aos biótopos conhecidos (contatos e localidades); (2) Atividades locais informais para sensibilização da comunidade | E45: Rede de informação comunitária sobre os ambientes de ocorrência de rivulídeos ameaçados de extinção. | F45: 44774 | G45: 46569 | H45: Edgar Pereira (IBAMA/Sede) | I45: 200000 | J45: Daniel Carvalho (IBAMA), Gustavo Arruda (Rastro - Ecologia Criativa), Gabriel Cotrim (UNIFG), Izabel Boock (ICMBIO/CEPTA), Denise Rambaldi (INEA/RJ), Lailton Câmara Fernandes (SEMA-BA), Paulo Gama (SMAC-RJ) | K45: Piloto - Casimiro de Abreu, Rio das Ostras e Cabo Frio. Locais de ocorrência de peixes rivulídeos ameaçados de extinção | M45: Como referência, consultar o aplicativo InvasorasRS. Produção de material impresso, bonés, kits para a comunidade. Piloto em Casimiro de Abreu, Rio das Ostras e Cabo Frio (biótopos das espécies Ophthalmolebias constanciae, Nematolebias whitei e Notholebias cruzi) | N45: Capacitação e EA | Q45: x | U45: Sem informação do articulador. Projeto em Casimiro de Abreu está para ser iniciado. Aguardando liberação de recursos pelo SEAS. Lista elaborada por Esteban com os contatos dos produtores rurais pode ser utilizada. | V45: Lista elaborada por Esteban com os contatos dos produtores rurais pode ser utilizada. | W45: Articulador não retornou o contato. | X45: Denise Rambaldi (INEA/RJ)
A49: PLANEJAMENTO DE NOVAS AÇÕES
A51: NOVAS AÇÕES: | C51: 1
A53: OBJETIVO ESPECÍFICO | B53: Nº | C53: Ação | D53: Produto | E53: Resultados esperados | F53: Período | H53: Articulador | I53: Custo estimado (R$) | J53: Colaboradores | K53: Localização | M53: Observações | N53: Linha Temática
F54: Início | G54: Fim | K54: Localidades | L54: Área de relevância
A55: 1- AMPLIAÇÃO E DIVULGAÇÃO DO CONHECIMENTO, DE FORMA TRANSVERSAL, SOBRE PEIXES RIVULÍDEOS E SEUS AMBIENTES PARA TODA A SOCIEDADE | B55: 1.10 | C55: Integração entre PAN Rivulídeos, PAN Lagoas do Sul, PATs e outros PANs com áreas de ocorrência de peixes rivulídeos | D55: Parcerias entre PATs e PAN Lagoas do Sul estabelecidas, relatórios de atividades compartilhados | E55: Integração e otimização das ações similares do PAN Rivulídeos, outros PANs e PATs | F55: 45597 | G55: 46569 | H55: Izabel Boock (ICMBio/CEPTA) | I55: 0 | J55: pessoas do gat e colaboradores que participam de PATs | K55: Levantamento necessita ser realizado | L55: Nacional | M55: PAN Lagoas do Sul, PATs, PAN Iguaçu (Austrolebias araucarianus) | N55: Ordenamento e gestão territorial
A65: OBJETIVO ESPECÍFICO | B65: Nº | C65: Ação | D65: Produto | E65: Resultados esperados | F65: Período | H65: Articulador | I65: Custo estimado (R$) | J65: Colaboradores | K65: Localização | M65: Observações | N65: Linha Temática
F66: Início | G66: Fim | K66: Localidades | L66: Área de relevância
A67: INSERIR O NOME DO OBJETIVO ESPECÍFICO | C67: Inserir nova ação
A77: OBJETIVO ESPECÍFICO | B77: Nº | C77: Ação | D77: Produto | E77: Resultados esperados | F77: Período | H77: Articulador | I77: Custo estimado (R$) | J77: Colaboradores | K77: Localização | M77: Observações | N77: Linha Temática
F78: Início | G78: Fim | K78: Localidades | L78: Área de relevância
C79: Inserir nova ação
A89: OBJETIVO | B89: Nº | C89: Ação | D89: Produto | E89: Resultados esperados | F89: Período | H89: Articulador | I89: Custo estimado (R$) | J89: Colaboradores | K89: Localização | M89: Observações | N89: Linha Temática
F90: Início | G90: Fim | K90: Localidades | L90: Área de relevância

Sheet Painel de Gestão - 2
B1: PLANO DE AÇÃO NACIONAL DE CONSERVAÇÃO DE ESPÉCIES AMEAÇADAS DE EXTINÇÃO - PAN
B3: ='Monitoria Anual - 1'!A2 -> "Plano de Ação Nacional para a Conservação dos Peixes Rivulídeos Ameaçados de Extinção - PAN Rivulídeos"
B5: Objetivo Geral do PAN | D5: ='Monitoria Anual - 1'!B4 -> Consolidar e ampliar estratégias de conservação dos peixes rivulídeos ameaçados de extinção e dos seus ambientes, em cinco anos
B7: Data da monitoria | D7: ='Monitoria Anual - 2'!B6 -> 05/11/2024 - 07/11/2024 (virtual)
B9: PAINEL DE GESTÃO DO PAN
B11: RESUMO DA SITUAÇÃO DAS AÇÕES DO PAN
C13: SITUAÇÃO ATUAL DAS AÇÕES - 2ª MONITORIA (2024)
C14: SITUAÇÃO DAS AÇÕES | D14: MONITORIA | E14: % | F14: PÓS MONITORIA | G14: %
C15: Excluída ou Agrupada - Pós-monitoria | F15: =COUNTA('Monitoria Anual - 2'!T11:T885) -> 0 | G15: =F15/$F$22 -> 0
C16: Início planejado é posterior ao período monitorado | D16: =COUNTA('Monitoria Anual - 2'!O11:O885) -> 0 | E16: =D16/$D$22 -> 0 | F16: =D16-AB16 -> 0 | G16: =F16/$F$22 -> 0
C17: Não iniciada ou não concluída | D17: =COUNTA('Monitoria Anual - 2'!P11:P885) -> 6 | E17: =D17/$D$22 -> 0.2 | F17: =D17-AB17 -> 6 | G17: =F17/$F$22 -> 0.19354839
C18: Em andamento com problemas de realização | D18: =COUNTA('Monitoria Anual - 2'!Q11:Q885) -> 7 | E18: =D18/$D$22 -> 0.23333333 | F18: =D18-AB18 -> 7 | G18: =F18/$F$22 -> 0.22580645
C19: Em andamento no período previsto | D19: =COUNTA('Monitoria Anual - 2'!R11:R885) -> 16 | E19: =D19/$D$22 -> 0.53333333 | F19: =D19-AB19 -> 16 | G19: =F19/$F$22 -> 0.51612903
C20: Concluída | D20: =COUNTA('Monitoria Anual - 2'!S11:S885) -> 1 | E20: =D20/$D$22 -> 0.033333333 | F20: =D20-AB20 -> 1 | G20: =F20/$F$22 -> 0.032258065
C21: Ações Novas - Pós-monitoria | F21: ='Monitoria Anual - 2'!C51 -> 1 | G21: =F21/$F$22 -> 0.032258065
C22: TOTAL DE AÇÕES DO PAN | D22: =SUM(D16:D20) -> 30 | E22: =SUM(E15:E21) -> 1 | F22: =SUM(F16:F21) -> 31 | G22: =SUM(G16:G21) -> 1
C23: Ações Agrupadas na Monitoria | D23: =COUNTIF('Monitoria Anual - 2'!T11:T885,"Agrupada") -> 0
C24: Ações Excluídas na Monitoria | D24: =COUNTIF('Monitoria Anual - 2'!T11:T46,"Excluída") -> 0
B27: PAINEL DE OBJETIVOS ESPECÍFICOS DO PAN
C29: Número de Objetivos Específicos | D29: =COUNTA('Monitoria Anual - 2'!A11:A45) -> 5
C31: Objetivos Específicos | D31: Ações
C32: OBJETIVO 1 | D32: =SUM(F32:J32) -> 14 | E32: =COUNTA('Monitoria Anual - 2'!T11:T25) -> 0 | F32: =COUNTA('Monitoria Anual - 2'!O11:O25) -> 0 | G32: =COUNTA('Monitoria Anual - 2'!P11:P25) -> 2 | H32: =COUNTA('Monitoria Anual - 2'!Q11:Q25) -> 5 | I32: =COUNTA('Monitoria Anual - 2'!R11:R25) -> 6 | J32: =COUNTA('Monitoria Anual - 2'!S11:S25) -> 1
C33: OBJETIVO 2 | D33: =SUM(F33:J33) -> 12 | E33: =COUNTA('Monitoria Anual - 2'!T26:T40) -> 0 | F33: =COUNTA('Monitoria Anual - 2'!O26:O40) -> 0 | G33: =COUNTA('Monitoria Anual - 2'!P26:P40) -> 3 | H33: =COUNTA('Monitoria Anual - 2'!Q26:Q40) -> 1 | I33: =COUNTA('Monitoria Anual - 2'!R26:R40) -> 8 | J33: =COUNTA('Monitoria Anual - 2'!S26:S40) -> 0
C34: OBJETIVO 3 | D34: =SUM(F34:J34) -> 4 | E34: =COUNTA('Monitoria Anual - 2'!T41:T45) -> 0 | F34: =COUNTA('Monitoria Anual - 2'!O41:O45) -> 0 | G34: =COUNTA('Monitoria Anual - 2'!P41:P45) -> 1 | H34: =COUNTA('Monitoria Anual - 2'!Q41:Q45) -> 1 | I34: =COUNTA('Monitoria Anual - 2'!R41:R45) -> 2 | J34: =COUNTA('Monitoria Anual - 2'!S41:S45) -> 0
C35: OBJETIVO 4 | D35: =SUM(F35:J35) -> 5 | E35: =COUNTA('Monitoria Anual - 2'!#REF!) -> 1 | F35: =COUNTA('Monitoria Anual - 2'!#REF!) -> 1 | G35: =COUNTA('Monitoria Anual - 2'!#REF!) -> 1 | H35: =COUNTA('Monitoria Anual - 2'!#REF!) -> 1 | I35: =COUNTA('Monitoria Anual - 2'!#REF!) -> 1 | J35: =COUNTA('Monitoria Anual - 2'!#REF!) -> 1
C36: OBJETIVO 5 | D36: =SUM(F36:J36) -> 5 | E36: =COUNTA('Monitoria Anual - 2'!#REF!) -> 1 | F36: =COUNTA('Monitoria Anual - 2'!#REF!) -> 1 | G36: =COUNTA('Monitoria Anual - 2'!#REF!) -> 1 | H36: =COUNTA('Monitoria Anual - 2'!#REF!) -> 1 | I36: =COUNTA('Monitoria Anual - 2'!#REF!) -> 1 | J36: =COUNTA('Monitoria Anual - 2'!#REF!) -> 1

Sheet Monitoria Anual - 3
A1: PLANO DE AÇÃO NACIONAL DE CONSERVAÇÃO DE ESPÉCIES AMEAÇADAS DE EXTINÇÃO - PAN
A2: ='Monitoria Anual - 1'!A2 -> "Plano de Ação Nacional para a Conservação dos Peixes Rivulídeos Ameaçados de Extinção - PAN Rivulídeos"
A4: Objetivo geral do PAN | B4: ='Monitoria Anual - 1'!B4 -> Consolidar e ampliar estratégias de conservação dos peixes rivulídeos ameaçados de extinção e dos seus ambientes, em cinco anos
A6: Data da monitoria | B6: 29/09/2025 - 03/10/2025 (presencial) | AQ6: Agrupada
AQ7: Excluída
A8: PLANEJAMENTO DO PAN | O8: SITUAÇÃO ATUAL | Z8: REPROGRAMAÇÃO DO PAN
A9: OBJETIVOS ESPECÍFICOS | B9: Nº | C9: Ação | D9: Produto | E9: Resultados esperados | F9: Período | H9: Articulador | I9: Custo estimado (R$) | J9: Colaboradores | K9: Localização | M9: Observações | N9: Linha Temática | O9: Ação cujo início planejado é posterior ao período monitorado | P9: Ação não iniciada ou não concluída | Q9: Ação em andamento com problemas de realização | R9: Ação em andamento no período previsto | S9: Ação concluída | T9: Ação excluída ou agrupada | U9: Descrição do andamento da ação | V9: Produto obtido | W9: Problemas enfrentados que justificam a não execução, a execução parcial da ação, a exclusão ou o agrupamento | X9: Responsável pela informação sobre o andamento da ação | Y9: Recomendações ou Observações | Z9: Revisão do texto da ação | AA9: Revisão do produto da ação | AB9: Revisão do resultado esperado | AC9: Revisão da data de início | AD9: Revisão da data de término | AE9: Revisão do articulador da ação | AF9: Revisão do custo estimado | AG9: Revisão dos colaboradores | AH9: Revisão das localidades | AI9: Revisão Área de Relevância | AJ9: Revisão das observações | AK9: Revisão da Linha Temática
F10: Início | G10: Fim | K10: Localidades | L10: Área de Relevância
A11: 1- AMPLIAÇÃO E DIVULGAÇÃO DO CONHECIMENTO, DE FORMA TRANSVERSAL, SOBRE PEIXES RIVULÍDEOS E SEUS AMBIENTES PARA TODA A SOCIEDADE | B11: 1.1 | C11: Criar e manter um núcleo de comunicação social do PAN para divulgação dos peixes rivulídeos e seus ambientes. | D11: Núcleo criado com diretrizes definidas. Plano de comunicação elaborado. | E11: Criação de um plano básico de comunicação social; compilação e distribuição de conteúdo gerado pelo PAN e seus parceiros; divulgação de ações, eventos e políticas públicas ligadas a conservação das espécies de rivulídeos; padronização e monitoramento do alcance das ações do PAN nas redes sociais; e promover a interatividade entre a pesquisa e comunidade. | F11: 44774 | G11: 46569 | H11: Gustavo Arruda (Rastro - Ecologia Criativa) | I11: R$ 240.000,00 | J11: Anna Carolina Lins (WWF-Brasil), Paulo Gama (SEMAC-RJ), Matheus Volcan (Instituto Pró-Pampa), João Marins (NGI ICMBio Trombetas) , Werther Ramalho (Instituto Boitatá), Francisco Severo Neto (UFMS), Larissa França (SEMA-AM), Gustavo Fonseca (Rastro - Ecologia Criativa), Alany Gonçalves (INPA), Marco Aurélio Azevedo (SEMA-RS), Fábio Origuela de Lira (Meandros), Humberto de Mello (FPMZB), Telton Ramos (UFPB/Instituto Peixes da Caatinga), Luciano Montag (UFPA), Domingos Garrone Neto (UNESP), Simone Mannheimer (MPRJ), Márcio Joaquim da Silva (UFPA), Mozart Lauxen (IBAMA), Mariana Gutiérrez de Menezes (WWF-Brasil), Carlos Luz (Universidade Cidade de São Paulo) | K11: Nacional | M11: (1) As informações serão fornecidas pelos parceiros do PAN, sendo necessário definir o fluxo de informações. (2) Avaliar no Plano de Comunicação uma estratégia para a divulgação de conteúdos de forma que possam engajar redes e público alvo. (3) Devido a ampla gama de parceiros que proporcionarão conteúdo, sugere-se aproveitar o máximo possível os canais de comunicação correspondentes e avaliar a criação de um perfil no Instagram ao invés de usar todas as redes sociais. (4) Estimou-se um custo de R$ 2.000,00/mês por 10 anos. | N11: Comunicação e Divulgação | Q11: x | U11: (1) Fluxo de informação ainda não foi definido; (2) Já existe um aumento de publicações sobre os peixes-anuais e o PAN via CEPTA/ICMBio, PAT Campanha Sul e Serra do Sudeste, Peixes da Caatinga, Gestão ambiental da duplicação da BR-116/RS - DNIT, entre outros, porém de forma autônoma - sem um Plano de Comunicação; (3) Não houve aporte de recurso para contratação da empresa, mas há um aumento das publicações; (4) Houve pedido de recurso via projeto de compensação de multas do IBAMA, aguardando interessado (Izabel). | W11: Existe o aumento significativo na produção de conteúdo, só não existe o plano formalizado ou estratégia do PAN, por falta de recurso e de uma equipe dedicada exclusivamente para isso. | X11: Gustavo Arruda (Rastro Ecologia Criativa) | Y11: Fazer aporte financeiro para contratar um(a) bolsista, jornalista ou empresa especializada - por um ou dois anos - para montar o plano de comunicação e operá-lo por um período pré-determinado. Elaborar Núcleo de Comunicação Social e Educação Ambiental do PAN Rivulídeos no Whatsapp: GAT Rivulídeos e colaboradores (Gustavo Arruda, Telton Ramos, Márcio Silva, Esteban Lanés, Silvana Barbosa, Rogério Machado, Mariana Gutierrez WWF, Luisa Sarmento-Soares) - dividir o documento em capítulos
B12: 1.2 | C12: Divulgar o PAN nos órgãos públicos de meio ambiente, órgãos licenciadores, MPF, MP Estaduais e conselhos ambientais com o objetivo de criar parcerias e sensibilizar para a importância dos peixes rivulídeos ameaçados e seus ambientes. | D12: Documentos oficiais (Oficios, Atas de reuniões, Relatórios) | E12: Instituições públicas cientificadas do PAN RIvulídeos | F12: 44774 | G12: 46569 | H12: Izabel Boock (ICMBio/CEPTA) | I12: 105000 | J12: Paulo Gama (SMAC-RJ), Werther Ramalho (Instituto Boitatá), Anna Carolina Lins (WWF/Brasil), Claudia Leite (SEAS-RJ), Alany Gonçalves (INPA), Marco Aurélio Azevedo (SEMA-RS), João Marins (INEA-RJ), Rogério Garcia Machado (ICMBio/CEPTA), Simone Mannheimer (MPRJ) | K12: Nacional | M12: (1) Reunião com servidores públicos nas áreas de ocorrência dos peixes rivulídeos ameaçados. (2) Verificar como funcionam os órgãos de justiça e segurança pública. (3) Enviar o Sumário Executivo. (4) O custo estimado envolve viagens (passagem e diárias) e impressão do Sumário. (5) Incluir ABEMA e ANAMA. | N12: Comunicação e Divulgação | R12: x | U12: Ofício enviados para ABEMA, ANAMMA, MPF, MPEs, IBAMA, 19 estados com ocorrência de rivulídeos (acompanhados do atlas e protocolo mínimo). | V12: Ofícios enviados (processos SEI 02031.000016/2025-47 e 02031.000020/2025-13) | X12: Izabel Boock (ICMBio/CEPTA) | Y12: Enviar ofícios e entrega qualificada às 491 prefeituras de municípios com ocorrência de peixes rivulídeos. Submeter projetos para obtenção de diárias para entrega qualificadas aos municípios. Enviar e-mail para ANNAMA questionando como foi o repasse dos materias.
B13: 1.3 | C13: Promover estudos voltados para taxonomia, genética, biologia, ecologia e limites de distribuição geográfica para conservação dos peixes rivulídeos ameaçados de extinção. | D13: Artigos, teses, dissertações, relatórios técnicos, resumos em anais de congressos. | E13: Ampliação do conhecimento sobre as espécies e proposta de medidas para sua conservação | F13: 44774 | G13: 46569 | H13: Matheus Volcan (Instituto Pró-Pampa) | I13: 500000 | J13: Luis Estaban Lanés (Instituto Pró-Pampa), Werther Ramalho (Instituto Boitatá), Gustavo Fonseca (Rastro - Ecologia Criativa), Francisco Severo Neto (UFMS), Alany Gonçalves (INPA), Domingos Garrone Neto (UNESP), Luciano Montag (UFPA), Márcio Joaquim da Silva (UFPA), Telton Ramos (UFPB/Instituto Peixes da Caatinga), Gabriel Cotrim (UniFG), Luisa Maria Sarmento Soares (Nossos Riachos), Carlos Luz (Universidade Cidade de São Paulo); Silvana Rodrigues (IF Goiano campus Rio Verde) | K13: Áreas de ocorrência de peixes rivulídeos ameaçados extinção | L13: Amazônia, Cerrado/Pantanal | M13: Muitas áreas subamostradas, problemas taxonômicos, necessidade de realizar um levantamento das informações existentes. | N13: Pesquisa | R13: x | U13: Diversos projetos de pesquisa estão sendo executados, em todos os biomas com registro de espécies ameaçadas. | V13: Já existe um documento interno, em construção, onde constam as publicações sobre rivulídeos no período de vigência do segundo ciclo do PAN. | X13: GAT PAN Rivulídeos | Y13: Solicitar ao GAT publicações e links
B14: 1.4 | C14: Construir e executar estratégia de comunicação para conservação dos peixes rivulídeos ameaçados de extinção voltada para produtores rurais. | D14: Material didático sobre boas práticas de manejo para evitar e mitigar os possíveis impactos sobre os habitats de peixes rivulídeos ameaçados de extinção; vídeos educativos; cartilhas para diferentes públicos (grandes e pequenos produtores). | E14: Conscientização do público diretamente relacionado | F14: 44774 | G14: 46569 | H14: Gustavo Arruda (Rastro Ecologia Criativa) | I14: 200000 | J14: Gabriel Cotrim (UNIFG), Tiago Aquino (SEMAD-GO), Luis Estaban Lanés (Instituto Pró-Pampa), Rogério Garcia (ICMBio/CEPTA), Luciano Montag (UFPA), Márcio Joaquim da Silva (UFPA), Werther Ramalho (Instituto Boitatá), Anna Carolina Lins (WWF-Brasil), João Marins (NGI ICMBio Trombetas), Francisco Severo Neto (UFMS), Luisa Maria Sarmento Soares (Nossos Riachos) | K14: Caatinga (Guanambi), Pampas, Cerrado (Goiás), Tocantins, Mata Atlântica (RJ, RS e SC), Pará | L14: Amazônia | N14: Capacitação e EA | R14: x | U14: (1) Segue atendido pelas mesmas atividades do item 1.1, com a mesma necessidade de expansão para outros estados e estímulo a publicação científica do que já está em andamento para que sirva de base teórica e prática para outros multiplicadores; (2) Instituto Peixes da Caatinga está produzindo uma história em formato de cordel; (3) DNIT: Cartilha Peixes dos Pampas (boletim sobre boas práticas; artigo dos filhos dos produtores rurais) e (4) Instituto Boitatá tem projeto em execução nos estados de GO e MG com recurso do CRBio 04 (edital PAPE); (5) Publicado no Boletim Informativo do IBAMA (Edição 55 - Setembro/Outubro 2024) com a matéria "Alinhando Programas de Comunicação e PANs", por Mozart Lauxen e Cristiano Souza, para que empreendimentos que estejam sendo implantados em locais onde hajam espécies de PANs e PATS, tenham suas gestões ambientais em sinergia com os objetivos dos planos. Existe verba para elaboração de 1 cartilha para produtores rurais no ambito do PAT Campanha Sul Serra do Sudeste/RS (Gustavo Arruda). | V14: 03 programas socioambientais ativos que tem os peixes-anuais como um dos focos no Rio Grande do Sul - 01 de projeto de conservação e 02 via gestão ambiental pública. Boletim Informativo do IBAMA (Edição 55 - Setembro/Outubro 2024) com a matéria "Alinhando Programas de Comunicação e PANs", por Mozart Lauxen e Cristiano Souza. | W14: Ações ainda são bastante restritas regionalmente. É necessário estimular a replicação dos bons exemplos. | X14: Gustavo Arruda (Rastro Ecologia Criativa) | Y14: Ampliar a divulgação das iniciativas em execução. Abordar essa temática no Plano de Comunicação.
B15: 1.5 | C15: Capacitar multiplicadores com foco nos peixes rivulídeos ameaçados e seus ambientes. | D15: Cursos e oficinas realizados. Plataforma on-line atualizada periodicamente (AVA ICMBio, Youtube). | E15: Curso dentro da plataforma EAD; Ciência do maior número de instituiçoes públicas sobre a problemática dos rivulídeos, possibilitando assim uma maior proteção dos seus ambientes. | F15: 44774 | G15: 46569 | H15: Rogerio Garcia (ICMBio/CEPTA) | I15: 500000 | J15: Fábio Origuela (Meandros), Paulo Gama (SMAC-RJ), Gustavo Arruda (Rastro - Ecologia Criativa), Helder Espirito Santo (UFPA), Telton Ramos (UFPB/Instituto Peixes da Caatinga), Luciano Montag (UFPA), Márcio Joaquim da Silva (UFPA), Rogério Garcia (ICMBIO/CEPTA), Adriana Castilho (CESTESB), Werther Ramalho (Instituto Boitatá), Leonardo Urruth (UFRJ), Edgar Pereira (IBAMA/Sede), Daniel Raices (ICMBIO/COESP), Luisa Maria Sarmento Soares (Nossos Riachos) | K15: RS, RJ, MG, BA, PA (prioritários). Outros: CE, BSB, GO, MT. RS, RJ, MG, BA (PRIORITÁRIOS). Outros: CE, PA, BSB, GO, MT | M15: (1) Capacitar agentes ambientais licenciadores das OEMAS quanto a ocorrência dos rivulídeos. (2) Considerar o Pará como prioritário em virtude da expansão mineral. (3) Curso EAD (sugestão: AVA ICMBio). (4) Considerar as informações do manual que vai ser elaborado no objetivo 3. (5) Apresentar um Plano de Redução de Impacto para órgãos licenciadores federais, estaduais e municipais (sugestão: O Plano deve apresentar as diversas tipologias de empreendimentos que afetem rivulídeos e formas de mitigar os impactos). (6) Incluir o combate à captura ilegal e o tráfico de ovos de peixes rivulídeos. | N15: Capacitação e EA | Q15: x | U15: Está com problema de execução. Reunião com servidora da ACADEBio para inserir a capacitação dentro da plataforma AVA ICMBio, porém a plataforma se encontra no momento inoperante por problemas técnico e não há servidores suficientes para iniciarem novos cursos. Existe um plano anual de desenvolvimento de pessoas (PDP) no ICMBio e é necessário a inclusão da demanda no PDP. | W15: A plataforma AVA ICMBio encontra-se inoperante e não há servidores suficientes para iniciarem novos cursos. | X15: Rogério Garcia (ICMBio/CEPTA) | Y15: Foi sugerido contato com a ENAP, para prosseguir o andamento da ação. Além disso, foi sugerido incluir as iniciativas, publicações, vídeos no site do PAN Rivulídeos e/ou no canal do Youtube do CEPTA, para não depender de outras fontes. Usar como referência o curso com foco em espécies ameaçadas de extinção desenvolvido pelo INEMA/BA (Programa de Educação Ambiental). | Z15: Capacitar multiplicadores de órgãos públicos com foco nos peixes rivulídeos ameaçados e seus ambientes.
B16: 1.6 | C16: Identificar e propor mecanismos de financiamento para ações do PAN. | D16: Projetos submetidos a agentes financiadores | E16: Ações do PAN financiadas | F16: 44774 | G16: 46569 | H16: Izabel Boock (ICMBio/CEPTA) | I16: 0 | J16: Anna Carolina Lins (CONFIRMAR SE STÁ NO ICMBIO - WWF-Brasil), Gustavo Arruda (Rastro - Ecologia Criativa), Márcio Joaquim da Silva (UFPA), Werther Ramalho (Instituto Boitatá), Francisco Severo Neto (UFMS), Matheus Volcan (Instituto Pró-Pampa), Denise Rambaldi (INEA/RJ) , Gustavo Fonseca (Rastro - Ecologia Criativa) | M16: (1) O MMA elaborou uma cartilha “fontes de financiamento para educação ambiental”. (2) Buscar recursos para execução de ações do PAN: projeto/financiamento coletivo (consultar os resultados da consultoria para tratar da sustentabilidade financeira dos PANs - Pro-espécies). | N16: Financiamento | R16: x | U16: Verificar período de 07 de novembro DE 2024 até setembro/2025. Projeto submetido ao PAT Planalto Sul e aprovado; Projeto submetido ao Programa de conversão de multas do Ibama; Projeto das Enchentes do RS aprovado; Projeto submetido e financiado pela FAPEG e CNPQ - PELD EBMN(renovado em 2025); Projeto aprovado PIBIC micronúcleo de Rivulidae IF Goiano; Bolsa de doutorado da Silvana Barbosa, Pós Doc Telton Ramos; Bolsa FAPESPA (aluna de Márcio Silva); Projeto IC FAPESP (Pedro Rizatto); Projeto que busca espécies de rivulídeos CR PEX aprovado pelo Instituto Boitatá; expedição financiada GEF Pró-Espécies (MG e GO) | V16: listagem de projetos aprovados (documento em elaboração) | X16: GAT PAN Rivulídeos | Y16: Aproximação com Ministérios Públicos para utilização de recursos de TAC.
B17: 1.7 | C17: Subsidiar o desenvolvimento de iniciativas de educação ambiental para a conservação dos peixes rivulídeos ameaçados de extinção e seus ambientes. | D17: (1) Lista de instituições de ensino e pesquisa situadas em municípios que possuem espécies de rivulídeos registradas; (2) Material informativo e educativo produzido pelo PAN distribuídos para as instituições mapeadas; (3) Palestras em municípios considerados importantes para conservação dos rivulídeos (10 ações); (4) Animação que elucide para crianças e adolescentes a importância da conservação das espécies de peixes rivulídeos (dependente de captação de recursos financeiros) | E17: Tema peixes rivulídeos ameaçados de extinção incluídos nas políticas de educação ambiental | F17: 44774 | G17: 46569 | H17: Gustavo Arruda (Rastro - Ecologia Criativa) | I17: 100000 | J17: Helder Espírito Santo (UFPA), José Leonardo Mattos (UFRJ), Paulo Gama (SEMAC-RJ), Fabio Origuela (Meandros), Luciano Montag (UFPA), Márcio Joaquim da Silva (UFPA), Rogério Garcia (ICMBIO/CEPTA), Gustavo Fonseca (Rastro - Ecologia Criativa), Werther Ramalho (Instituto Boitatá), Luis Esteban Lanés (Instituto Pró-Pampa), Francisco Severo Neto (UFMS), João Rafael Marins (NGI ICMBio Trombetas), Humberto Espírito Santo de Mello (FZB-BH), Oscar Barroso Junior (Instituto Natureza do Tocantins), Luisa Maria Sarmento Soares (Nossos Riachos), Carlos Luz (Universidade Cidade de São Paulo) | L17: Mata Atlântica, Pampa | M17: (1) Através de dados secundários, identificar escolas, universidades e secretarias de educação municipais e estaduais situadas em municípios que possuem espécies de rivulídeos registradas; (2) Distribuir o material informativo e educativo que já está sendo produzido pelo PAN para as instituições de ensino mapeadas; (3) Promover uma vez ao ano, de forma itinerante, palestras em cidades consideradas importantes para conservação dos rivulídeos - totalizando 10 ações; (4) Produzir uma animação com 3min. de duração que elucide para crianças e adolescentes a importância da conservação das espécies de peixes rivulídeos; (5) Integrar o produto com a ação do guia (1.8). (6) Material para escolas e outros públicos. (7) O custo estimado inclui uma consultoria para identificar e mapear as instituições, além do financiamento das palestras educativas (R$ 5.000,00 por palestra educativa, portanto R$ 50.000 ao todo). Uma animação 2D custa em média de R$ 2.000,00 a R$3.000,00 reais o minuto. | N17: Capacitação e EA | R17: x | U17: Ações estão sendo desenvolvidas nas comunidades, com produção de material e músicas. Animação ainda não foi iniciada. Cartilha sobre rivulídeos foi publicada. | V17: Diversos (2 músicas, vídeos, matérias jornalísticas, documentários, inserção em eventos, cartilha, cards, exposições itinerantes, etc.) | W17: Ações ainda são bastante restritas regionalmente. É necessário estimular a replicação dos bons exemplos. | X17: Gustavo Arruda (Rastro Ecologia Criativa) | Y17: Segue atendido pelas mesmas atividades do item 1.4, com a mesma necessidade de expansão para outros estados e estímulo a publicação científica do que já está em andamento para que sirva de base teórica e prática para outros multiplicadores. Tentar divulgar ações em Bom Jesus da Lapa/BA (Feira Literária de Bom Jesus da Lapa - FLILAPA). Recomenda-se que o CEPTA ICMBio crie uma biblioteca virtual para centralizar todos os materiais produzidos, incluindo os parceiros.
B18: 1.8 | C18: Ação excluída na Monitoria Anual 1. | M18: Ação excluída por estar contemplada nas ações 1.6 e 4.3
B19: 1.9 | C19: Propor ao ICMBIO a realização de um seminário nacional dos Planos de Ação Nacional para a conservação de espécies ameaçadas – Lições aprendidas, experiências partilhadas. (AÇÃO CONCLUÍDA NA 1 MONITORIA). | D19: Proposta encaminhada | E19: Seminário realizado | F19: 44774 | G19: 45109 | H19: Izabel Boock (ICMBio/CEPTA) | I19: 0 | J19: Carla Polaz (ICMBIO/CEPTA), Luciana Crema, Claudio Fabi (ICMBIO/CEPTA), Sara Brito Alves (INEMA-BA), Márcio Joaquim da Silva (UFPA), Oscar Barroso Junior (Instituto Natureza do Tocantins), Adriana Castilho (CETESB), Luciano Montag (UFPA), Telton Ramos (UFPB/Instituto Peixes da Caatinga), Rogério Garcia (ICMBIO/CEPTA), Gustavo Arruda (Rastro - Ecologia Criativa), Anna Carolina Lins (WWF-Brasil), Joana Mendes Ferraz (COPAN/ICMBio), Marcelo Raseira (ICMBio/CEPAM) | K19: Brasília/DF | N19: Capacitação e EA | S19: x
B20: 1.10 | C20: Integração entre PAN Rivulídeos, Planos de Ação Territoriais e outros PANs do ICMBio, em áreas de ocorrência de peixes rivulídeos | D20: Parcerias entre PATs e PANs (ex. PAN Lagoas do Sul) estabelecidas, relatórios de atividades compartilhados | E20: Integração e otimização das ações similares do PAN Rivulídeos, outros PANs e PATs | F20: 45597 | G20: 46569 | H20: Izabel Boock (ICMBio/CEPTA) | I20: 0 | J20: Werther Ramalho (Insituto Boitatá), Gustavo Arruda (Rastro Ecologia Criativa), Luis Esteban Lanés (Instituto Pró-Pampa), Matheus Volcan (Instituto Pró-Pampa), Luisa Sarmento-Soares (Instituto Nossos Riachos) | L20: Nacional | M20: PAN Lagoas do Sul, PATs, PAN Iguaçu (Austrolebias araucarianus). Fazer levantamento das localidades. | N20: Ordenamento e gestão territorial | R20: x | U20: Ação está em andamento. Articulação e aproximação com PAN Lagoas do Sul (2° ciclo). Maior integração com PAT Campanha Sul e Serra do Sudeste (RS) e PAT Veredas Goyas-Geraes (GO e MG). Integração com PAT Xingú (PA) para realização de expedição em 2023. Início de diálogo com PAT Planalto Sul (RS e SC). Integração com PAN Iguaçu (dois rivulídeos beneficiados), para viabilização de expedição na bacia do rio Iguaçu. | V20: Relatórios de expedições | X20: GAT PAN Rivulídeos | AJ20: PAN Lagoas do Sul, PATs, PAN Iguaçu (Garcialebias araucarianus). Fazer levantamento das localidades.
A21: 2- COMPATIBILIZAÇÃO DAS PRÁTICAS AGROPECUÁRIAS COM A CONSERVAÇÃO DOS PEIXES RIVULÍDEOS AMEAÇADOS DE EXTINÇÃO E SEUS AMBIENTES | B21: 2.1 | C21: Prospectar possíveis parceiros em propriedades rurais que adotem boas práticas agropecuárias. | D21: Lista das unidades de produção, mapas das populações de peixes rivulídeos, relatório de avaliação sobre a presença de rivulídeos e uso da área, mapa de densidade das espécies de rivulídeos | E21: Identificar possíveis produtores parceiros em áreas privadas para proteção dos rivulídeos | F21: 44774 | G21: 46569 | H21: Luis Esteban Lanés (Instituto Pró-Pampa) | I21: 500000 | J21: André Luiz de Oliveira (IRGA), Tiago Henrique de Aquino (SEMA-GO), João Rafael Marins (NGI ICMBio Trombetas), Sara Brito Alves (INEMA-BA), Oscar Barroso Junior (Instituto Natureza do Tocantins), Luciano Montag (UFPA), Márcio Joaquim da Silva (UFPA), Werther Ramalho (Instituto Boitatá), Claudia Leite (SEAS-RJ), Matheus Volcan (Instituto Pró-Pampa), Abílio Vinícius (WWF-Brasil), Kolbe Santos (WWF-Brasil) | K21: Pampa, Goiás, DF, Minas, Rio de Janeiro, Bahia, Tocantins, Pará | M21: (1) Entrar em contato com os estados com ocorrência de rivulídeos para expansão da ação. (2) Elaborar um protocolo de metodologia para prospecção e monitoramento dessas áreas.(3) Apesar do RJ ter sido listado como área prioritária, deve-se levar em conta que a maior parte das áreas de ocorrência são urbanas. | N21: Uso Sustentável | R21: x | U21: Ação em andamento. Foram realizados alguns avanços a partir de contatos com produtores por meio do desenvolvimento de projetos da (1) Pampiana Consultoria Ambiental, realizados no bioma Pampa (carta-convite Pró-Espécies e fundo de Reposição Florestal Obrigatória- RFO através do PAT Campanha Sul e Serra do Sudeste/Sema-RS- PATCSSS) pelos pesquisadores Dr. Luis Esteban Krause Lanés e Dr. Matheus Volcan; (2) na Caatinga por projetos do Peixes da Caatinga (Dr. Telton Ramos) e do CEPTA, (3) na Amazônia (prof. Dr. Márcio J. Silva) e (4) no Cerrado pela equipe do CEPTA (Dra. Maria Rita Barreto). Os contatos vem sendo planilhados com informações para identificação básica como o nome do proprietário/parceiro, espécie beneficiada, município/Estado, coordenadas geográficas e número de telefone/whattsapp. Particularmente no Pampa, os produtores listados que possuem charcos com ocorrência confirmada em suas propriedades se mostraram de certa forma sensibilizados com a temática dos peixes-anuais. Após encontro com os proprietários durante atividades de amostragem foi realizada uma contextualização sobre os rivulídeos, suas peculiaridades e principais ameaças e foi distribuído o sumário executivo do PATCSSS. Foi obtido o contato telefônico e whattsapp destes produtores e foram enviados materiais digitais como o pdf do sumário executivo do PAN Rivulídeos, materiais online, vídeos e imagens das espécies. Recentemente foi realizado um Diagnóstico Rápido Participativo Territorial (DRPT), desenvolvido pela Pampiana, o qual foi direcionado especificamente para os peixes-anuais numa comunidade que abrange as localidades-tipo e áreas de distribuição de Matilebias camaquensis e Garcialebias bagual. Está prevista a realização de outros DRPT e ações de educomunicação na área de ocorrência de outra dezena de espécies de peixes-anuais do território do PATCSSS em 2026, portanto, esperamos aumentar significativamente a lista de proprietários, subsidiando a entrega dos produtos vinculados à ação. | V21: Produto intermediário: Planilha com informações sobre produtores rurais | W21: Falta de uma articulação mais constante e de um projeto específico para prospecção e sensibilização de proprietários para execução plena da ação. Esta ação é bastante ousada e sensível, demanda esforço e requer a colaboração e interação de distintos e diversos atores. Além disso, devido à representatividade do grupo taxonômico, são necessárias metodologias mais eficazes de busca/contato dos proprietários e estratégias de cruzamento de dados (dados de processos de licenciamento ambiental, site do Registro de Imóveis e Acervo Fundiário do Incra (www.gov.br), bem como dados do Cadastro Ambiental Rural para identificação efetiva dos proprietários que abrigam populações de espécies de rivulídeos. | X21: Luis Esteban Lanés (Instituto Pró-Pampa) | Y21: Elaboração e desenvolvimento de um projeto específico de prospecção, comunicação e sensibilização de proprietários que abriguem populações de peixes rivulídeos. Também são necessárias metodologias mais eficazes de busca/contato dos proprietários e estratégias de cruzamento de dados (dados de processos de licenciamento ambiental, site do Registro de Imóveis (Registradores.onr.org.br) para imóveis urbanos Acervo Fundiário do Incra (www.gov.br) para imóveis rurais, e dados do Cadastro Ambiental Rural que abrigam populações das espécies de rivulídeos. Outra sugestão é a utilização das áreas de ocorrência de peixes-anuais na indicação de Reserva Legal no Cadastro Ambiental Rural (CAR) como instrumento de regularização ambiental de propriedades rurais. A Reserva Legal (RL) é uma área de vegetação nativa obrigatória dentro de propriedades rurais no Brasil, destinada à conservação da biodiversidade e ao uso sustentável dos recursos naturais. Seu percentual varia conforme a localização da propriedade e o tipo de bioma. De maneira geral percebe-se que os proprietários que se sensibilizam pela temática dos peixes rivulídeos possuem pequenas propriedades e praticam agricultura/agropecuária familiar. Um dos maiores desafios para garantir a conservação dos biótopos nas propriedades maiores, relacionadas à produção e cultivo de commodities (por exemplo soja e milho transgênicos) é o temor de que a ocorrência das espécies inviabilize ou resulte na perda de áreas de cultivo. Além disso a simples presença de quaisquer agentes relacionados ao meio ambiente (órgãos licenciadores, fiscalizadores, pesquisadores) geralmente tende a causar temor e repulsa nestes produtores. A falta de informações básicas sobre a importância e serviços ecossistêmicos e oportunidades representadas pela temática dos peixes-anuais, bem como a ausência de um sistema de estímulo/recompensa/pagamento por serviços ambientais são mencionados como fatores que dificultam a proteção dos biótopos. Neste sentido, recentemente, a Pampiana Consultoria Ambiental LTDA elaborou um documento contendo uma proposta técnica sobre alternativas de incentivo à conservação de áreas de ocorrência de peixes-anuais como um dos produtos do projeto Ecologia e conservação dos peixes-anuais endêmicos e ameaçados no Pampa do brasil (Carta-Convite Pró-Espécies CON 002894-21).
B22: 2.2 | C22: Realizar levantamento de populações de rivulídeos em unidades de produção no entorno do Parque Estadual do Camaquã e em seu interior, visando a identificação de áreas potenciais para criação de reserva legal e/ou a criação de RPPN. | D22: Mapa e relatório técnico do registro de ocorrência das espécies, com identificação de áreas para constituição de reserva legal | E22: Aumento de RL no entorno do Parque, RL como ambientes remanescentes de vegetação original | F22: 44774 | G22: 45992 | H22: Leonardo Urruth (SEMA-RS) | I22: 30000 | J22: Luis Esteban Lanés (Instituto Pró-Pampa), André Luiz de Oliveira (IRGA), Marco Aurélio Azevedo (SEMA-RS) | K22: Entorno do Parque Estadual do Camaquã/RS | M22: (1) A ação pretende dar subsídios para localização de áreas de reserva legal como instrumento de conservação de rivulídeos nas unidades de produção, cumprindo o papel de zona de amortecimento em torno do Parque. (2) Esta ação pode ser replicada para os Estados do Rio de Janeiro e Bahia (Guanambi) e em outros objetivos específicos. (3) Levantar as ameaças potenciais que justifique a ampliação da UC. (4) Vincular este mapeamento às ações de capacitação e selo (ação 2.3). | N22: Pesquisa | R22: x | U22: Ação em andamento. Expedição de campo será realizada em outubro de 2025. | X22: Luis Esteban Lanés (Instituto Pró-Pampa)
B23: 2.3 | C23: Desenvolver diretrizes/critérios para pagamento por serviços ambientais aos produtores rurais que adotem práticas de conservação dos peixes rivulídeos | D23: Documento com diretrizes/critérios para pagamento por serviços ambientais aos produtores rurais que adotem práticas de conservação dos peixes rivulídeos | E23: Certificados firmados com produtores rurais | F23: 44774 | G23: 46569 | H23: Matheus Volcan (Instituto Pró-Pampa) | I23: 100000 | J23: Luis Esteban Lanés (Instituto Pró-Pampa), Alany Gonçalves (INPA), Gabriel Cotrim (UNIFG), Telton Ramos (UFPB/Instituto Peixes da Caatinga), Deise Delfino (SEAS/RJ) | K23: Locais identificados na ação 2.1 | L23: Nacional | M23: Pensar em zonas de amortecimento de locais de ocorrência dos rivulídeos | N23: Financiamento | P23: x | U23: Ação não iniciada. | W23: Falta de articulação da equipe | X23: GAT PAN Rivulídeos | Y23: Pesquisar sobre Crédito por biodiversidade (semelhante ao crédito de carbono) - conversar com Hugo Fernandes (UECE) e com Leonardo Urruth SEMA-RS)
B24: 2.4 | C24: Propor, aos órgãos estaduais de meio ambiente, a ocorrência de peixes rivulídeos ameaçados de extinção como critério para seleção de áreas de Reserva Legal (RL) e Áreas de Proteção Permanente (APP) no âmbito do CAR. | D24: (1) Documento com recomendação enviado a todos os órgãos estaduais e municipais de meio ambiente; (2) convite enviado a ABEMA para apoio a articulação com os Estados; (3) reuniões técnicas com OEMAS | E24: Áreas de ocorrência de rivulídeos ameaçados de extinção demarcadas como Áreas de Proteção Permanente (APP) e Reservas Legais (RL) | F24: 44774 | G24: junho/2026 | H24: Izabel Boock (ICMBio/CEPTA) | I24: 50000 | J24: Telton Ramos (UFPB/Instituto Peixes da Caatinga), Márcio Joaquim da Silva (UFPA), Denise Rambaldi (INEA/RJ), Sara Alves (INEMA/BA), Leonardo Urruth (SEMA/RS) | K24: Nacionalmente | M24: ICMBio e seus Centros – COPAN reunir com a ABEMA e ANAMA para inclusão das espécies ameaçadas no âmbito do CAR (a conversa já está sendo iniciada pelo projeto Pró-espécies). Documento de sensibilização e biologia dos rivulídeos (serão gerados em outras ações). | N24: Ordenamento e gestão territorial | Q24: x | U24: Ação não teve novos andamentos. | W24: Não houve novos desdobramentos da ação. | X24: Izabel Boock (ICMBio/CEPTA)
B25: 2.5 | C25: Propor a inclusão de áreas de ocorrência de espécies de peixes rivulídeos ameaçados de extinção como importantes para serem contempladas em instrumentos de compensação ambiental (conversão de multas, supressão de habitats, Termo de Ajustamento de Conduta, transação penal, entre outros). | D25: Diagnóstico do status legal dos instrumentos de compensação e uma proposta básica de inclusão dos peixes no processo de compensação | E25: (1) inserção efetiva do proprietário na conservação; (2) recursos de compensação ambiental alocados para conservação de biótopos marginais de rodovias | F25: 44774 | G25: 46569 | H25: Leonardo Urruth (SEMA-RS) | I25: 0 | J25: Marco Aurélio Azevedo (SEMA-RS), Denise Rambaldi (INEA/RJ), ABEMA e ANAMA, Mozart Lauxen (IBAMA), Adriana Castilho (CETESB), Simone Mannheimer (MPRJ) | K25: Mata Atlântica, Pampa (está começando no RS) | L25: Pampa | M25: Esta ação pode acompanhar a execução da ação 1.4. Existe uma IN SEMA 01/2018 no RS que deu a oportunidade de a compensação ser direcionada a compra e manutenção de área e não só a compra de mudas e está direcionada a Mata Atlântica e Pampa. | N25: Financiamento | R25: x | U25: Em andamento. Foi elaborado, no âmbito do GEF Pró-Espécies, um documento sobre os serviços ambientais (12/2024). | V25: Produto intermediário: Relatório da Consultoria Pampiana para o RS (processo SEI/ICMBio 02031.000108/2021-01) | X25: GAT PAN Rivulídeos | Y25: Usar documento do RS como referência para inclusão em outros estados
